Workbook

Sheet Pop & Exp
A1: Wick, Littlehampton
A3: Table 1a: Population and Expenditure within Study Area
B5: Zone
B6: 1 | C6: 2 | D6: 3 | E6: 4 | F6: 5 | G6: Total
A8: Convenience Goods
A10: Population
A11: 2025 | B11: 19959 | C11: 14570 | D11: 45120 | E11: 16756 | F11: 21611 | G11: =SUM(B11:F11) -> 118016
A12: 2030 | B12: 20826 | C12: 15177 | D12: 46301 | E12: 17239 | F12: 22491 | G12: =SUM(B12:F12) -> 122034
A14: Expenditure per Capita (£)
A15: 2023 | B15: =2799*0.95 -> 2659.05 | C15: =2952*0.95 -> 2804.4 | D15: =3197*0.95 -> 3037.15 | E15: =3204*0.95 -> 3043.8 | F15: =3111*0.95 -> 2955.45 | G15: -
A16: 2025 | B16: =(B15*0.981*0.991) -> 2585.0513 | C16: =(C15*0.981*0.991) -> 2726.3564 | D16: =(D15*0.981*0.991) -> 2952.6292 | E16: =(E15*0.981*0.991) -> 2959.0941 | F16: =(F15*0.981*0.991) -> 2873.2028 | G16: -
A17: 2030 | B17: =(B16*0.993*0.994*0.996*0.996*0.996) -> 2521.0579 | C17: =(C16*0.993*0.994*0.996*0.996*0.996) -> 2658.8649 | D17: =(D16*0.993*0.994*0.996*0.996*0.996) -> 2879.5363 | E17: =(E16*0.993*0.994*0.996*0.996*0.996) -> 2885.8412 | F17: =(F16*0.993*0.994*0.996*0.996*0.996) -> 2802.0761 | G17: -
A19: Expenditure (£m)
A20: 2025 | B20: =B11*B16/10^6 -> 51.595039 | C20: =C11*C16/10^6 -> 39.723012 | D20: =D11*D16/10^6 -> 133.22263 | E20: =E11*E16/10^6 -> 49.582581 | F20: =F11*F16/10^6 -> 62.092785 | G20: =SUM(B20:F20) -> 336.21604
A21: 2030 | B21: =B12*B17/10^6 -> 52.503551 | C21: =C12*C17/10^6 -> 40.353592 | D21: =D12*D17/10^6 -> 133.32541 | E21: =E12*E17/10^6 -> 49.749016 | F21: =F12*F17/10^6 -> 63.021494 | G21: =SUM(B21:F21) -> 338.95306
A23: Comparison Goods
A25: Population
A26: 2025 | B26: =B11 -> 19959 | C26: =C11 -> 14570 | D26: =D11 -> 45120 | E26: =E11 -> 16756 | F26: =F11 -> 21611 | G26: =SUM(B26:F26) -> 118016
A27: 2030 | B27: =B12 -> 20826 | C27: =C12 -> 15177 | D27: =D12 -> 46301 | E27: =E12 -> 17239 | F27: =F12 -> 22491 | G27: =SUM(B27:F27) -> 122034
A29: Expenditure per Capita (£)
A30: 2023 | B30: =3750*0.769 -> 2883.75 | C30: =3883*0.769 -> 2986.027 | D30: =4327*0.769 -> 3327.463 | E30: =4677*0.769 -> 3596.613 | F30: =4403*0.769 -> 3385.907 | G30: -
A31: 2025 | B31: =(B30*0.983*0.996) -> 2823.3873 | C31: =(C30*0.983*0.996) -> 2923.5235 | D31: =(D30*0.983*0.996) -> 3257.8125 | E31: =(E30*0.983*0.996) -> 3521.3287 | F31: =(F30*0.983*0.996) -> 3315.0332 | G31: -
A32: 2030 | B32: =(B31*1.009*1.013*1.02*1.022*1.022) -> 3074.4897 | C32: =(C31*1.009*1.013*1.02*1.022*1.022) -> 3183.5316 | D32: =(D31*1.009*1.013*1.02*1.022*1.022) -> 3547.5512 | E32: =(E31*1.009*1.013*1.02*1.022*1.022) -> 3834.5035 | F32: =(F31*1.009*1.013*1.02*1.022*1.022) -> 3609.8608 | G32: -
A34: Expenditure (£m)
A35: 2025 | B35: =B26*B31/10^6 -> 56.351988 | C35: =C26*C31/10^6 -> 42.595737 | D35: =D26*D31/10^6 -> 146.9925 | E35: =E26*E31/10^6 -> 59.003384 | F35: =F26*F31/10^6 -> 71.641182 | G35: =SUM(B35:F35) -> 376.58479
A36: 2030 | B36: =B27*B32/10^6 -> 64.029322 | C36: =C27*C32/10^6 -> 48.316459 | D36: =D27*D32/10^6 -> 164.25517 | E36: =E27*E32/10^6 -> 66.103006 | F36: =F27*F32/10^6 -> 81.189379 | G36: =SUM(B36:F36) -> 423.89333
A39: Notes:
A40: 1. Population and expenditure data derived from Experian Location Analyst (March 2025) (2023 data)
A41: 2. Expenditure forecasts in in line with the latest figures published by Experian (Retail Planner Briefing Note 22, March 2025) (Figure 7, Appendix 3) ('Adjusted for SFT sales from stores')
A42: 3. Allows for Special Forms of Trading in 2023 in line with the latest estimates published by Experian (Appendix 3) ('Adjusted for SFT sales from stores')
A43: 4. Expenditure = population x expenditure per capita
A44: 5. At 2023 prices
A46: Table 1b: Expenditure split by Category
B48: Zone
B49: 1 | C49: 2 | D49: 3 | E49: 4 | F49: 5
A51: Convenience Goods
A53: Expenditure per Capita (£) (2025 excluding SFT) | B53: =SUM(B56:B61) -> 2585.0513 | C53: =SUM(C56:C61) -> 2726.3564 | D53: =SUM(D56:D61) -> 2952.6292 | E53: =SUM(E56:E61) -> 2959.0941 | F53: =SUM(F56:F61) -> 2873.2028
H54: Principal | I54: 0.8
A55: Main Food Shopping | H55: Other | I55: 0.2
A56: Principal | B56: =(B16*0.774)*I54 -> 1600.6638 | C56: =(C16*0.809)*I54 -> 1764.4978 | D56: =(D16*0.779)*I54 -> 1840.0785 | E56: =(E16*0.836)*I54 -> 1979.0421 | F56: =(F16*0.81)*I54 -> 1861.8354
A57: Other | B57: =(B16*0.774)*I55 -> 400.16594 | C57: =(C16*0.809)*I55 -> 441.12446 | D57: =(D16*0.779)*I55 -> 460.01962 | E57: =(E16*0.836)*I55 -> 494.76053 | F57: =(F16*0.81)*I55 -> 465.45885
A59: Top-up Food Shopping
A60: Principal | B60: =(B16*0.226)*I54 -> 467.37727 | C60: =(C16*0.191)*I54 -> 416.58725 | D60: =(D16*0.221)*I54 -> 522.02483 | E60: =(E16*0.164)*I54 -> 388.23314 | F60: =(F16*0.19)*I54 -> 436.72682
A61: Other | B61: =(B16*0.226)*I55 -> 116.84432 | C61: =(C16*0.191)*I55 -> 104.14681 | D61: =(D16*0.221)*I55 -> 130.50621 | E61: =(E16*0.164)*I55 -> 97.058286 | F61: =(F16*0.19)*I55 -> 109.18171
A63: Expenditure (£m) | B63: =SUM(B66:B71) -> 51.595039 | C63: =SUM(C66:C71) -> 39.723012 | D63: =SUM(D66:D71) -> 133.22263 | E63: =SUM(E66:E71) -> 49.582581 | F63: =SUM(F66:F71) -> 62.092785
A65: Main Food Shopping
A66: Principal | B66: =(B56*B$11)/10^6 -> 31.947648 | C66: =(C56*C$11)/10^6 -> 25.708733 | D66: =(D56*D$11)/10^6 -> 83.024341 | E66: =(E56*E$11)/10^6 -> 33.16083 | F66: =(F56*F$11)/10^6 -> 40.236125
A67: Other | B67: =(B57*B$11)/10^6 -> 7.986912 | C67: =(C57*C$11)/10^6 -> 6.4271834 | D67: =(D57*D$11)/10^6 -> 20.756085 | E67: =(E57*E$11)/10^6 -> 8.2902075 | F67: =(F57*F$11)/10^6 -> 10.059031
A69: Top-up Food Shopping
A70: Principal | B70: =(B60*B$11)/10^6 -> 9.328383 | C70: =(C60*C$11)/10^6 -> 6.0696762 | D70: =(D60*D$11)/10^6 -> 23.553761 | E70: =(E60*E$11)/10^6 -> 6.5052346 | F70: =(F60*F$11)/10^6 -> 9.4381034
A71: Other | B71: =(B61*B$11)/10^6 -> 2.3320958 | C71: =(C61*C$11)/10^6 -> 1.5174191 | D71: =(D61*D$11)/10^6 -> 5.8884401 | E71: =(E61*E$11)/10^6 -> 1.6263086 | F71: =(F61*F$11)/10^6 -> 2.3595258
A73: Comparison Goods
A75: Expenditure per Capita (£) (2023 including SFT) | B75: =B77+B84+B90+B95+B99+B105+B109+B114+B81 -> 2884.519 | C75: =C77+C84+C90+C95+C99+C105+C109+C114+C81 -> 2986.796 | D75: =D77+D84+D90+D95+D99+D105+D109+D114+D81 -> 3327.463 | E75: =E77+E84+E90+E95+E99+E105+E109+E114+E81 -> 3595.075 | F75: =F77+F84+F90+F95+F99+F105+F109+F114+F81 -> 3386.676
A77: Clothing, footwear and fashion goods | B77: =SUM(B78:B80)*0.769 -> 807.45 | C77: =SUM(C78:C80)*0.769 -> 815.14 | D77: =SUM(D78:D80)*0.769 -> 837.441 | E77: =SUM(E78:E80)*0.769 -> 925.107 | F77: =SUM(F78:F80)*0.769 -> 860.511
A78: Clothing materials and garments | B78: 750 | C78: 740 | D78: 779 | E78: 855 | F78: 784
A79: Shoes and other footwear | B79: 171 | C79: 181 | D79: 184 | E79: 185 | F79: 170
A80: Jewellery, clocks and watches | B80: 129 | C80: 139 | D80: 126 | E80: 163 | F80: 165
A81: Furniture | B81: =B82*0.769 -> 285.299 | C81: =C82*0.769 -> 282.992 | D81: =D82*0.769 -> 376.041 | E81: =E82*0.769 -> 395.266 | F81: =F82*0.769 -> 359.892
A82: Furniture and furnishings; carpets and other floor coverings | B82: 371 | C82: 368 | D82: 489 | E82: 514 | F82: 468
A84: DIY and decorating goods | B84: =SUM(B85:B88)*0.769 -> 185.329 | C84: =SUM(C85:C88)*0.769 -> 216.858 | D84: =SUM(D85:D88)*0.769 -> 265.305 | E84: =SUM(E85:E88)*0.769 -> 275.302 | F84: =SUM(F85:F88)*0.769 -> 272.226
A85: Gardens, plants and flowers | B85: 71 | C85: 89 | D85: 115 | E85: 130 | F85: 132
A86: Small tools and miscellaneous accessories | B86: 128 | C86: 145 | D86: 174 | E86: 171 | F86: 166
A87: Major tools and equipment | B87: 17 | C87: 20 | D87: 26 | E87: 26 | F87: 24
A88: Materials for maintenance and report of dwelling | B88: 25 | C88: 28 | D88: 30 | E88: 31 | F88: 32
A90: Domestic appliances | B90: =SUM(B91:B93)*0.769 -> 226.855 | C90: =SUM(C91:C93)*0.769 -> 245.3879 | D90: =SUM(D91:D93)*0.769 -> 286.3756 | E90: =SUM(E91:E93)*0.769 -> 292.6814 | F90: =SUM(F91:F93)*0.769 -> 268.6117
A91: Major household appliances (electric or not) | B91: 138 | C91: 151 | D91: 197 | E91: 201 | F91: 183
A92: Non-durable household goods | B92: 10 | C92: 12 | D92: 13 | E92: 13 | F92: 13
A93: Appliances for personal care (35%) | B93: =420*0.35 -> 147 | C93: =446*0.35 -> 156.1 | D93: =464*0.35 -> 162.4 | E93: =476*0.35 -> 166.6 | F93: =438*0.35 -> 153.3
A95: TV, audio, photographic, mobile, etc. | B95: =SUM(B96:B97)*0.769 -> 243.773 | C95: =SUM(C96:C97)*0.769 -> 223.779 | D95: =SUM(D96:D97)*0.769 -> 237.621 | E95: =SUM(E96:E97)*0.769 -> 237.621 | F95: =SUM(F96:F97)*0.769 -> 227.624
A96: Audio-visual, photographic and information processing | B96: 297 | C96: 270 | D96: 284 | E96: 281 | F96: 270
A97: Small electrical household appliances | B97: 20 | C97: 21 | D97: 25 | E97: 28 | F97: 26
A99: Personal Care | B99: =SUM(B100:B103)*0.769 -> 388.345 | C99: =SUM(C100:C103)*0.769 -> 410.5691 | D99: =SUM(D100:D103)*0.769 -> 446.4814 | E99: =SUM(E100:E103)*0.769 -> 480.9326 | F99: =SUM(F100:F103)*0.769 -> 451.1723
A100: Appliances for personal care (65%) | B100: =420*0.65 -> 273 | C100: =446*0.65 -> 289.9 | D100: =464*0.65 -> 301.6 | E100: =476*0.65 -> 309.4 | F100: =438*0.65 -> 284.7
A101: Medical goods and other pharmaceutical products | B101: 131 | C101: 139 | D101: 153 | E101: 174 | F101: 159
A102: Other personal effects | B102: 51 | C102: 53 | D102: 60 | E102: 72 | F102: 75
A103: Therapeutic appliances and equipment | B103: 50 | C103: 52 | D103: 66 | E103: 70 | F103: 68
A105: Small Household Goods | B105: =SUM(B106:B107)*0.769 -> 149.186 | C105: =SUM(C106:C107)*0.769 -> 158.414 | D105: =SUM(D106:D107)*0.769 -> 182.253 | E105: =SUM(E106:E107)*0.769 -> 191.481 | F105: =SUM(F106:F107)*0.769 -> 165.335
A106: Glassware, tableware and household utensils | B106: 122 | C106: 121 | D106: 134 | E106: 151 | F106: 129
A107: Household textiles | B107: 72 | C107: 85 | D107: 103 | E107: 98 | F107: 86
A109: Toys, games and recreational goods | B109: =SUM(B110:B112)*0.769 -> 416.029 | C109: =SUM(C110:C112)*0.769 -> 439.868 | D109: =SUM(D110:D112)*0.769 -> 480.625 | E109: =SUM(E110:E112)*0.769 -> 572.136 | F109: =SUM(F110:F112)*0.769 -> 567.522
A110: Games toys and hobbies | B110: 342 | C110: 356 | D110: 386 | E110: 461 | F110: 452
A111: Bicycles | B111: 32 | C111: 33 | D111: 40 | E111: 47 | F111: 43
A112: Pets and related products | B112: 167 | C112: 183 | D112: 199 | E112: 236 | F112: 243
A114: Books, CDs | B114: =SUM(B115:B116)*0.769 -> 182.253 | C114: =SUM(C115:C116)*0.769 -> 193.788 | D114: =SUM(D115:D116)*0.769 -> 215.32 | E114: =SUM(E115:E116)*0.769 -> 224.548 | F114: =SUM(F115:F116)*0.769 -> 213.782
A115: Books and stationery | B115: 144 | C115: 167 | D115: 186 | E115: 201 | F115: 187
A116: Recording media | B116: 93 | C116: 85 | D116: 94 | E116: 91 | F116: 91
A118: Expenditure (£m) | B118: =B120+B121+B122+B123+B124+B125+B126+B127+B128 -> 57.572115 | C118: =SUM(C120:C128) -> 43.517618 | D118: =SUM(D120:D128) -> 150.13513 | E118: =SUM(E120:E128) -> 60.239077 | F118: =SUM(F120:F128) -> 73.189455
A120: Clothing, footwear and fashion goods | B120: =B77*B$26/10^6 -> 16.115895 | C120: =C77*C$26/10^6 -> 11.87659 | D120: =D77*D$26/10^6 -> 37.785338 | E120: =E77*E$26/10^6 -> 15.501093 | F120: =F77*F$26/10^6 -> 18.596503
A121: Furniture | B121: =B81*B$26/10^6 -> 5.6942827 | C121: =C81*C$26/10^6 -> 4.1231934 | D121: =D81*D$26/10^6 -> 16.96697 | E121: =E81*E$26/10^6 -> 6.6230771 | F121: =F81*F$26/10^6 -> 7.777626
A122: DIY and decorating goods | B122: =B84*B$26/10^6 -> 3.6989815 | C122: =C84*C$26/10^6 -> 3.1596211 | D122: =D84*D$26/10^6 -> 11.970562 | E122: =E84*E$26/10^6 -> 4.6129603 | F122: =F84*F$26/10^6 -> 5.8830761
A123: Domestic appliances | B123: =B90*B$26/10^6 -> 4.5277989 | C123: =C90*C$26/10^6 -> 3.5753017 | D123: =D90*D$26/10^6 -> 12.921267 | E123: =E90*E$26/10^6 -> 4.9041695 | F123: =F90*F$26/10^6 -> 5.8049674
A124: TV, audio, photographic, mobile, etc. | B124: =B95*B$26/10^6 -> 4.8654653 | C124: =C95*C$26/10^6 -> 3.26046 | D124: =D95*D$26/10^6 -> 10.72146 | E124: =E95*E$26/10^6 -> 3.9815775 | F124: =F95*F$26/10^6 -> 4.9191823
A125: Personal Care | B125: =B99*B$26/10^6 -> 7.7509779 | C125: =C99*C$26/10^6 -> 5.9819918 | D125: =D99*D$26/10^6 -> 20.145241 | E125: =E99*E$26/10^6 -> 8.0585066 | F125: =F99*F$26/10^6 -> 9.7502846
A126: Small Household Goods | B126: =B105*B$26/10^6 -> 2.9776034 | C126: =C105*C$26/10^6 -> 2.308092 | D126: =D105*D$26/10^6 -> 8.2232554 | E126: =E105*E$26/10^6 -> 3.2084556 | F126: =F105*F$26/10^6 -> 3.5730547
A127: Toys, games and recreational goods | B127: =B109*B$26/10^6 -> 8.3035228 | C127: =C109*C$26/10^6 -> 6.4088768 | D127: =D109*D$26/10^6 -> 21.6858 | E127: =E109*E$26/10^6 -> 9.5867108 | F127: =F109*F$26/10^6 -> 12.264718
A128: Books, CDs | B128: =B114*B$26/10^6 -> 3.6375876 | C128: =C114*C$26/10^6 -> 2.8234912 | D128: =D114*D$26/10^6 -> 9.7152384 | E128: =E114*E$26/10^6 -> 3.7625263 | F128: =F114*F$26/10^6 -> 4.6200428
A131: Table 1c: Expenditure split by Category (2029)
B133: Zone
B134: 1 | C134: 2 | D134: 3 | E134: 4 | F134: 5
A136: Convenience Goods
...

Sheet Survey Results
C1: Total | D1: Zone 1 | E1: Zone 2 | F1: Zone 3 | G1: Zone 4 | H1: Zone 5
A3: Q01 | B3: Where did you last undertake your main food and grocery shopping?
B5: Aldi, Barnfield Drive, Chichester, PO19 7AG | C5: 0.00393 | D5: 0 | E5: 0 | F5: 0 | G5: 0.00553 | H5: 0.01795
B6: Aldi, Carlton Terrace, Portslade, BN41 1XF | C6: 0 | D6: 0 | E6: 0 | F6: 0 | G6: 0 | H6: 0
B7: Aldi, Central Retail Park, Havant, PO9 1HH | C7: 0 | D7: 0 | E7: 0 | F7: 0 | G7: 0 | H7: 0
B8: Aldi, London Road, Brighton, BN1 4JA | C8: 0.02394 | D8: 0 | E8: 0 | F8: 0.06191 | G8: 0 | H8: 0
B9: Aldi, Manor Retail Park, Rustington, BN16 3FH | C9: 0.0395 | D9: 0.08057 | E9: 0.02105 | F9: 0.0512 | G9: 0.01107 | H9: 0.01027
B10: Aldi, Pavilion Retail Park, Lewes Road, Brighton, BN2 3QA | C10: 0.0123 | D10: 0 | E10: 0 | F10: 0.0318 | G10: 0 | H10: 0
B11: Aldi, Saltbox Road, Bognor Regis, PO22 9FP | C11: 0.01031 | D11: 0.00475 | E11: 0 | F11: 0 | G11: 0.01933 | H11: 0.03848
B12: Asda Express (Petrol Station), A27, Arundel Road, Chichester, PO18 0DU | C12: 0.02062 | D12: 0 | E12: 0 | F12: 0.0318 | G12: 0 | H12: 0.04761
B13: Asda Express (Petrol Station), Chichester Road, Bognor Regis, PO21 5DS | C13: 0 | D13: 0 | E13: 0 | F13: 0 | G13: 0 | H13: 0
B14: Asda Supermarket, South Street, Lancing, Brighton, BN15 8AG | C14: 0 | D14: 0 | E14: 0 | F14: 0 | G14: 0 | H14: 0
B15: Asda Superstore, Littlehampton Road, Ferring, BN12 6PN | C15: 0.04534 | D15: 0.02611 | E15: 0.05669 | F15: 0.07617 | G15: 0.03039 | H15: 0
B16: Co-op, Chichester Road, Bognor Regis, PO21 2XH | C16: 0.0161 | D16: 0 | E16: 0.03563 | F16: 0.03011 | G16: 0 | H16: 0
... B150: Worthing Market, Montague Street, Worthing, BN11 3BW | C150: 0 | D150: 0 | E150: 0 | F150: 0 | G150: 0 | H150: 0
B151: Total | C151: =SUM(C5:C150) -> 0.81622 | D151: =SUM(D5:D150) -> 0.83823 | E151: =SUM(E5:E150) -> 0.78001 | F151: =SUM(F5:F150) -> 0.80699 | G151: =SUM(G5:G150) -> 0.88672 | H151: =SUM(H5:H150) -> 0.78338
A153: Q10 | B153: Where did you undertake your main food shopping the time before last?
B155: Aldi, Barnfield Drive, Chichester, PO19 7AG | C155: 0.00314 | D155: 0 | E155: 0 | F155: 0 | G155: 0 | H155: 0.01795
B156: Aldi, Carlton Terrace, Portslade, BN41 1XF | C156: 0 | D156: 0 | E156: 0 | F156: 0 | G156: 0 | H156: 0
B157: Aldi, Central Retail Park, Havant, PO9 1HH | C157: 0 | D157: 0 | E157: 0 | F157: 0 | G157: 0 | H157: 0
B158: Aldi, London Road, Brighton, BN1 4JA | C158: 0.0123 | D158: 0 | E158: 0 | F158: 0.0318 | G158: 0 | H158: 0
B159: Aldi, Manor Retail Park, Rustington, BN16 3FH | C159: 0.04152 | D159: 0.08916 | E159: 0.0986 | F159: 0.02759 | G159: 0.01107 | H159: 0.01027
B160: Aldi, Pavilion Retail Park, Lewes Road, Brighton, BN2 3QA | C160: 0 | D160: 0 | E160: 0 | F160: 0 | G160: 0 | H160: 0
B161: Aldi, Saltbox Road, Bognor Regis, PO22 9FP | C161: 0.01047 | D161: 0.00475 | E161: 0.00842 | F161: 0 | G161: 0.01933 | H161: 0.03335
B162: Asda Express (Petrol Station), A27, Arundel Road, Chichester, PO18 0DU | C162: 0.00832 | D162: 0 | E162: 0 | F162: 0 | G162: 0 | H162: 0.04761
B163: Asda Express (Petrol Station), Chichester Road, Bognor Regis, PO21 5DS | C163: 0.01164 | D163: 0 | E163: 0 | F163: 0.03011 | G163: 0 | H163: 0
B164: Asda Supermarket, South Street, Lancing, Brighton, BN15 8AG | C164: 0 | D164: 0 | E164: 0 | F164: 0 | G164: 0 | H164: 0
B165: Asda Superstore, Littlehampton Road, Ferring, BN12 6PN | C165: 0.0348 | D165: 0.00951 | E165: 0.01263 | F165: 0.06579 | G165: 0.03039 | H165: 0.01027
B166: Co-op, Chichester Road, Bognor Regis, PO21 2XH | C166: 0.00445 | D166: 0 | E166: 0.03563 | F166: 0 | G166: 0 | H166: 0
... B300: Worthing Market, Montague Street, Worthing, BN11 3BW | C300: 0 | D300: 0 | E300: 0 | F300: 0 | G300: 0 | H300: 0
B301: Total | C301: =SUM(C155:C300) -> 0.83272 | D301: =SUM(D155:D300) -> 0.9027 | E301: =SUM(E155:E300) -> 0.7716 | F301: =SUM(F155:F300) -> 0.81453 | G301: =SUM(G155:G300) -> 0.81884 | H301: =SUM(H155:H300) -> 0.86003
A303: Q12 | B303: Where did you last undertake your household's small scale 'top-up' food shopping?
B305: Aldi, Barnfield Drive, Chichester, PO19 7AG | C305: 0 | D305: 0 | E305: 0 | F305: 0 | G305: 0 | H305: 0
B306: Aldi, Carlton Terrace, Portslade, BN41 1XF | C306: 0.01164 | D306: 0 | E306: 0 | F306: 0.03011 | G306: 0 | H306: 0
B307: Aldi, Central Retail Park, Havant, PO9 1HH | C307: 0 | D307: 0 | E307: 0 | F307: 0 | G307: 0 | H307: 0
B308: Aldi, London Road, Brighton, BN1 4JA | C308: 0 | D308: 0 | E308: 0 | F308: 0 | G308: 0 | H308: 0
B309: Aldi, Manor Retail Park, Rustington, BN16 3FH | C309: 0.01812 | D309: 0 | E309: 0.03983 | F309: 0.03398 | G309: 0 | H309: 0
B310: Aldi, Pavilion Retail Park, Lewes Road, Brighton, BN2 3QA | C310: 0.0123 | D310: 0 | E310: 0 | F310: 0.0318 | G310: 0 | H310: 0
B311: Aldi, Saltbox Road, Bognor Regis, PO22 9FP | C311: 0 | D311: 0 | E311: 0 | F311: 0 | G311: 0 | H311: 0
B312: Asda Express (Petrol Station), A27, Arundel Road, Chichester, PO18 0DU | C312: 0 | D312: 0 | E312: 0 | F312: 0 | G312: 0 | H312: 0
B313: Asda Express (Petrol Station), Chichester Road, Bognor Regis, PO21 5DS | C313: 0.01164 | D313: 0 | E313: 0 | F313: 0.03011 | G313: 0 | H313: 0
B314: Asda Supermarket, South Street, Lancing, Brighton, BN15 8AG | C314: 0.01063 | D314: 0 | E314: 0 | F314: 0.02749 | G314: 0 | H314: 0
B315: Asda Superstore, Littlehampton Road, Ferring, BN12 6PN | C315: 0.03817 | D315: 0.00475 | E315: 0.04122 | F315: 0.06318 | G315: 0.05417 | H315: 0
B316: Co-op, Chichester Road, Bognor Regis, PO21 2XH | C316: 0.02442 | D316: 0 | E316: 0.03563 | F316: 0.03011 | G316: 0 | H316: 0.04761
... B450: Worthing Market, Montague Street, Worthing, BN11 3BW | C450: 0 | D450: 0 | E450: 0 | F450: 0 | G450: 0 | H450: 0
B451: Total | C451: =SUM(C305:C450) -> 0.74222 | D451: =SUM(D305:D450) -> 0.69722 | E451: =SUM(E305:E450) -> 0.73613 | F451: =SUM(F305:F450) -> 0.76647 | G451: =SUM(G305:G450) -> 0.84514 | H451: =SUM(H305:H450) -> 0.65208
A453: Q14 | B453: Where did you undertake your top-up food shopping the time before last?
B454: Not those that said 'Internet / delivered' or 'Don't do this type of shopping' at Q12
B456: Aldi, Barnfield Drive, Chichester, PO19 7AG | C456: 0 | D456: 0 | E456: 0 | F456: 0 | G456: 0 | H456: 0
B457: Aldi, Carlton Terrace, Portslade, BN41 1XF | C457: 0 | D457: 0 | E457: 0 | F457: 0 | G457: 0 | H457: 0
B458: Aldi, Central Retail Park, Havant, PO9 1HH | C458: 0 | D458: 0 | E458: 0 | F458: 0 | G458: 0 | H458: 0
B459: Aldi, London Road, Brighton, BN1 4JA | C459: 0 | D459: 0 | E459: 0 | F459: 0 | G459: 0 | H459: 0
B460: Aldi, Manor Retail Park, Rustington, BN16 3FH | C460: 0.02768 | D460: 0 | E460: 0.07248 | F460: 0.04249 | G460: 0.00646 | H460: 0
B461: Aldi, Pavilion Retail Park, Lewes Road, Brighton, BN2 3QA | C461: 0 | D461: 0 | E461: 0 | F461: 0 | G461: 0 | H461: 0
B462: Aldi, Saltbox Road, Bognor Regis, PO22 9FP | C462: 0.00525 | D462: 0 | E462: 0 | F462: 0 | G462: 0 | H462: 0.03459
B463: Asda Express (Petrol Station), A27, Arundel Road, Chichester, PO18 0DU | C463: 0 | D463: 0 | E463: 0 | F463: 0 | G463: 0 | H463: 0
B464: Asda Express (Petrol Station), Chichester Road, Bognor Regis, PO21 5DS | C464: 0 | D464: 0 | E464: 0 | F464: 0 | G464: 0 | H464: 0
B465: Asda Supermarket, South Street, Lancing, Brighton, BN15 8AG | C465: 0 | D465: 0 | E465: 0 | F465: 0 | G465: 0 | H465: 0
B466: Asda Superstore, Littlehampton Road, Ferring, BN12 6PN | C466: 0.05148 | D466: 0 | E466: 0.0052 | F466: 0.11469 | G466: 0.02904 | H466: 0
B467: Co-op, Chichester Road, Bognor Regis, PO21 2XH | C467: 0.03811 | D467: 0 | E467: 0.09208 | F467: 0.03764 | G467: 0 | H467: 0.07133
... B601: Worthing Market, Montague Street, Worthing, BN11 3BW | C601: 0.00103 | D601: 0 | E601: 0 | F601: 0 | G601: 0.00646 | H601: 0
B602: Total | C602: =SUM(C456:C601) -> 0.90311 | D602: =SUM(D456:D601) -> 0.99317 | E602: =SUM(E456:E601) -> 0.95614 | F602: =SUM(F456:F601) -> 0.82482 | G602: =SUM(G456:G601) -> 0.91431 | H602: =SUM(H456:H601) -> 0.96161
A604: Q16 | B604: Where did you last undertake shopping for clothes, footwear and other fashion goods?
B606: Asda Supermarket, South Street, Lancing, Brighton, BN15 8AG | C606: 0.02459 | D606: 0 | E606: 0 | F606: 0.06359 | G606: 0 | H606: 0
B607: Asda Superstore, Littlehampton Road, Ferring, BN12 6PN | C607: 0.00945 | D607: 0 | E607: 0.00842 | F607: 0 | G607: 0.03039 | H607: 0.02308
B608: Marks and Spencer (M&S), East Street, Chichester, PO19 1HS | C608: 0.00169 | D608: 0 | E608: 0 | F608: 0 | G608: 0.00553 | H608: 0.00514
B609: Marks and Spencer (M&S), Montague Street, Worthing, BN11 3BW | C609: 0.01774 | D609: 0 | E609: 0.02105 | F609: 0.03083 | G609: 0.02212 | H609: 0
B610: Marks and Spencer (M&S), North Street, Chichester, PO19 1LB | C610: 0.00596 | D610: 0.0166 | E610: 0 | F610: 0 | G610: 0 | H610: 0.01795
B611: Morrisons Superstore, Bedford Street, Bognor Regis, PO21 1QP | C611: 0 | D611: 0 | E611: 0 | F611: 0 | G611: 0 | H611: 0
B612: Morrisons Superstore, Hawthorn Road, Wick, Littlehampton, BN17 7LA | C612: 0.00736 | D612: 0.04021 | E612: 0.00422 | F612: 0 | G612: 0 | H612: 0
B613: Morrisons Superstore, Newland Street, Worthing, BN11 1JU | C613: 0 | D613: 0 | E613: 0 | F613: 0 | G613: 0 | H613: 0
B614: Morrisons Superstore, St James's Street, Kemptown, Brighton, BN2 1RE | C614: 0 | D614: 0 | E614: 0 | F614: 0 | G614: 0 | H614: 0
B615: Sainsbury's Superstore, Downland Business Park, Lyons Farm, Worthing, BN14 9LA | C615: 0.01164 | D615: 0 | E615: 0 | F615: 0.03011 | G615: 0 | H615: 0
B616: Sainsbury's Superstore, High Street, Littlehampton, BN17 5EG | C616: 0 | D616: 0 | E616: 0 | F616: 0 | G616: 0 | H616: 0
B617: Sainsbury's Superstore, Rustington Retail Park, New Road, Littlehampton, BN16 3RT | C617: 0.03098 | D617: 0.0427 | E617: 0.03155 | F617: 0.02434 | G617: 0.05969 | H617: 0.01027
... B784: Yapton Village Centre | C784: 0 | D784: 0 | E784: 0 | F784: 0 | G784: 0 | H784: 0
B785: Total | C785: =SUM(C606:C784) -> 0.51249 | D785: =SUM(D606:D784) -> 0.51841 | E785: =SUM(E606:E784) -> 0.50264 | F785: =SUM(F606:F784) -> 0.50628 | G785: =SUM(G606:G784) -> 0.52937 | H785: =SUM(H606:H784) -> 0.51353
A787: Q17 | B787: Where did you last undertake your household's shopping for furniture, floor coverings and household textiles?
B789: Asda Supermarket, South Street, Lancing, Brighton, BN15 8AG | C789: 0 | D789: 0 | E789: 0 | F789: 0 | G789: 0 | H789: 0
B790: Asda Superstore, Littlehampton Road, Ferring, BN12 6PN | C790: 0 | D790: 0 | E790: 0 | F790: 0 | G790: 0 | H790: 0
B791: Marks and Spencer (M&S), East Street, Chichester, PO19 1HS | C791: 0 | D791: 0 | E791: 0 | F791: 0 | G791: 0 | H791: 0
B792: Marks and Spencer (M&S), Montague Street, Worthing, BN11 3BW | C792: 0 | D792: 0 | E792: 0 | F792: 0 | G792: 0 | H792: 0
B793: Marks and Spencer (M&S), North Street, Chichester, PO19 1LB | C793: 0 | D793: 0 | E793: 0 | F793: 0 | G793: 0 | H793: 0
B794: Morrisons Superstore, Bedford Street, Bognor Regis, PO21 1QP | C794: 0 | D794: 0 | E794: 0 | F794: 0 | G794: 0 | H794: 0
B795: Morrisons Superstore, Hawthorn Road, Wick, Littlehampton, BN17 7LA | C795: 0 | D795: 0 | E795: 0 | F795: 0 | G795: 0 | H795: 0
B796: Morrisons Superstore, Newland Street, Worthing, BN11 1JU | C796: 0 | D796: 0 | E796: 0 | F796: 0 | G796: 0 | H796: 0
B797: Morrisons Superstore, St James's Street, Kemptown, Brighton, BN2 1RE | C797: 0 | D797: 0 | E797: 0 | F797: 0 | G797: 0 | H797: 0
B798: Sainsbury's Superstore, Downland Business Park, Lyons Farm, Worthing, BN14 9LA | C798: 0 | D798: 0 | E798: 0 | F798: 0 | G798: 0 | H798: 0
B799: Sainsbury's Superstore, High Street, Littlehampton, BN17 5EG | C799: 0 | D799: 0 | E799: 0 | F799: 0 | G799: 0 | H799: 0
B800: Sainsbury's Superstore, Rustington Retail Park, New Road, Littlehampton, BN16 3RT | C800: 0.00674 | D800: 0.00475 | E800: 0.04744 | F800: 0 | G800: 0 | H800: 0
... B967: Yapton Village Centre | C967: 0 | D967: 0 | E967: 0 | F967: 0 | G967: 0 | H967: 0
B968: Total | C968: =SUM(C789:C967) -> 0.41537 | D968: =SUM(D789:D967) -> 0.53885 | E968: =SUM(E789:E967) -> 0.41109 | F968: =SUM(F789:F967) -> 0.38807 | G968: =SUM(G789:G967) -> 0.47693 | H968: =SUM(H789:H967) -> 0.30801
A970: Q18 | B970: Where did you last undertake your household's shopping for DIY and decorating goods?
B972: Asda Supermarket, South Street, Lancing, Brighton, BN15 8AG | C972: 0 | D972: 0 | E972: 0 | F972: 0 | G972: 0 | H972: 0
B973: Asda Superstore, Littlehampton Road, Ferring, BN12 6PN | C973: 0 | D973: 0 | E973: 0 | F973: 0 | G973: 0 | H973: 0
B974: Marks and Spencer (M&S), East Street, Chichester, PO19 1HS | C974: 0 | D974: 0 | E974: 0 | F974: 0 | G974: 0 | H974: 0
B975: Marks and Spencer (M&S), Montague Street, Worthing, BN11 3BW | C975: 0 | D975: 0 | E975: 0 | F975: 0 | G975: 0 | H975: 0
B976: Marks and Spencer (M&S), North Street, Chichester, PO19 1LB | C976: 0 | D976: 0 | E976: 0 | F976: 0 | G976: 0 | H976: 0
B977: Morrisons Superstore, Bedford Street, Bognor Regis, PO21 1QP | C977: 0 | D977: 0 | E977: 0 | F977: 0 | G977: 0 | H977: 0
B978: Morrisons Superstore, Hawthorn Road, Wick, Littlehampton, BN17 7LA | C978: 0 | D978: 0 | E978: 0 | F978: 0 | G978: 0 | H978: 0
...

Sheet Non-food Shopping
C1: Zone 1 | E1: Zone 2 | G1: Zone 3 | I1: Zone 4 | K1: Zone 5 | M1: Total
A4: Q16 | B4: Where did you last undertake shopping for clothes, footwear and other fashion goods? | D4: ='Pop & Exp'!B120 -> 16.115895 | F4: ='Pop & Exp'!C120 -> 11.87659 | H4: ='Pop & Exp'!D120 -> 37.785338 | J4: ='Pop & Exp'!E120 -> 15.501093 | L4: ='Pop & Exp'!F120 -> 18.596503 | N4: =L4+J4+H4+F4+D4 -> 99.875418
B6: Asda Supermarket, South Street, Lancing, Brighton, BN15 8AG | C6: ='Survey Results'!D606/'Survey Results'!D$785 -> 0 | D6: =C6*$D$4 -> 0 | E6: ='Survey Results'!E606/'Survey Results'!E$785 -> 0 | F6: =E6*$F$4 -> 0 | G6: ='Survey Results'!F606/'Survey Results'!F$785 -> 0.12560243 | H6: =G6*$H$4 -> 4.7459304 | I6: ='Survey Results'!G606/'Survey Results'!G$785 -> 0 | J6: =I6*$J$4 -> 0 | K6: ='Survey Results'!H606/'Survey Results'!H$785 -> 0 | L6: =K6*$L$4 -> 0 | M6: =N6/$N$4 -> 0.047518503 | N6: =D6+F6+H6+J6+L6 -> 4.7459304
B7: Asda Superstore, Littlehampton Road, Ferring, BN12 6PN | C7: ='Survey Results'!D607/'Survey Results'!D$785 -> 0 | D7: =C7*$D$4 -> 0 | E7: ='Survey Results'!E607/'Survey Results'!E$785 -> 0.016751552 | F7: =E7*$F$4 -> 0.19895131 | G7: ='Survey Results'!F607/'Survey Results'!F$785 -> 0 | H7: =G7*$H$4 -> 0 | I7: ='Survey Results'!G607/'Survey Results'!G$785 -> 0.057407862 | J7: =I7*$J$4 -> 0.8898846 | K7: ='Survey Results'!H607/'Survey Results'!H$785 -> 0.04494382 | L7: =K7*$L$4 -> 0.8357979 | M7: =N7/$N$4 -> 0.019270345 | N7: =D7+F7+H7+J7+L7 -> 1.9246338
B8: Marks and Spencer (M&S), East Street, Chichester, PO19 1HS | C8: ='Survey Results'!D608/'Survey Results'!D$785 -> 0 | D8: =C8*$D$4 -> 0 | E8: ='Survey Results'!E608/'Survey Results'!E$785 -> 0 | F8: =E8*$F$4 -> 0 | G8: ='Survey Results'!F608/'Survey Results'!F$785 -> 0 | H8: =G8*$H$4 -> 0 | I8: ='Survey Results'!G608/'Survey Results'!G$785 -> 0.01044638 | J8: =I8*$J$4 -> 0.1619303 | K8: ='Survey Results'!H608/'Survey Results'!H$785 -> 0.010009152 | L8: =K8*$L$4 -> 0.18613523 | M8: =N8/$N$4 -> 0.003484997 | N8: =D8+F8+H8+J8+L8 -> 0.34806554
B9: Marks and Spencer (M&S), Montague Street, Worthing, BN11 3BW | C9: ='Survey Results'!D609/'Survey Results'!D$785 -> 0 | D9: =C9*$D$4 -> 0 | E9: ='Survey Results'!E609/'Survey Results'!E$785 -> 0.04187888 | F9: =E9*$F$4 -> 0.49737827 | G9: ='Survey Results'!F609/'Survey Results'!F$785 -> 0.060895157 | H9: =G9*$H$4 -> 2.3009441 | I9: ='Survey Results'!G609/'Survey Results'!G$785 -> 0.041785519 | J9: =I9*$J$4 -> 0.64772121 | K9: ='Survey Results'!H609/'Survey Results'!H$785 -> 0 | L9: =K9*$L$4 -> 0 | M9: =N9/$N$4 -> 0.03450342 | N9: =D9+F9+H9+J9+L9 -> 3.4460436
B10: Marks and Spencer (M&S), North Street, Chichester, PO19 1LB | C10: ='Survey Results'!D610/'Survey Results'!D$785 -> 0.032020987 | D10: =C10*$D$4 -> 0.51604685 | E10: ='Survey Results'!E610/'Survey Results'!E$785 -> 0 | F10: =E10*$F$4 -> 0 | G10: ='Survey Results'!F610/'Survey Results'!F$785 -> 0 | H10: =G10*$H$4 -> 0 | I10: ='Survey Results'!G610/'Survey Results'!G$785 -> 0 | J10: =I10*$J$4 -> 0 | K10: ='Survey Results'!H610/'Survey Results'!H$785 -> 0.034954141 | L10: =K10*$L$4 -> 0.65002479 | M10: =N10/$N$4 -> 0.011675262 | N10: =D10+F10+H10+J10+L10 -> 1.1660716
B11: Morrisons Superstore, Bedford Street, Bognor Regis, PO21 1QP | C11: ='Survey Results'!D611/'Survey Results'!D$785 -> 0 | D11: =C11*$D$4 -> 0 | E11: ='Survey Results'!E611/'Survey Results'!E$785 -> 0 | F11: =E11*$F$4 -> 0 | G11: ='Survey Results'!F611/'Survey Results'!F$785 -> 0 | H11: =G11*$H$4 -> 0 | I11: ='Survey Results'!G611/'Survey Results'!G$785 -> 0 | J11: =I11*$J$4 -> 0 | K11: ='Survey Results'!H611/'Survey Results'!H$785 -> 0 | L11: =K11*$L$4 -> 0 | M11: =N11/$N$4 -> 0 | N11: =D11+F11+H11+J11+L11 -> 0
B12: Morrisons Superstore, Hawthorn Road, Wick, Littlehampton, BN17 7LA | C12: ='Survey Results'!D612/'Survey Results'!D$785 -> 0.07756409 | D12: =C12*$D$4 -> 1.2500147 | E12: ='Survey Results'!E612/'Survey Results'!E$785 -> 0.0083956709 | F12: =E12*$F$4 -> 0.099711939 | G12: ='Survey Results'!F612/'Survey Results'!F$785 -> 0 | H12: =G12*$H$4 -> 0 | I12: ='Survey Results'!G612/'Survey Results'!G$785 -> 0 | J12: =I12*$J$4 -> 0 | K12: ='Survey Results'!H612/'Survey Results'!H$785 -> 0 | L12: =K12*$L$4 -> 0 | M12: =N12/$N$4 -> 0.013514102 | N12: =D12+F12+H12+J12+L12 -> 1.3497266
B13: Morrisons Superstore, Newland Street, Worthing, BN11 1JU | C13: ='Survey Results'!D613/'Survey Results'!D$785 -> 0 | D13: =C13*$D$4 -> 0 | E13: ='Survey Results'!E613/'Survey Results'!E$785 -> 0 | F13: =E13*$F$4 -> 0 | G13: ='Survey Results'!F613/'Survey Results'!F$785 -> 0 | H13: =G13*$H$4 -> 0 | I13: ='Survey Results'!G613/'Survey Results'!G$785 -> 0 | J13: =I13*$J$4 -> 0 | K13: ='Survey Results'!H613/'Survey Results'!H$785 -> 0 | L13: =K13*$L$4 -> 0 | M13: =N13/$N$4 -> 0 | N13: =D13+F13+H13+J13+L13 -> 0
B14: Morrisons Superstore, St James's Street, Kemptown, Brighton, BN2 1RE | C14: ='Survey Results'!D614/'Survey Results'!D$785 -> 0 | D14: =C14*$D$4 -> 0 | E14: ='Survey Results'!E614/'Survey Results'!E$785 -> 0 | F14: =E14*$F$4 -> 0 | G14: ='Survey Results'!F614/'Survey Results'!F$785 -> 0 | H14: =G14*$H$4 -> 0 | I14: ='Survey Results'!G614/'Survey Results'!G$785 -> 0 | J14: =I14*$J$4 -> 0 | K14: ='Survey Results'!H614/'Survey Results'!H$785 -> 0 | L14: =K14*$L$4 -> 0 | M14: =N14/$N$4 -> 0 | N14: =D14+F14+H14+J14+L14 -> 0
B15: Sainsbury's Superstore, Downland Business Park, Lyons Farm, Worthing, BN14 9LA | C15: ='Survey Results'!D615/'Survey Results'!D$785 -> 0 | D15: =C15*$D$4 -> 0 | E15: ='Survey Results'!E615/'Survey Results'!E$785 -> 0 | F15: =E15*$F$4 -> 0 | G15: ='Survey Results'!F615/'Survey Results'!F$785 -> 0.059473019 | H15: =G15*$H$4 -> 2.2472081 | I15: ='Survey Results'!G615/'Survey Results'!G$785 -> 0 | J15: =I15*$J$4 -> 0 | K15: ='Survey Results'!H615/'Survey Results'!H$785 -> 0 | L15: =K15*$L$4 -> 0 | M15: =N15/$N$4 -> 0.022500112 | N15: =D15+F15+H15+J15+L15 -> 2.2472081
B16: Sainsbury's Superstore, High Street, Littlehampton, BN17 5EG | C16: ='Survey Results'!D616/'Survey Results'!D$785 -> 0 | D16: =C16*$D$4 -> 0 | E16: ='Survey Results'!E616/'Survey Results'!E$785 -> 0 | F16: =E16*$F$4 -> 0 | G16: ='Survey Results'!F616/'Survey Results'!F$785 -> 0 | H16: =G16*$H$4 -> 0 | I16: ='Survey Results'!G616/'Survey Results'!G$785 -> 0 | J16: =I16*$J$4 -> 0 | K16: ='Survey Results'!H616/'Survey Results'!H$785 -> 0 | L16: =K16*$L$4 -> 0 | M16: =N16/$N$4 -> 0 | N16: =D16+F16+H16+J16+L16 -> 0
B17: Sainsbury's Superstore, Rustington Retail Park, New Road, Littlehampton, BN16 3RT | C17: ='Survey Results'!D617/'Survey Results'!D$785 -> 0.082367238 | D17: =C17*$D$4 -> 1.3274217 | E17: ='Survey Results'!E617/'Survey Results'!E$785 -> 0.062768582 | F17: =E17*$F$4 -> 0.7454767 | G17: ='Survey Results'!F617/'Survey Results'!F$785 -> 0.048076163 | H17: =G17*$H$4 -> 1.8165741 | I17: ='Survey Results'!G617/'Survey Results'!G$785 -> 0.11275667 | J17: =I17*$J$4 -> 1.7478517 | K17: ='Survey Results'!H617/'Survey Results'!H$785 -> 0.019998832 | L17: =K17*$L$4 -> 0.37190834 | M17: =N17/$N$4 -> 0.060167282 | N17: =D17+F17+H17+J17+L17 -> 6.0092325
... B184: Yapton Village Centre | C184: ='Survey Results'!D784/'Survey Results'!D$785 -> 0 | D184: =C184*$D$4 -> 0 | E184: ='Survey Results'!E784/'Survey Results'!E$785 -> 0 | F184: =E184*$F$4 -> 0 | G184: ='Survey Results'!F784/'Survey Results'!F$785 -> 0 | H184: =G184*$H$4 -> 0 | I184: ='Survey Results'!G784/'Survey Results'!G$785 -> 0 | J184: =I184*$J$4 -> 0 | K184: ='Survey Results'!H784/'Survey Results'!H$785 -> 0 | L184: =K184*$L$4 -> 0 | M184: =N184/$N$4 -> 0 | N184: =D184+F184+H184+J184+L184 -> 0
B185: Total | C185: =SUM(C6:C184) -> 1 | D185: =SUM(D6:D184) -> 16.115895 | E185: =SUM(E6:E184) -> 1 | F185: =SUM(F6:F184) -> 11.87659 | G185: =SUM(G6:G184) -> 1 | H185: =SUM(H6:H184) -> 37.785338 | I185: =SUM(I6:I184) -> 1 | J185: =SUM(J6:J184) -> 15.501093 | ... N185: =SUM(N6:N184) -> 99.875418
A187: Q17 | B187: Where did you last undertake your household's shopping for furniture, floor coverings and household textiles? | D187: ='Pop & Exp'!B121 -> 5.6942827 | F187: ='Pop & Exp'!C121 -> 4.1231934 | H187: ='Pop & Exp'!D121 -> 16.96697 | J187: ='Pop & Exp'!E121 -> 6.6230771 | L187: ='Pop & Exp'!F121 -> 7.777626 | N187: =D187+F187+H187+J187+L187 -> 41.185149
B189: Asda Supermarket, South Street, Lancing, Brighton, BN15 8AG | C189: ='Survey Results'!D789/'Survey Results'!D$968 -> 0 | D189: =C189*$D$187 -> 0 | E189: ='Survey Results'!E789/'Survey Results'!E$968 -> 0 | F189: =E189*$F$187 -> 0 | G189: ='Survey Results'!F789/'Survey Results'!F$968 -> 0 | H189: =G189*$H$187 -> 0 | I189: ='Survey Results'!G789/'Survey Results'!G$968 -> 0 | J189: =I189*$J$187 -> 0 | K189: ='Survey Results'!H789/'Survey Results'!H$968 -> 0 | L189: =K189*$L$187 -> 0 | M189: =N189/$N$187 -> 0 | N189: =D189+F189+H189+J189+L189 -> 0
B190: Asda Superstore, Littlehampton Road, Ferring, BN12 6PN | C190: ='Survey Results'!D790/'Survey Results'!D$968 -> 0 | D190: =C190*$D$187 -> 0 | E190: ='Survey Results'!E790/'Survey Results'!E$968 -> 0 | F190: =E190*$F$187 -> 0 | G190: ='Survey Results'!F790/'Survey Results'!F$968 -> 0 | H190: =G190*$H$187 -> 0 | I190: ='Survey Results'!G790/'Survey Results'!G$968 -> 0 | J190: =I190*$J$187 -> 0 | K190: ='Survey Results'!H790/'Survey Results'!H$968 -> 0 | L190: =K190*$L$187 -> 0 | M190: =N190/$N$187 -> 0 | N190: =D190+F190+H190+J190+L190 -> 0
B191: Marks and Spencer (M&S), East Street, Chichester, PO19 1HS | C191: ='Survey Results'!D791/'Survey Results'!D$968 -> 0 | D191: =C191*$D$187 -> 0 | E191: ='Survey Results'!E791/'Survey Results'!E$968 -> 0 | F191: =E191*$F$187 -> 0 | G191: ='Survey Results'!F791/'Survey Results'!F$968 -> 0 | H191: =G191*$H$187 -> 0 | I191: ='Survey Results'!G791/'Survey Results'!G$968 -> 0 | J191: =I191*$J$187 -> 0 | K191: ='Survey Results'!H791/'Survey Results'!H$968 -> 0 | L191: =K191*$L$187 -> 0 | M191: =N191/$N$187 -> 0 | N191: =D191+F191+H191+J191+L191 -> 0
B192: Marks and Spencer (M&S), Montague Street, Worthing, BN11 3BW | C192: ='Survey Results'!D792/'Survey Results'!D$968 -> 0 | D192: =C192*$D$187 -> 0 | E192: ='Survey Results'!E792/'Survey Results'!E$968 -> 0 | F192: =E192*$F$187 -> 0 | G192: ='Survey Results'!F792/'Survey Results'!F$968 -> 0 | H192: =G192*$H$187 -> 0 | I192: ='Survey Results'!G792/'Survey Results'!G$968 -> 0 | J192: =I192*$J$187 -> 0 | K192: ='Survey Results'!H792/'Survey Results'!H$968 -> 0 | L192: =K192*$L$187 -> 0 | M192: =N192/$N$187 -> 0 | N192: =D192+F192+H192+J192+L192 -> 0
B193: Marks and Spencer (M&S), North Street, Chichester, PO19 1LB | C193: ='Survey Results'!D793/'Survey Results'!D$968 -> 0 | D193: =C193*$D$187 -> 0 | E193: ='Survey Results'!E793/'Survey Results'!E$968 -> 0 | F193: =E193*$F$187 -> 0 | G193: ='Survey Results'!F793/'Survey Results'!F$968 -> 0 | H193: =G193*$H$187 -> 0 | I193: ='Survey Results'!G793/'Survey Results'!G$968 -> 0 | J193: =I193*$J$187 -> 0 | K193: ='Survey Results'!H793/'Survey Results'!H$968 -> 0 | L193: =K193*$L$187 -> 0 | M193: =N193/$N$187 -> 0 | N193: =D193+F193+H193+J193+L193 -> 0
B194: Morrisons Superstore, Bedford Street, Bognor Regis, PO21 1QP | C194: ='Survey Results'!D794/'Survey Results'!D$968 -> 0 | D194: =C194*$D$187 -> 0 | E194: ='Survey Results'!E794/'Survey Results'!E$968 -> 0 | F194: =E194*$F$187 -> 0 | G194: ='Survey Results'!F794/'Survey Results'!F$968 -> 0 | H194: =G194*$H$187 -> 0 | I194: ='Survey Results'!G794/'Survey Results'!G$968 -> 0 | J194: =I194*$J$187 -> 0 | K194: ='Survey Results'!H794/'Survey Results'!H$968 -> 0 | L194: =K194*$L$187 -> 0 | M194: =N194/$N$187 -> 0 | N194: =D194+F194+H194+J194+L194 -> 0
B195: Morrisons Superstore, Hawthorn Road, Wick, Littlehampton, BN17 7LA | C195: ='Survey Results'!D795/'Survey Results'!D$968 -> 0 | D195: =C195*$D$187 -> 0 | E195: ='Survey Results'!E795/'Survey Results'!E$968 -> 0 | F195: =E195*$F$187 -> 0 | G195: ='Survey Results'!F795/'Survey Results'!F$968 -> 0 | H195: =G195*$H$187 -> 0 | I195: ='Survey Results'!G795/'Survey Results'!G$968 -> 0 | J195: =I195*$J$187 -> 0 | K195: ='Survey Results'!H795/'Survey Results'!H$968 -> 0 | L195: =K195*$L$187 -> 0 | M195: =N195/$N$187 -> 0 | N195: =D195+F195+H195+J195+L195 -> 0
B196: Morrisons Superstore, Newland Street, Worthing, BN11 1JU | C196: ='Survey Results'!D796/'Survey Results'!D$968 -> 0 | D196: =C196*$D$187 -> 0 | E196: ='Survey Results'!E796/'Survey Results'!E$968 -> 0 | F196: =E196*$F$187 -> 0 | G196: ='Survey Results'!F796/'Survey Results'!F$968 -> 0 | H196: =G196*$H$187 -> 0 | I196: ='Survey Results'!G796/'Survey Results'!G$968 -> 0 | J196: =I196*$J$187 -> 0 | K196: ='Survey Results'!H796/'Survey Results'!H$968 -> 0 | L196: =K196*$L$187 -> 0 | M196: =N196/$N$187 -> 0 | N196: =D196+F196+H196+J196+L196 -> 0
B197: Morrisons Superstore, St James's Street, Kemptown, Brighton, BN2 1RE | C197: ='Survey Results'!D797/'Survey Results'!D$968 -> 0 | D197: =C197*$D$187 -> 0 | E197: ='Survey Results'!E797/'Survey Results'!E$968 -> 0 | F197: =E197*$F$187 -> 0 | G197: ='Survey Results'!F797/'Survey Results'!F$968 -> 0 | H197: =G197*$H$187 -> 0 | I197: ='Survey Results'!G797/'Survey Results'!G$968 -> 0 | J197: =I197*$J$187 -> 0 | K197: ='Survey Results'!H797/'Survey Results'!H$968 -> 0 | L197: =K197*$L$187 -> 0 | M197: =N197/$N$187 -> 0 | N197: =D197+F197+H197+J197+L197 -> 0
B198: Sainsbury's Superstore, Downland Business Park, Lyons Farm, Worthing, BN14 9LA | C198: ='Survey Results'!D798/'Survey Results'!D$968 -> 0 | D198: =C198*$D$187 -> 0 | E198: ='Survey Results'!E798/'Survey Results'!E$968 -> 0 | F198: =E198*$F$187 -> 0 | G198: ='Survey Results'!F798/'Survey Results'!F$968 -> 0 | H198: =G198*$H$187 -> 0 | I198: ='Survey Results'!G798/'Survey Results'!G$968 -> 0 | J198: =I198*$J$187 -> 0 | K198: ='Survey Results'!H798/'Survey Results'!H$968 -> 0 | L198: =K198*$L$187 -> 0 | M198: =N198/$N$187 -> 0 | N198: =D198+F198+H198+J198+L198 -> 0
B199: Sainsbury's Superstore, High Street, Littlehampton, BN17 5EG | C199: ='Survey Results'!D799/'Survey Results'!D$968 -> 0 | D199: =C199*$D$187 -> 0 | E199: ='Survey Results'!E799/'Survey Results'!E$968 -> 0 | F199: =E199*$F$187 -> 0 | G199: ='Survey Results'!F799/'Survey Results'!F$968 -> 0 | H199: =G199*$H$187 -> 0 | I199: ='Survey Results'!G799/'Survey Results'!G$968 -> 0 | J199: =I199*$J$187 -> 0 | K199: ='Survey Results'!H799/'Survey Results'!H$968 -> 0 | L199: =K199*$L$187 -> 0 | M199: =N199/$N$187 -> 0 | N199: =D199+F199+H199+J199+L199 -> 0
B200: Sainsbury's Superstore, Rustington Retail Park, New Road, Littlehampton, BN16 3RT | C200: ='Survey Results'!D800/'Survey Results'!D$968 -> 0.0088150691 | D200: =C200*$D$187 -> 0.050195496 | E200: ='Survey Results'!E800/'Survey Results'!E$968 -> 0.11540052 | F200: =E200*$F$187 -> 0.47581867 | G200: ='Survey Results'!F800/'Survey Results'!F$968 -> 0 | H200: =G200*$H$187 -> 0 | I200: ='Survey Results'!G800/'Survey Results'!G$968 -> 0 | J200: =I200*$J$187 -> 0 | K200: ='Survey Results'!H800/'Survey Results'!H$968 -> 0 | L200: =K200*$L$187 -> 0 | M200: =N200/$N$187 -> 0.012771938 | N200: =D200+F200+H200+J200+L200 -> 0.52601417
... B367: Yapton Village Centre | C367: ='Survey Results'!D967/'Survey Results'!D$968 -> 0 | D367: =C367*$D$187 -> 0 | E367: ='Survey Results'!E967/'Survey Results'!E$968 -> 0 | F367: =E367*$F$187 -> 0 | G367: ='Survey Results'!F967/'Survey Results'!F$968 -> 0 | H367: =G367*$H$187 -> 0 | I367: ='Survey Results'!G967/'Survey Results'!G$968 -> 0 | J367: =I367*$J$187 -> 0 | K367: ='Survey Results'!H967/'Survey Results'!H$968 -> 0 | L367: =K367*$L$187 -> 0 | M367: =N367/$N$187 -> 0 | N367: =D367+F367+H367+J367+L367 -> 0
B368: Total | C368: =SUM(C189:C367) -> 1 | D368: =SUM(D189:D367) -> 5.6942827 | E368: =SUM(E189:E367) -> 1 | F368: =SUM(F189:F367) -> 4.1231934 | G368: =SUM(G189:G367) -> 1 | H368: =SUM(H189:H367) -> 16.96697 | I368: =SUM(I189:I367) -> 1 | J368: =SUM(J189:J367) -> 6.6230771 | ... N368: =SUM(N189:N367) -> 41.185149
A370: Q18 | B370: Where did you last undertake your household's shopping for DIY and decorating goods? | D370: ='Pop & Exp'!B122 -> 3.6989815 | F370: ='Pop & Exp'!C122 -> 3.1596211 | H370: ='Pop & Exp'!D122 -> 11.970562 | J370: ='Pop & Exp'!E122 -> 4.6129603 | L370: ='Pop & Exp'!F122 -> 5.8830761 | N370: =D370+F370+H370+J370+L370 -> 29.325201
B372: Asda Supermarket, South Street, Lancing, Brighton, BN15 8AG | C372: ='Survey Results'!D972/'Survey Results'!D$1151 -> 0 | D372: =C372*$D$370 -> 0 | E372: ='Survey Results'!E972/'Survey Results'!E$1151 -> 0 | F372: =E372*$F$370 -> 0 | G372: ='Survey Results'!F972/'Survey Results'!F$1151 -> 0 | H372: =G372*$H$370 -> 0 | I372: ='Survey Results'!G972/'Survey Results'!G$1151 -> 0 | J372: =I372*$J$370 -> 0 | K372: ='Survey Results'!H972/'Survey Results'!H$1151 -> 0 | L372: =K372*$L$370 -> 0 | M372: =N372/$N$370 -> 0 | N372: =D372+F372+H372+J372+L372 -> 0
B373: Asda Superstore, Littlehampton Road, Ferring, BN12 6PN | C373: ='Survey Results'!D973/'Survey Results'!D$1151 -> 0 | D373: =C373*$D$370 -> 0 | E373: ='Survey Results'!E973/'Survey Results'!E$1151 -> 0 | F373: =E373*$F$370 -> 0 | G373: ='Survey Results'!F973/'Survey Results'!F$1151 -> 0 | H373: =G373*$H$370 -> 0 | I373: ='Survey Results'!G973/'Survey Results'!G$1151 -> 0 | J373: =I373*$J$370 -> 0 | K373: ='Survey Results'!H973/'Survey Results'!H$1151 -> 0 | L373: =K373*$L$370 -> 0 | M373: =N373/$N$370 -> 0 | N373: =D373+F373+H373+J373+L373 -> 0
B374: Marks and Spencer (M&S), East Street, Chichester, PO19 1HS | C374: ='Survey Results'!D974/'Survey Results'!D$1151 -> 0 | D374: =C374*$D$370 -> 0 | E374: ='Survey Results'!E974/'Survey Results'!E$1151 -> 0 | F374: =E374*$F$370 -> 0 | G374: ='Survey Results'!F974/'Survey Results'!F$1151 -> 0 | H374: =G374*$H$370 -> 0 | I374: ='Survey Results'!G974/'Survey Results'!G$1151 -> 0 | J374: =I374*$J$370 -> 0 | K374: ='Survey Results'!H974/'Survey Results'!H$1151 -> 0 | L374: =K374*$L$370 -> 0 | M374: =N374/$N$370 -> 0 | N374: =D374+F374+H374+J374+L374 -> 0
B375: Marks and Spencer (M&S), Montague Street, Worthing, BN11 3BW | C375: ='Survey Results'!D975/'Survey Results'!D$1151 -> 0 | D375: =C375*$D$370 -> 0 | E375: ='Survey Results'!E975/'Survey Results'!E$1151 -> 0 | F375: =E375*$F$370 -> 0 | G375: ='Survey Results'!F975/'Survey Results'!F$1151 -> 0 | H375: =G375*$H$370 -> 0 | I375: ='Survey Results'!G975/'Survey Results'!G$1151 -> 0 | J375: =I375*$J$370 -> 0 | K375: ='Survey Results'!H975/'Survey Results'!H$1151 -> 0 | L375: =K375*$L$370 -> 0 | M375: =N375/$N$370 -> 0 | N375: =D375+F375+H375+J375+L375 -> 0
B376: Marks and Spencer (M&S), North Street, Chichester, PO19 1LB | C376: ='Survey Results'!D976/'Survey Results'!D$1151 -> 0 | D376: =C376*$D$370 -> 0 | E376: ='Survey Results'!E976/'Survey Results'!E$1151 -> 0 | F376: =E376*$F$370 -> 0 | G376: ='Survey Results'!F976/'Survey Results'!F$1151 -> 0 | H376: =G376*$H$370 -> 0 | I376: ='Survey Results'!G976/'Survey Results'!G$1151 -> 0 | J376: =I376*$J$370 -> 0 | K376: ='Survey Results'!H976/'Survey Results'!H$1151 -> 0 | L376: =K376*$L$370 -> 0 | M376: =N376/$N$370 -> 0 | N376: =D376+F376+H376+J376+L376 -> 0
B377: Morrisons Superstore, Bedford Street, Bognor Regis, PO21 1QP | C377: ='Survey Results'!D977/'Survey Results'!D$1151 -> 0 | D377: =C377*$D$370 -> 0 | E377: ='Survey Results'!E977/'Survey Results'!E$1151 -> 0 | F377: =E377*$F$370 -> 0 | G377: ='Survey Results'!F977/'Survey Results'!F$1151 -> 0 | H377: =G377*$H$370 -> 0 | I377: ='Survey Results'!G977/'Survey Results'!G$1151 -> 0 | J377: =I377*$J$370 -> 0 | K377: ='Survey Results'!H977/'Survey Results'!H$1151 -> 0 | L377: =K377*$L$370 -> 0 | M377: =N377/$N$370 -> 0 | N377: =D377+F377+H377+J377+L377 -> 0
B378: Morrisons Superstore, Hawthorn Road, Wick, Littlehampton, BN17 7LA | C378: ='Survey Results'!D978/'Survey Results'!D$1151 -> 0 | D378: =C378*$D$370 -> 0 | E378: ='Survey Results'!E978/'Survey Results'!E$1151 -> 0 | F378: =E378*$F$370 -> 0 | G378: ='Survey Results'!F978/'Survey Results'!F$1151 -> 0 | H378: =G378*$H$370 -> 0 | I378: ='Survey Results'!G978/'Survey Results'!G$1151 -> 0 | J378: =I378*$J$370 -> 0 | K378: ='Survey Results'!H978/'Survey Results'!H$1151 -> 0 | L378: =K378*$L$370 -> 0 | M378: =N378/$N$370 -> 0 | N378: =D378+F378+H378+J378+L378 -> 0
B379: Morrisons Superstore, Newland Street, Worthing, BN11 1JU | C379: ='Survey Results'!D979/'Survey Results'!D$1151 -> 0 | D379: =C379*$D$370 -> 0 | E379: ='Survey Results'!E979/'Survey Results'!E$1151 -> 0 | F379: =E379*$F$370 -> 0 | G379: ='Survey Results'!F979/'Survey Results'!F$1151 -> 0 | H379: =G379*$H$370 -> 0 | I379: ='Survey Results'!G979/'Survey Results'!G$1151 -> 0 | J379: =I379*$J$370 -> 0 | K379: ='Survey Results'!H979/'Survey Results'!H$1151 -> 0 | L379: =K379*$L$370 -> 0 | M379: =N379/$N$370 -> 0 | N379: =D379+F379+H379+J379+L379 -> 0
B380: Morrisons Superstore, St James's Street, Kemptown, Brighton, BN2 1RE | C380: ='Survey Results'!D980/'Survey Results'!D$1151 -> 0 | D380: =C380*$D$370 -> 0 | E380: ='Survey Results'!E980/'Survey Results'!E$1151 -> 0 | F380: =E380*$F$370 -> 0 | G380: ='Survey Results'!F980/'Survey Results'!F$1151 -> 0 | H380: =G380*$H$370 -> 0 | I380: ='Survey Results'!G980/'Survey Results'!G$1151 -> 0 | J380: =I380*$J$370 -> 0 | K380: ='Survey Results'!H980/'Survey Results'!H$1151 -> 0 | L380: =K380*$L$370 -> 0 | M380: =N380/$N$370 -> 0 | N380: =D380+F380+H380+J380+L380 -> 0
B381: Sainsbury's Superstore, Downland Business Park, Lyons Farm, Worthing, BN14 9LA | C381: ='Survey Results'!D981/'Survey Results'!D$1151 -> 0 | D381: =C381*$D$370 -> 0 | E381: ='Survey Results'!E981/'Survey Results'!E$1151 -> 0 | F381: =E381*$F$370 -> 0 | G381: ='Survey Results'!F981/'Survey Results'!F$1151 -> 0 | H381: =G381*$H$370 -> 0 | I381: ='Survey Results'!G981/'Survey Results'!G$1151 -> 0 | J381: =I381*$J$370 -> 0 | K381: ='Survey Results'!H981/'Survey Results'!H$1151 -> 0 | L381: =K381*$L$370 -> 0 | M381: =N381/$N$370 -> 0 | N381: =D381+F381+H381+J381+L381 -> 0
B382: Sainsbury's Superstore, High Street, Littlehampton, BN17 5EG | C382: ='Survey Results'!D982/'Survey Results'!D$1151 -> 0 | D382: =C382*$D$370 -> 0 | E382: ='Survey Results'!E982/'Survey Results'!E$1151 -> 0 | F382: =E382*$F$370 -> 0 | G382: ='Survey Results'!F982/'Survey Results'!F$1151 -> 0 | H382: =G382*$H$370 -> 0 | I382: ='Survey Results'!G982/'Survey Results'!G$1151 -> 0 | J382: =I382*$J$370 -> 0 | K382: ='Survey Results'!H982/'Survey Results'!H$1151 -> 0 | L382: =K382*$L$370 -> 0 | M382: =N382/$N$370 -> 0 | N382: =D382+F382+H382+J382+L382 -> 0
B383: Sainsbury's Superstore, Rustington Retail Park, New Road, Littlehampton, BN16 3RT | C383: ='Survey Results'!D983/'Survey Results'!D$1151 -> 0 | D383: =C383*$D$370 -> 0 | E383: ='Survey Results'!E983/'Survey Results'!E$1151 -> 0 | F383: =E383*$F$370 -> 0 | G383: ='Survey Results'!F983/'Survey Results'!F$1151 -> 0 | H383: =G383*$H$370 -> 0 | I383: ='Survey Results'!G983/'Survey Results'!G$1151 -> 0 | J383: =I383*$J$370 -> 0 | K383: ='Survey Results'!H983/'Survey Results'!H$1151 -> 0 | L383: =K383*$L$370 -> 0 | M383: =N383/$N$370 -> 0 | N383: =D383+F383+H383+J383+L383 -> 0
... B550: Yapton Village Centre | C550: ='Survey Results'!D1150/'Survey Results'!D$1151 -> 0 | D550: =C550*$D$370 -> 0 | E550: ='Survey Results'!E1150/'Survey Results'!E$1151 -> 0 | F550: =E550*$F$370 -> 0 | G550: ='Survey Results'!F1150/'Survey Results'!F$1151 -> 0 | H550: =G550*$H$370 -> 0 | I550: ='Survey Results'!G1150/'Survey Results'!G$1151 -> 0 | J550: =I550*$J$370 -> 0 | K550: ='Survey Results'!H1150/'Survey Results'!H$1151 -> 0 | L550: =K550*$L$370 -> 0 | M550: =N550/$N$370 -> 0 | N550: =D550+F550+H550+J550+L550 -> 0
B551: Total | C551: =SUM(C372:C550) -> 1 | D551: =SUM(D372:D550) -> 3.6989815 | E551: =SUM(E372:E550) -> 1 | F551: =SUM(F372:F550) -> 3.1596211 | G551: =SUM(G372:G550) -> 1 | H551: =SUM(H372:H550) -> 11.970562 | I551: =SUM(I372:I550) -> 1 | J551: =SUM(J372:J550) -> 4.6129603 | ... N551: =SUM(N372:N550) -> 29.325201
A553: Q19 | B553: Where did you last undertake your household's shopping for domestic appliances such as washing machines, fridges, cookers and kettles? | D553: ='Pop & Exp'!B123 -> 4.5277989 | F553: ='Pop & Exp'!C123 -> 3.5753017 | H553: ='Pop & Exp'!D123 -> 12.921267 | J553: ='Pop & Exp'!E123 -> 4.9041695 | L553: ='Pop & Exp'!F123 -> 5.8049674 | N553: =D553+F553+H553+J553+L553 -> 31.733505
B555: Asda Supermarket, South Street, Lancing, Brighton, BN15 8AG | C555: ='Survey Results'!D1155/'Survey Results'!D$1334 -> 0 | D555: =C555*$D$553 -> 0 | E555: ='Survey Results'!E1155/'Survey Results'!E$1334 -> 0 | F555: =E555*$F$553 -> 0 | G555: ='Survey Results'!F1155/'Survey Results'!F$1334 -> 0 | H555: =G555*$H$553 -> 0 | I555: ='Survey Results'!G1155/'Survey Results'!G$1334 -> 0 | J555: =I555*$J$553 -> 0 | K555: ='Survey Results'!H1155/'Survey Results'!H$1334 -> 0 | L555: =K555*$L$553 -> 0 | M555: =N555/$N$553 -> 0 | N555: =D555+F555+H555+J555+L555 -> 0
B556: Asda Superstore, Littlehampton Road, Ferring, BN12 6PN | C556: ='Survey Results'!D1156/'Survey Results'!D$1334 -> 0 | D556: =C556*$D$553 -> 0 | E556: ='Survey Results'!E1156/'Survey Results'!E$1334 -> 0 | F556: =E556*$F$553 -> 0 | G556: ='Survey Results'!F1156/'Survey Results'!F$1334 -> 0 | H556: =G556*$H$553 -> 0 | I556: ='Survey Results'!G1156/'Survey Results'!G$1334 -> 0 | J556: =I556*$J$553 -> 0 | K556: ='Survey Results'!H1156/'Survey Results'!H$1334 -> 0.033926175 | L556: =K556*$L$553 -> 0.19694034 | M556: =N556/$N$553 -> 0.0062060697 | N556: =D556+F556+H556+J556+L556 -> 0.19694034
B557: Marks and Spencer (M&S), East Street, Chichester, PO19 1HS | C557: ='Survey Results'!D1157/'Survey Results'!D$1334 -> 0 | D557: =C557*$D$553 -> 0 | E557: ='Survey Results'!E1157/'Survey Results'!E$1334 -> 0 | F557: =E557*$F$553 -> 0 | G557: ='Survey Results'!F1157/'Survey Results'!F$1334 -> 0 | H557: =G557*$H$553 -> 0 | I557: ='Survey Results'!G1157/'Survey Results'!G$1334 -> 0 | J557: =I557*$J$553 -> 0 | K557: ='Survey Results'!H1157/'Survey Results'!H$1334 -> 0 | L557: =K557*$L$553 -> 0 | M557: =N557/$N$553 -> 0 | N557: =D557+F557+H557+J557+L557 -> 0
B558: Marks and Spencer (M&S), Montague Street, Worthing, BN11 3BW | C558: ='Survey Results'!D1158/'Survey Results'!D$1334 -> 0 | D558: =C558*$D$553 -> 0 | E558: ='Survey Results'!E1158/'Survey Results'!E$1334 -> 0 | F558: =E558*$F$553 -> 0 | G558: ='Survey Results'!F1158/'Survey Results'!F$1334 -> 0 | H558: =G558*$H$553 -> 0 | I558: ='Survey Results'!G1158/'Survey Results'!G$1334 -> 0 | J558: =I558*$J$553 -> 0 | K558: ='Survey Results'!H1158/'Survey Results'!H$1334 -> 0 | L558: =K558*$L$553 -> 0 | M558: =N558/$N$553 -> 0 | N558: =D558+F558+H558+J558+L558 -> 0
B559: Marks and Spencer (M&S), North Street, Chichester, PO19 1LB | C559: ='Survey Results'!D1159/'Survey Results'!D$1334 -> 0 | D559: =C559*$D$553 -> 0 | E559: ='Survey Results'!E1159/'Survey Results'!E$1334 -> 0 | F559: =E559*$F$553 -> 0 | G559: ='Survey Results'!F1159/'Survey Results'!F$1334 -> 0 | H559: =G559*$H$553 -> 0 | I559: ='Survey Results'!G1159/'Survey Results'!G$1334 -> 0 | J559: =I559*$J$553 -> 0 | K559: ='Survey Results'!H1159/'Survey Results'!H$1334 -> 0 | L559: =K559*$L$553 -> 0 | M559: =N559/$N$553 -> 0 | N559: =D559+F559+H559+J559+L559 -> 0
B560: Morrisons Superstore, Bedford Street, Bognor Regis, PO21 1QP | C560: ='Survey Results'!D1160/'Survey Results'!D$1334 -> 0 | D560: =C560*$D$553 -> 0 | E560: ='Survey Results'!E1160/'Survey Results'!E$1334 -> 0 | F560: =E560*$F$553 -> 0 | G560: ='Survey Results'!F1160/'Survey Results'!F$1334 -> 0 | H560: =G560*$H$553 -> 0 | I560: ='Survey Results'!G1160/'Survey Results'!G$1334 -> 0 | J560: =I560*$J$553 -> 0 | K560: ='Survey Results'!H1160/'Survey Results'!H$1334 -> 0 | L560: =K560*$L$553 -> 0 | M560: =N560/$N$553 -> 0 | N560: =D560+F560+H560+J560+L560 -> 0
B561: Morrisons Superstore, Hawthorn Road, Wick, Littlehampton, BN17 7LA | C561: ='Survey Results'!D1161/'Survey Results'!D$1334 -> 0.070758618 | D561: =C561*$D$553 -> 0.3203808 | E561: ='Survey Results'!E1161/'Survey Results'!E$1334 -> 0 | F561: =E561*$F$553 -> 0 | G561: ='Survey Results'!F1161/'Survey Results'!F$1334 -> 0 | H561: =G561*$H$553 -> 0 | I561: ='Survey Results'!G1161/'Survey Results'!G$1334 -> 0 | J561: =I561*$J$553 -> 0 | K561: ='Survey Results'!H1161/'Survey Results'!H$1334 -> 0 | L561: =K561*$L$553 -> 0 | M561: =N561/$N$553 -> 0.010095979 | N561: =D561+F561+H561+J561+L561 -> 0.3203808
B562: Morrisons Superstore, Newland Street, Worthing, BN11 1JU | C562: ='Survey Results'!D1162/'Survey Results'!D$1334 -> 0 | D562: =C562*$D$553 -> 0 | E562: ='Survey Results'!E1162/'Survey Results'!E$1334 -> 0 | F562: =E562*$F$553 -> 0 | G562: ='Survey Results'!F1162/'Survey Results'!F$1334 -> 0 | H562: =G562*$H$553 -> 0 | I562: ='Survey Results'!G1162/'Survey Results'!G$1334 -> 0 | J562: =I562*$J$553 -> 0 | K562: ='Survey Results'!H1162/'Survey Results'!H$1334 -> 0 | L562: =K562*$L$553 -> 0 | M562: =N562/$N$553 -> 0 | N562: =D562+F562+H562+J562+L562 -> 0
B563: Morrisons Superstore, St James's Street, Kemptown, Brighton, BN2 1RE | C563: ='Survey Results'!D1163/'Survey Results'!D$1334 -> 0 | D563: =C563*$D$553 -> 0 | E563: ='Survey Results'!E1163/'Survey Results'!E$1334 -> 0 | F563: =E563*$F$553 -> 0 | G563: ='Survey Results'!F1163/'Survey Results'!F$1334 -> 0 | H563: =G563*$H$553 -> 0 | I563: ='Survey Results'!G1163/'Survey Results'!G$1334 -> 0 | J563: =I563*$J$553 -> 0 | K563: ='Survey Results'!H1163/'Survey Results'!H$1334 -> 0 | L563: =K563*$L$553 -> 0 | M563: =N563/$N$553 -> 0 | N563: =D563+F563+H563+J563+L563 -> 0
B564: Sainsbury's Superstore, Downland Business Park, Lyons Farm, Worthing, BN14 9LA | C564: ='Survey Results'!D1164/'Survey Results'!D$1334 -> 0 | D564: =C564*$D$553 -> 0 | E564: ='Survey Results'!E1164/'Survey Results'!E$1334 -> 0.078462894 | F564: =E564*$F$553 -> 0.28052852 | G564: ='Survey Results'!F1164/'Survey Results'!F$1334 -> 0.091367016 | H564: =G564*$H$553 -> 1.1805776 | I564: ='Survey Results'!G1164/'Survey Results'!G$1334 -> 0 | J564: =I564*$J$553 -> 0 | K564: ='Survey Results'!H1164/'Survey Results'!H$1334 -> 0 | L564: =K564*$L$553 -> 0 | M564: =N564/$N$553 -> 0.046043012 | N564: =D564+F564+H564+J564+L564 -> 1.4611061
B565: Sainsbury's Superstore, High Street, Littlehampton, BN17 5EG | C565: ='Survey Results'!D1165/'Survey Results'!D$1334 -> 0 | D565: =C565*$D$553 -> 0 | E565: ='Survey Results'!E1165/'Survey Results'!E$1334 -> 0 | F565: =E565*$F$553 -> 0 | G565: ='Survey Results'!F1165/'Survey Results'!F$1334 -> 0 | H565: =G565*$H$553 -> 0 | I565: ='Survey Results'!G1165/'Survey Results'!G$1334 -> 0 | J565: =I565*$J$553 -> 0 | K565: ='Survey Results'!H1165/'Survey Results'!H$1334 -> 0 | L565: =K565*$L$553 -> 0 | M565: =N565/$N$553 -> 0 | N565: =D565+F565+H565+J565+L565 -> 0
B566: Sainsbury's Superstore, Rustington Retail Park, New Road, Littlehampton, BN16 3RT | C566: ='Survey Results'!D1166/'Survey Results'!D$1334 -> 0.045946469 | D566: =C566*$D$553 -> 0.20803637 | E566: ='Survey Results'!E1166/'Survey Results'!E$1334 -> 0.074036556 | F566: =E566*$F$553 -> 0.26470302 | G566: ='Survey Results'!F1166/'Survey Results'!F$1334 -> 0.029555454 | H566: =G566*$H$553 -> 0.38189392 | I566: ='Survey Results'!G1166/'Survey Results'!G$1334 -> 0.15227311 | J566: =I566*$J$553 -> 0.74677315 | K566: ='Survey Results'!H1166/'Survey Results'!H$1334 -> 0 | L566: =K566*$L$553 -> 0 | M566: =N566/$N$553 -> 0.050464217 | N566: =D566+F566+H566+J566+L566 -> 1.6014065
... B733: Yapton Village Centre | C733: ='Survey Results'!D1333/'Survey Results'!D$1334 -> 0 | D733: =C733*$D$553 -> 0 | E733: ='Survey Results'!E1333/'Survey Results'!E$1334 -> 0 | F733: =E733*$F$553 -> 0 | G733: ='Survey Results'!F1333/'Survey Results'!F$1334 -> 0 | H733: =G733*$H$553 -> 0 | I733: ='Survey Results'!G1333/'Survey Results'!G$1334 -> 0 | J733: =I733*$J$553 -> 0 | K733: ='Survey Results'!H1333/'Survey Results'!H$1334 -> 0 | L733: =K733*$L$553 -> 0 | M733: =N733/$N$553 -> 0 | N733: =D733+F733+H733+J733+L733 -> 0
B734: Total | C734: =SUM(C555:C733) -> 1 | D734: =SUM(D555:D733) -> 4.5277989 | E734: =SUM(E555:E733) -> 1 | F734: =SUM(F555:F733) -> 3.5753017 | G734: =SUM(G555:G733) -> 1 | H734: =SUM(H555:H733) -> 12.921267 | I734: =SUM(I555:I733) -> 1 | J734: =SUM(J555:J733) -> 4.9041695 | ... N734: =SUM(N555:N733) -> 31.733505
A736: Q20 | B736: Where did you last undertake your household's shopping for TV, audio, photographic, mobile phones, and computer equipment? | D736: ='Pop & Exp'!B124 -> 4.8654653 | F736: ='Pop & Exp'!C124 -> 3.26046 | H736: ='Pop & Exp'!D124 -> 10.72146 | J736: ='Pop & Exp'!E124 -> 3.9815775 | L736: ='Pop & Exp'!F124 -> 4.9191823 | N736: =D736+F736+H736+J736+L736 -> 27.748145
B738: Asda Supermarket, South Street, Lancing, Brighton, BN15 8AG | C738: ='Survey Results'!D1338/'Survey Results'!D$1517 -> 0 | D738: =C738*$D$736 -> 0 | E738: ='Survey Results'!E1338/'Survey Results'!E$1517 -> 0 | F738: =E738*$F$736 -> 0 | G738: ='Survey Results'!F1338/'Survey Results'!F$1517 -> 0 | H738: =G738*$H$736 -> 0 | I738: ='Survey Results'!G1338/'Survey Results'!G$1517 -> 0 | J738: =I738*$J$736 -> 0 | K738: ='Survey Results'!H1338/'Survey Results'!H$1517 -> 0 | L738: =K738*$L$736 -> 0 | M738: =N738/$N$736 -> 0 | N738: =D738+F738+H738+J738+L738 -> 0
B739: Asda Superstore, Littlehampton Road, Ferring, BN12 6PN | C739: ='Survey Results'!D1339/'Survey Results'!D$1517 -> 0.033448186 | D739: =C739*$D$736 -> 0.16274099 | E739: ='Survey Results'!E1339/'Survey Results'!E$1517 -> 0 | F739: =E739*$F$736 -> 0 | G739: ='Survey Results'!F1339/'Survey Results'!F$1517 -> 0.010181704 | H739: =G739*$H$736 -> 0.10916273 | I739: ='Survey Results'!G1339/'Survey Results'!G$1517 -> 0 | J739: =I739*$J$736 -> 0 | K739: ='Survey Results'!H1339/'Survey Results'!H$1517 -> 0 | L739: =K739*$L$736 -> 0 | M739: =N739/$N$736 -> 0.0097989873 | N739: =D739+F739+H739+J739+L739 -> 0.27190372
B740: Marks and Spencer (M&S), East Street, Chichester, PO19 1HS | C740: ='Survey Results'!D1340/'Survey Results'!D$1517 -> 0 | D740: =C740*$D$736 -> 0 | E740: ='Survey Results'!E1340/'Survey Results'!E$1517 -> 0 | F740: =E740*$F$736 -> 0 | G740: ='Survey Results'!F1340/'Survey Results'!F$1517 -> 0 | H740: =G740*$H$736 -> 0 | I740: ='Survey Results'!G1340/'Survey Results'!G$1517 -> 0 | J740: =I740*$J$736 -> 0 | K740: ='Survey Results'!H1340/'Survey Results'!H$1517 -> 0 | L740: =K740*$L$736 -> 0 | M740: =N740/$N$736 -> 0 | N740: =D740+F740+H740+J740+L740 -> 0
B741: Marks and Spencer (M&S), Montague Street, Worthing, BN11 3BW | C741: ='Survey Results'!D1341/'Survey Results'!D$1517 -> 0 | D741: =C741*$D$736 -> 0 | E741: ='Survey Results'!E1341/'Survey Results'!E$1517 -> 0 | F741: =E741*$F$736 -> 0 | G741: ='Survey Results'!F1341/'Survey Results'!F$1517 -> 0 | H741: =G741*$H$736 -> 0 | I741: ='Survey Results'!G1341/'Survey Results'!G$1517 -> 0 | J741: =I741*$J$736 -> 0 | K741: ='Survey Results'!H1341/'Survey Results'!H$1517 -> 0 | L741: =K741*$L$736 -> 0 | M741: =N741/$N$736 -> 0 | N741: =D741+F741+H741+J741+L741 -> 0
B742: Marks and Spencer (M&S), North Street, Chichester, PO19 1LB | C742: ='Survey Results'!D1342/'Survey Results'!D$1517 -> 0 | D742: =C742*$D$736 -> 0 | E742: ='Survey Results'!E1342/'Survey Results'!E$1517 -> 0 | F742: =E742*$F$736 -> 0 | G742: ='Survey Results'!F1342/'Survey Results'!F$1517 -> 0 | H742: =G742*$H$736 -> 0 | I742: ='Survey Results'!G1342/'Survey Results'!G$1517 -> 0 | J742: =I742*$J$736 -> 0 | K742: ='Survey Results'!H1342/'Survey Results'!H$1517 -> 0 | L742: =K742*$L$736 -> 0 | M742: =N742/$N$736 -> 0 | N742: =D742+F742+H742+J742+L742 -> 0
B743: Morrisons Superstore, Bedford Street, Bognor Regis, PO21 1QP | C743: ='Survey Results'!D1343/'Survey Results'!D$1517 -> 0 | D743: =C743*$D$736 -> 0 | E743: ='Survey Results'!E1343/'Survey Results'!E$1517 -> 0 | F743: =E743*$F$736 -> 0 | G743: ='Survey Results'!F1343/'Survey Results'!F$1517 -> 0 | H743: =G743*$H$736 -> 0 | I743: ='Survey Results'!G1343/'Survey Results'!G$1517 -> 0 | J743: =I743*$J$736 -> 0 | K743: ='Survey Results'!H1343/'Survey Results'!H$1517 -> 0 | L743: =K743*$L$736 -> 0 | M743: =N743/$N$736 -> 0 | N743: =D743+F743+H743+J743+L743 -> 0
B744: Morrisons Superstore, Hawthorn Road, Wick, Littlehampton, BN17 7LA | C744: ='Survey Results'!D1344/'Survey Results'!D$1517 -> 0 | D744: =C744*$D$736 -> 0 | E744: ='Survey Results'!E1344/'Survey Results'!E$1517 -> 0 | F744: =E744*$F$736 -> 0 | G744: ='Survey Results'!F1344/'Survey Results'!F$1517 -> 0 | H744: =G744*$H$736 -> 0 | I744: ='Survey Results'!G1344/'Survey Results'!G$1517 -> 0 | J744: =I744*$J$736 -> 0 | K744: ='Survey Results'!H1344/'Survey Results'!H$1517 -> 0 | L744: =K744*$L$736 -> 0 | M744: =N744/$N$736 -> 0 | N744: =D744+F744+H744+J744+L744 -> 0
B745: Morrisons Superstore, Newland Street, Worthing, BN11 1JU | C745: ='Survey Results'!D1345/'Survey Results'!D$1517 -> 0 | D745: =C745*$D$736 -> 0 | E745: ='Survey Results'!E1345/'Survey Results'!E$1517 -> 0 | F745: =E745*$F$736 -> 0 | G745: ='Survey Results'!F1345/'Survey Results'!F$1517 -> 0 | H745: =G745*$H$736 -> 0 | I745: ='Survey Results'!G1345/'Survey Results'!G$1517 -> 0 | J745: =I745*$J$736 -> 0 | K745: ='Survey Results'!H1345/'Survey Results'!H$1517 -> 0 | L745: =K745*$L$736 -> 0 | M745: =N745/$N$736 -> 0 | N745: =D745+F745+H745+J745+L745 -> 0
B746: Morrisons Superstore, St James's Street, Kemptown, Brighton, BN2 1RE | C746: ='Survey Results'!D1346/'Survey Results'!D$1517 -> 0 | D746: =C746*$D$736 -> 0 | E746: ='Survey Results'!E1346/'Survey Results'!E$1517 -> 0 | F746: =E746*$F$736 -> 0 | G746: ='Survey Results'!F1346/'Survey Results'!F$1517 -> 0 | H746: =G746*$H$736 -> 0 | I746: ='Survey Results'!G1346/'Survey Results'!G$1517 -> 0 | J746: =I746*$J$736 -> 0 | K746: ='Survey Results'!H1346/'Survey Results'!H$1517 -> 0 | L746: =K746*$L$736 -> 0 | M746: =N746/$N$736 -> 0 | N746: =D746+F746+H746+J746+L746 -> 0
B747: Sainsbury's Superstore, Downland Business Park, Lyons Farm, Worthing, BN14 9LA | C747: ='Survey Results'!D1347/'Survey Results'!D$1517 -> 0 | D747: =C747*$D$736 -> 0 | E747: ='Survey Results'!E1347/'Survey Results'!E$1517 -> 0 | F747: =E747*$F$736 -> 0 | G747: ='Survey Results'!F1347/'Survey Results'!F$1517 -> 0 | H747: =G747*$H$736 -> 0 | I747: ='Survey Results'!G1347/'Survey Results'!G$1517 -> 0 | J747: =I747*$J$736 -> 0 | K747: ='Survey Results'!H1347/'Survey Results'!H$1517 -> 0 | L747: =K747*$L$736 -> 0 | M747: =N747/$N$736 -> 0 | N747: =D747+F747+H747+J747+L747 -> 0
B748: Sainsbury's Superstore, High Street, Littlehampton, BN17 5EG | C748: ='Survey Results'!D1348/'Survey Results'!D$1517 -> 0 | D748: =C748*$D$736 -> 0 | E748: ='Survey Results'!E1348/'Survey Results'!E$1517 -> 0 | F748: =E748*$F$736 -> 0 | G748: ='Survey Results'!F1348/'Survey Results'!F$1517 -> 0 | H748: =G748*$H$736 -> 0 | I748: ='Survey Results'!G1348/'Survey Results'!G$1517 -> 0 | J748: =I748*$J$736 -> 0 | K748: ='Survey Results'!H1348/'Survey Results'!H$1517 -> 0 | L748: =K748*$L$736 -> 0 | M748: =N748/$N$736 -> 0 | N748: =D748+F748+H748+J748+L748 -> 0
B749: Sainsbury's Superstore, Rustington Retail Park, New Road, Littlehampton, BN16 3RT | C749: ='Survey Results'!D1349/'Survey Results'!D$1517 -> 0.0095710169 | D749: =C749*$D$736 -> 0.046567451 | E749: ='Survey Results'!E1349/'Survey Results'!E$1517 -> 0.030103683 | F749: =E749*$F$736 -> 0.098151854 | G749: ='Survey Results'!F1349/'Survey Results'!F$1517 -> 0.020363409 | H749: =G749*$H$736 -> 0.21832546 | I749: ='Survey Results'!G1349/'Survey Results'!G$1517 -> 0 | J749: =I749*$J$736 -> 0 | K749: ='Survey Results'!H1349/'Survey Results'!H$1517 -> 0 | L749: =K749*$L$736 -> 0 | M749: =N749/$N$736 -> 0.013083569 | N749: =D749+F749+H749+J749+L749 -> 0.36304476
... B916: Yapton Village Centre | C916: ='Survey Results'!D1516/'Survey Results'!D$1517 -> 0 | D916: =C916*$D$736 -> 0 | E916: ='Survey Results'!E1516/'Survey Results'!E$1517 -> 0 | F916: =E916*$F$736 -> 0 | G916: ='Survey Results'!F1516/'Survey Results'!F$1517 -> 0 | H916: =G916*$H$736 -> 0 | I916: ='Survey Results'!G1516/'Survey Results'!G$1517 -> 0 | J916: =I916*$J$736 -> 0 | K916: ='Survey Results'!H1516/'Survey Results'!H$1517 -> 0 | L916: =K916*$L$736 -> 0 | M916: =N916/$N$736 -> 0 | N916: =D916+F916+H916+J916+L916 -> 0
B917: Total | C917: =SUM(C738:C916) -> 1 | D917: =SUM(D738:D916) -> 4.8654653 | E917: =SUM(E738:E916) -> 1 | F917: =SUM(F738:F916) -> 3.26046 | G917: =SUM(G738:G916) -> 1 | H917: =SUM(H738:H916) -> 10.72146 | I917: =SUM(I738:I916) -> 1 | J917: =SUM(J738:J916) -> 3.9815775 | ... N917: =SUM(N738:N916) -> 27.748145
A919: Q21 | B919: Where did you last undertake your household's shopping on goods for personal care such as soaps, beauty products and medical goods? | D919: ='Pop & Exp'!B125 -> 7.7509779 | F919: ='Pop & Exp'!C125 -> 5.9819918 | H919: ='Pop & Exp'!D125 -> 20.145241 | J919: ='Pop & Exp'!E125 -> 8.0585066 | L919: ='Pop & Exp'!F125 -> 9.7502846 | N919: =D919+F919+H919+J919+L919 -> 51.687002
B921: Asda Supermarket, South Street, Lancing, Brighton, BN15 8AG | C921: ='Survey Results'!D1521/'Survey Results'!D$1700 -> 0 | D921: =C921*$D$919 -> 0 | E921: ='Survey Results'!E1521/'Survey Results'!E$1700 -> 0 | F921: =E921*$F$919 -> 0 | G921: ='Survey Results'!F1521/'Survey Results'!F$1700 -> 0 | H921: =G921*$H$919 -> 0 | I921: ='Survey Results'!G1521/'Survey Results'!G$1700 -> 0 | J921: =I921*$J$919 -> 0 | K921: ='Survey Results'!H1521/'Survey Results'!H$1700 -> 0 | L921: =K921*$L$919 -> 0 | M921: =N921/$N$919 -> 0 | N921: =D921+F921+H921+J921+L921 -> 0
B922: Asda Superstore, Littlehampton Road, Ferring, BN12 6PN | C922: ='Survey Results'!D1522/'Survey Results'!D$1700 -> 0 | D922: =C922*$D$919 -> 0 | E922: ='Survey Results'!E1522/'Survey Results'!E$1700 -> 0 | F922: =E922*$F$919 -> 0 | G922: ='Survey Results'!F1522/'Survey Results'!F$1700 -> 0.058013738 | H922: =G922*$H$919 -> 1.1687007 | I922: ='Survey Results'!G1522/'Survey Results'!G$1700 -> 0 | J922: =I922*$J$919 -> 0 | K922: ='Survey Results'!H1522/'Survey Results'!H$1700 -> 0 | L922: =K922*$L$919 -> 0 | M922: =N922/$N$919 -> 0.022611115 | N922: =D922+F922+H922+J922+L922 -> 1.1687007
B923: Marks and Spencer (M&S), East Street, Chichester, PO19 1HS | C923: ='Survey Results'!D1523/'Survey Results'!D$1700 -> 0 | D923: =C923*$D$919 -> 0 | E923: ='Survey Results'!E1523/'Survey Results'!E$1700 -> 0 | F923: =E923*$F$919 -> 0 | G923: ='Survey Results'!F1523/'Survey Results'!F$1700 -> 0 | H923: =G923*$H$919 -> 0 | I923: ='Survey Results'!G1523/'Survey Results'!G$1700 -> 0 | J923: =I923*$J$919 -> 0 | K923: ='Survey Results'!H1523/'Survey Results'!H$1700 -> 0 | L923: =K923*$L$919 -> 0 | M923: =N923/$N$919 -> 0 | N923: =D923+F923+H923+J923+L923 -> 0
B924: Marks and Spencer (M&S), Montague Street, Worthing, BN11 3BW | C924: ='Survey Results'!D1524/'Survey Results'!D$1700 -> 0 | D924: =C924*$D$919 -> 0 | E924: ='Survey Results'!E1524/'Survey Results'!E$1700 -> 0 | F924: =E924*$F$919 -> 0 | G924: ='Survey Results'!F1524/'Survey Results'!F$1700 -> 0 | H924: =G924*$H$919 -> 0 | I924: ='Survey Results'!G1524/'Survey Results'!G$1700 -> 0 | J924: =I924*$J$919 -> 0 | K924: ='Survey Results'!H1524/'Survey Results'!H$1700 -> 0 | L924: =K924*$L$919 -> 0 | M924: =N924/$N$919 -> 0 | N924: =D924+F924+H924+J924+L924 -> 0
B925: Marks and Spencer (M&S), North Street, Chichester, PO19 1LB | C925: ='Survey Results'!D1525/'Survey Results'!D$1700 -> 0 | D925: =C925*$D$919 -> 0 | E925: ='Survey Results'!E1525/'Survey Results'!E$1700 -> 0 | F925: =E925*$F$919 -> 0 | G925: ='Survey Results'!F1525/'Survey Results'!F$1700 -> 0 | H925: =G925*$H$919 -> 0 | I925: ='Survey Results'!G1525/'Survey Results'!G$1700 -> 0 | J925: =I925*$J$919 -> 0 | K925: ='Survey Results'!H1525/'Survey Results'!H$1700 -> 0 | L925: =K925*$L$919 -> 0 | M925: =N925/$N$919 -> 0 | N925: =D925+F925+H925+J925+L925 -> 0
B926: Morrisons Superstore, Bedford Street, Bognor Regis, PO21 1QP | C926: ='Survey Results'!D1526/'Survey Results'!D$1700 -> 0 | D926: =C926*$D$919 -> 0 | E926: ='Survey Results'!E1526/'Survey Results'!E$1700 -> 0 | F926: =E926*$F$919 -> 0 | G926: ='Survey Results'!F1526/'Survey Results'!F$1700 -> 0 | H926: =G926*$H$919 -> 0 | I926: ='Survey Results'!G1526/'Survey Results'!G$1700 -> 0 | J926: =I926*$J$919 -> 0 | K926: ='Survey Results'!H1526/'Survey Results'!H$1700 -> 0.0072668665 | L926: =K926*$L$919 -> 0.070854016 | M926: =N926/$N$919 -> 0.0013708285 | N926: =D926+F926+H926+J926+L926 -> 0.070854016
B927: Morrisons Superstore, Hawthorn Road, Wick, Littlehampton, BN17 7LA | C927: ='Survey Results'!D1527/'Survey Results'!D$1700 -> 0.02119158 | D927: =C927*$D$919 -> 0.16425546 | E927: ='Survey Results'!E1527/'Survey Results'!E$1700 -> 0.024096232 | F927: =E927*$F$919 -> 0.14414346 | G927: ='Survey Results'!F1527/'Survey Results'!F$1700 -> 0.045506583 | H927: =G927*$H$919 -> 0.91674107 | I927: ='Survey Results'!G1527/'Survey Results'!G$1700 -> 0.0059404239 | J927: =I927*$J$919 -> 0.047870945 | K927: ='Survey Results'!H1527/'Survey Results'!H$1700 -> 0.0072668665 | L927: =K927*$L$919 -> 0.070854016 | M927: =N927/$N$919 -> 0.026000056 | N927: =D927+F927+H927+J927+L927 -> 1.343865
B928: Morrisons Superstore, Newland Street, Worthing, BN11 1JU | C928: ='Survey Results'!D1528/'Survey Results'!D$1700 -> 0 | D928: =C928*$D$919 -> 0 | E928: ='Survey Results'!E1528/'Survey Results'!E$1700 -> 0 | F928: =E928*$F$919 -> 0 | G928: ='Survey Results'!F1528/'Survey Results'!F$1700 -> 0 | H928: =G928*$H$919 -> 0 | I928: ='Survey Results'!G1528/'Survey Results'!G$1700 -> 0 | J928: =I928*$J$919 -> 0 | K928: ='Survey Results'!H1528/'Survey Results'!H$1700 -> 0 | L928: =K928*$L$919 -> 0 | M928: =N928/$N$919 -> 0 | N928: =D928+F928+H928+J928+L928 -> 0
B929: Morrisons Superstore, St James's Street, Kemptown, Brighton, BN2 1RE | C929: ='Survey Results'!D1529/'Survey Results'!D$1700 -> 0 | D929: =C929*$D$919 -> 0 | E929: ='Survey Results'!E1529/'Survey Results'!E$1700 -> 0 | F929: =E929*$F$919 -> 0 | G929: ='Survey Results'!F1529/'Survey Results'!F$1700 -> 0 | H929: =G929*$H$919 -> 0 | I929: ='Survey Results'!G1529/'Survey Results'!G$1700 -> 0 | J929: =I929*$J$919 -> 0 | K929: ='Survey Results'!H1529/'Survey Results'!H$1700 -> 0 | L929: =K929*$L$919 -> 0 | M929: =N929/$N$919 -> 0 | N929: =D929+F929+H929+J929+L929 -> 0
B930: Sainsbury's Superstore, Downland Business Park, Lyons Farm, Worthing, BN14 9LA | C930: ='Survey Results'!D1530/'Survey Results'!D$1700 -> 0 | D930: =C930*$D$919 -> 0 | E930: ='Survey Results'!E1530/'Survey Results'!E$1700 -> 0 | F930: =E930*$F$919 -> 0 | G930: ='Survey Results'!F1530/'Survey Results'!F$1700 -> 0.045506583 | H930: =G930*$H$919 -> 0.91674107 | I930: ='Survey Results'!G1530/'Survey Results'!G$1700 -> 0.017832014 | J930: =I930*$J$919 -> 0.1436994 | K930: ='Survey Results'!H1530/'Survey Results'!H$1700 -> 0 | L930: =K930*$L$919 -> 0 | M930: =N930/$N$919 -> 0.020516579 | N930: =D930+F930+H930+J930+L930 -> 1.0604405
B931: Sainsbury's Superstore, High Street, Littlehampton, BN17 5EG | C931: ='Survey Results'!D1531/'Survey Results'!D$1700 -> 0.0060638556 | D931: =C931*$D$919 -> 0.04700081 | E931: ='Survey Results'!E1531/'Survey Results'!E$1700 -> 0 | F931: =E931*$F$919 -> 0 | G931: ='Survey Results'!F1531/'Survey Results'!F$1700 -> 0.00465083 | H931: =G931*$H$919 -> 0.09369209 | I931: ='Survey Results'!G1531/'Survey Results'!G$1700 -> 0 | J931: =I931*$J$919 -> 0 | K931: ='Survey Results'!H1531/'Survey Results'!H$1700 -> 0 | L931: =K931*$L$919 -> 0 | M931: =N931/$N$919 -> 0.0027220171 | N931: =D931+F931+H931+J931+L931 -> 0.1406929
B932: Sainsbury's Superstore, Rustington Retail Park, New Road, Littlehampton, BN16 3RT | C932: ='Survey Results'!D1532/'Survey Results'!D$1700 -> 0.033332057 | D932: =C932*$D$919 -> 0.25835603 | E932: ='Survey Results'!E1532/'Survey Results'!E$1700 -> 0.072161405 | F932: =E932*$F$919 -> 0.43166893 | G932: ='Survey Results'!F1532/'Survey Results'!F$1700 -> 0.11828849 | H932: =G932*$H$919 -> 2.3829502 | I932: ='Survey Results'!G1532/'Survey Results'!G$1700 -> 0.029723604 | J932: =I932*$J$919 -> 0.23952786 | K932: ='Survey Results'!H1532/'Survey Results'!H$1700 -> 0 | L932: =K932*$L$919 -> 0 | M932: =N932/$N$919 -> 0.064087738 | N932: =D932+F932+H932+J932+L932 -> 3.312503
... B1099: Yapton Village Centre | C1099: ='Survey Results'!D1699/'Survey Results'!D$1700 -> 0.0060638556 | D1099: =C1099*$D$919 -> 0.04700081 | E1099: ='Survey Results'!E1699/'Survey Results'!E$1700 -> 0 | F1099: =E1099*$F$919 -> 0 | G1099: ='Survey Results'!F1699/'Survey Results'!F$1700 -> 0 | H1099: =G1099*$H$919 -> 0 | I1099: ='Survey Results'!G1699/'Survey Results'!G$1700 -> 0 | J1099: =I1099*$J$919 -> 0 | K1099: ='Survey Results'!H1699/'Survey Results'!H$1700 -> 0.029053328 | L1099: =K1099*$L$919 -> 0.28327822 | M1099: =N1099/$N$919 -> 0.0063899823 | N1099: =D1099+F1099+H1099+J1099+L1099 -> 0.33027903
B1100: Total | C1100: =SUM(C921:C1099) -> 1 | D1100: =SUM(D921:D1099) -> 7.7509779 | E1100: =SUM(E921:E1099) -> 1 | F1100: =SUM(F921:F1099) -> 5.9819918 | G1100: =SUM(G921:G1099) -> 1 | H1100: =SUM(H921:H1099) -> 20.145241 | I1100: =SUM(I921:I1099) -> 1 | J1100: =SUM(J921:J1099) -> 8.0585066 | ... N1100: =SUM(N921:N1099) -> 51.687002
A1102: Q22 | B1102: Where did you last undertake your household's shopping on small household goods, such as home furnishing, glass and china items? | D1102: ='Pop & Exp'!B126 -> 2.9776034 | F1102: ='Pop & Exp'!C126 -> 2.308092 | H1102: ='Pop & Exp'!D126 -> 8.2232554 | J1102: ='Pop & Exp'!E126 -> 3.2084556 | L1102: ='Pop & Exp'!F126 -> 3.5730547 | N1102: =D1102+F1102+H1102+J1102+L1102 -> 20.290461
B1104: Asda Supermarket, South Street, Lancing, Brighton, BN15 8AG | C1104: ='Survey Results'!D1704/'Survey Results'!D$1883 -> 0 | D1104: =C1104*$D$1102 -> 0 | E1104: ='Survey Results'!E1704/'Survey Results'!E$1883 -> 0 | F1104: =E1104*$F$1102 -> 0 | G1104: ='Survey Results'!F1704/'Survey Results'!F$1883 -> 0 | H1104: =G1104*$H$1102 -> 0 | I1104: ='Survey Results'!G1704/'Survey Results'!G$1883 -> 0 | J1104: =I1104*$J$1102 -> 0 | K1104: ='Survey Results'!H1704/'Survey Results'!H$1883 -> 0 | L1104: =K1104*$L$1102 -> 0 | M1104: =N1104/$N$1102 -> 0 | N1104: =D1104+F1104+H1104+J1104+L1104 -> 0
B1105: Asda Superstore, Littlehampton Road, Ferring, BN12 6PN | C1105: ='Survey Results'!D1705/'Survey Results'!D$1883 -> 0 | D1105: =C1105*$D$1102 -> 0 | E1105: ='Survey Results'!E1705/'Survey Results'!E$1883 -> 0.086713256 | F1105: =E1105*$F$1102 -> 0.20014217 | G1105: ='Survey Results'!F1705/'Survey Results'!F$1883 -> 0.014459868 | H1105: =G1105*$H$1102 -> 0.11890719 | I1105: ='Survey Results'!G1705/'Survey Results'!G$1883 -> 0.061030224 | J1105: =I1105*$J$1102 -> 0.19581277 | K1105: ='Survey Results'!H1705/'Survey Results'!H$1883 -> 0 | L1105: =K1105*$L$1102 -> 0 | M1105: =N1105/$N$1102 -> 0.02537459 | N1105: =D1105+F1105+H1105+J1105+L1105 -> 0.51486213
B1106: Marks and Spencer (M&S), East Street, Chichester, PO19 1HS | C1106: ='Survey Results'!D1706/'Survey Results'!D$1883 -> 0 | D1106: =C1106*$D$1102 -> 0 | E1106: ='Survey Results'!E1706/'Survey Results'!E$1883 -> 0 | F1106: =E1106*$F$1102 -> 0 | G1106: ='Survey Results'!F1706/'Survey Results'!F$1883 -> 0 | H1106: =G1106*$H$1102 -> 0 | I1106: ='Survey Results'!G1706/'Survey Results'!G$1883 -> 0 | J1106: =I1106*$J$1102 -> 0 | K1106: ='Survey Results'!H1706/'Survey Results'!H$1883 -> 0 | L1106: =K1106*$L$1102 -> 0 | M1106: =N1106/$N$1102 -> 0 | N1106: =D1106+F1106+H1106+J1106+L1106 -> 0
B1107: Marks and Spencer (M&S), Montague Street, Worthing, BN11 3BW | C1107: ='Survey Results'!D1707/'Survey Results'!D$1883 -> 0 | D1107: =C1107*$D$1102 -> 0 | E1107: ='Survey Results'!E1707/'Survey Results'!E$1883 -> 0 | F1107: =E1107*$F$1102 -> 0 | G1107: ='Survey Results'!F1707/'Survey Results'!F$1883 -> 0.014459868 | H1107: =G1107*$H$1102 -> 0.11890719 | I1107: ='Survey Results'!G1707/'Survey Results'!G$1883 -> 0 | J1107: =I1107*$J$1102 -> 0 | K1107: ='Survey Results'!H1707/'Survey Results'!H$1883 -> 0 | L1107: =K1107*$L$1102 -> 0 | M1107: =N1107/$N$1102 -> 0.0058602508 | N1107: =D1107+F1107+H1107+J1107+L1107 -> 0.11890719
B1108: Marks and Spencer (M&S), North Street, Chichester, PO19 1LB | C1108: ='Survey Results'!D1708/'Survey Results'!D$1883 -> 0 | D1108: =C1108*$D$1102 -> 0 | E1108: ='Survey Results'!E1708/'Survey Results'!E$1883 -> 0 | F1108: =E1108*$F$1102 -> 0 | G1108: ='Survey Results'!F1708/'Survey Results'!F$1883 -> 0 | H1108: =G1108*$H$1102 -> 0 | I1108: ='Survey Results'!G1708/'Survey Results'!G$1883 -> 0 | J1108: =I1108*$J$1102 -> 0 | K1108: ='Survey Results'!H1708/'Survey Results'!H$1883 -> 0 | L1108: =K1108*$L$1102 -> 0 | M1108: =N1108/$N$1102 -> 0 | N1108: =D1108+F1108+H1108+J1108+L1108 -> 0
B1109: Morrisons Superstore, Bedford Street, Bognor Regis, PO21 1QP | C1109: ='Survey Results'!D1709/'Survey Results'!D$1883 -> 0 | D1109: =C1109*$D$1102 -> 0 | E1109: ='Survey Results'!E1709/'Survey Results'!E$1883 -> 0 | F1109: =E1109*$F$1102 -> 0 | G1109: ='Survey Results'!F1709/'Survey Results'!F$1883 -> 0 | H1109: =G1109*$H$1102 -> 0 | I1109: ='Survey Results'!G1709/'Survey Results'!G$1883 -> 0 | J1109: =I1109*$J$1102 -> 0 | K1109: ='Survey Results'!H1709/'Survey Results'!H$1883 -> 0 | L1109: =K1109*$L$1102 -> 0 | M1109: =N1109/$N$1102 -> 0 | N1109: =D1109+F1109+H1109+J1109+L1109 -> 0
B1110: Morrisons Superstore, Hawthorn Road, Wick, Littlehampton, BN17 7LA | C1110: ='Survey Results'!D1710/'Survey Results'!D$1883 -> 0.0075807147 | D1110: =C1110*$D$1102 -> 0.022572362 | E1110: ='Survey Results'!E1710/'Survey Results'!E$1883 -> 0.0091872945 | F1110: =E1110*$F$1102 -> 0.021205121 | G1110: ='Survey Results'!F1710/'Survey Results'!F$1883 -> 0 | H1110: =G1110*$H$1102 -> 0 | I1110: ='Survey Results'!G1710/'Survey Results'!G$1883 -> 0.011105533 | J1110: =I1110*$J$1102 -> 0.035631609 | K1110: ='Survey Results'!H1710/'Survey Results'!H$1883 -> 0 | L1110: =K1110*$L$1102 -> 0 | M1110: =N1110/$N$1102 -> 0.0039136169 | N1110: =D1110+F1110+H1110+J1110+L1110 -> 0.079409091
B1111: Morrisons Superstore, Newland Street, Worthing, BN11 1JU | C1111: ='Survey Results'!D1711/'Survey Results'!D$1883 -> 0 | D1111: =C1111*$D$1102 -> 0 | E1111: ='Survey Results'!E1711/'Survey Results'!E$1883 -> 0 | F1111: =E1111*$F$1102 -> 0 | G1111: ='Survey Results'!F1711/'Survey Results'!F$1883 -> 0 | H1111: =G1111*$H$1102 -> 0 | I1111: ='Survey Results'!G1711/'Survey Results'!G$1883 -> 0 | J1111: =I1111*$J$1102 -> 0 | K1111: ='Survey Results'!H1711/'Survey Results'!H$1883 -> 0 | L1111: =K1111*$L$1102 -> 0 | M1111: =N1111/$N$1102 -> 0 | N1111: =D1111+F1111+H1111+J1111+L1111 -> 0
...

Sheet Non-food Shopping (By Zone)
C1: Zone 1 | E1: Zone 2 | G1: Zone 3 | I1: Zone 4 | K1: Zone 5 | M1: Total
D4: ='Pop & Exp'!B118 -> 57.572115 | F4: ='Pop & Exp'!C118 -> 43.517618 | H4: ='Pop & Exp'!D118 -> 150.13513 | J4: ='Pop & Exp'!E118 -> 60.239077 | L4: ='Pop & Exp'!F118 -> 73.189455 | N4: =L4+J4+H4+F4+D4 -> 384.65339
B6: Asda Supermarket, South Street, Lancing, Brighton, BN15 8AG (OUTSIDE) | C6: =D6/$D$4 -> 0 | D6: ='Non-food Shopping'!D6+'Non-food Shopping'!D189+'Non-food Shopping'!D372+'Non-food Shopping'!D555+'Non-food Shopping'!D738+'Non-food Shopping'!D921+'Non-food Shopping'!D1104+'Non-food Shopping'!D1287+'Non-food Shopping'!D1470 -> 0 | E6: =F6/$F$4 -> 0 | F6: ='Non-food Shopping'!F6+'Non-food Shopping'!F189+'Non-food Shopping'!F372+'Non-food Shopping'!F555+'Non-food Shopping'!F738+'Non-food Shopping'!F921+'Non-food Shopping'!F1104+'Non-food Shopping'!F1287+'Non-food Shopping'!F1470 -> 0 | G6: =H6/$H$4 -> 0.064701266 | H6: ='Non-food Shopping'!H6+'Non-food Shopping'!H189+'Non-food Shopping'!H372+'Non-food Shopping'!H555+'Non-food Shopping'!H738+'Non-food Shopping'!H921+'Non-food Shopping'!H1104+'Non-food Shopping'!H1287+'Non-food Shopping'!H1470 -> 9.713933 | I6: =J6/$J$4 -> 0 | J6: ='Non-food Shopping'!J6+'Non-food Shopping'!J189+'Non-food Shopping'!J372+'Non-food Shopping'!J555+'Non-food Shopping'!J738+'Non-food Shopping'!J921+'Non-food Shopping'!J1104+'Non-food Shopping'!J1287+'Non-food Shopping'!J1470 -> 0 | K6: =L6/$L$4 -> 0.0072920348 | L6: ='Non-food Shopping'!L6+'Non-food Shopping'!L189+'Non-food Shopping'!L372+'Non-food Shopping'!L555+'Non-food Shopping'!L738+'Non-food Shopping'!L921+'Non-food Shopping'!L1104+'Non-food Shopping'!L1287+'Non-food Shopping'!L1470 -> 0.53370005 | M6: =N6/$N$4 -> 0.026641213 | N6: =D6+F6+H6+J6+L6 -> 10.247633
B7: Asda Superstore, Littlehampton Road, Ferring, BN12 6PN (ZONE 3) | C7: =D7/$D$4 -> 0.013906604 | D7: ='Non-food Shopping'!D7+'Non-food Shopping'!D190+'Non-food Shopping'!D373+'Non-food Shopping'!D556+'Non-food Shopping'!D739+'Non-food Shopping'!D922+'Non-food Shopping'!D1105+'Non-food Shopping'!D1288+'Non-food Shopping'!D1471 -> 0.80063258 | E7: =F7/$F$4 -> 0.0091708485 | F7: ='Non-food Shopping'!F7+'Non-food Shopping'!F190+'Non-food Shopping'!F373+'Non-food Shopping'!F556+'Non-food Shopping'!F739+'Non-food Shopping'!F922+'Non-food Shopping'!F1105+'Non-food Shopping'!F1288+'Non-food Shopping'!F1471 -> 0.39909348 | G7: =H7/$H$4 -> 0.0093034231 | H7: ='Non-food Shopping'!H7+'Non-food Shopping'!H190+'Non-food Shopping'!H373+'Non-food Shopping'!H556+'Non-food Shopping'!H739+'Non-food Shopping'!H922+'Non-food Shopping'!H1105+'Non-food Shopping'!H1288+'Non-food Shopping'!H1471 -> 1.3967706 | I7: =J7/$J$4 -> 0.018023141 | J7: ='Non-food Shopping'!J7+'Non-food Shopping'!J190+'Non-food Shopping'!J373+'Non-food Shopping'!J556+'Non-food Shopping'!J739+'Non-food Shopping'!J922+'Non-food Shopping'!J1105+'Non-food Shopping'!J1288+'Non-food Shopping'!J1471 -> 1.0856974 | K7: =L7/$L$4 -> 0.021402513 | L7: ='Non-food Shopping'!L7+'Non-food Shopping'!L190+'Non-food Shopping'!L373+'Non-food Shopping'!L556+'Non-food Shopping'!L739+'Non-food Shopping'!L922+'Non-food Shopping'!L1105+'Non-food Shopping'!L1288+'Non-food Shopping'!L1471 -> 1.5664383 | M7: =N7/$N$4 -> 0.013645096 | N7: =D7+F7+H7+J7+L7 -> 5.2486324
B8: Marks and Spencer (M&S), East Street, Chichester, PO19 1HS (OUTSIDE) | C8: =D8/$D$4 -> 0 | D8: ='Non-food Shopping'!D8+'Non-food Shopping'!D191+'Non-food Shopping'!D374+'Non-food Shopping'!D557+'Non-food Shopping'!D740+'Non-food Shopping'!D923+'Non-food Shopping'!D1106+'Non-food Shopping'!D1289+'Non-food Shopping'!D1472 -> 0 | E8: =F8/$F$4 -> 0 | F8: ='Non-food Shopping'!F8+'Non-food Shopping'!F191+'Non-food Shopping'!F374+'Non-food Shopping'!F557+'Non-food Shopping'!F740+'Non-food Shopping'!F923+'Non-food Shopping'!F1106+'Non-food Shopping'!F1289+'Non-food Shopping'!F1472 -> 0 | G8: =H8/$H$4 -> 0 | H8: ='Non-food Shopping'!H8+'Non-food Shopping'!H191+'Non-food Shopping'!H374+'Non-food Shopping'!H557+'Non-food Shopping'!H740+'Non-food Shopping'!H923+'Non-food Shopping'!H1106+'Non-food Shopping'!H1289+'Non-food Shopping'!H1472 -> 0 | I8: =J8/$J$4 -> 0.0026881272 | J8: ='Non-food Shopping'!J8+'Non-food Shopping'!J191+'Non-food Shopping'!J374+'Non-food Shopping'!J557+'Non-food Shopping'!J740+'Non-food Shopping'!J923+'Non-food Shopping'!J1106+'Non-food Shopping'!J1289+'Non-food Shopping'!J1472 -> 0.1619303 | K8: =L8/$L$4 -> 0.0025431974 | L8: ='Non-food Shopping'!L8+'Non-food Shopping'!L191+'Non-food Shopping'!L374+'Non-food Shopping'!L557+'Non-food Shopping'!L740+'Non-food Shopping'!L923+'Non-food Shopping'!L1106+'Non-food Shopping'!L1289+'Non-food Shopping'!L1472 -> 0.18613523 | M8: =N8/$N$4 -> 0.00090488097 | N8: =D8+F8+H8+J8+L8 -> 0.34806554
B9: Marks and Spencer (M&S), Montague Street, Worthing, BN11 3BW (OUTSIDE) | C9: =D9/$D$4 -> 0 | D9: ='Non-food Shopping'!D9+'Non-food Shopping'!D192+'Non-food Shopping'!D375+'Non-food Shopping'!D558+'Non-food Shopping'!D741+'Non-food Shopping'!D924+'Non-food Shopping'!D1107+'Non-food Shopping'!D1290+'Non-food Shopping'!D1473 -> 0 | E9: =F9/$F$4 -> 0.011429354 | F9: ='Non-food Shopping'!F9+'Non-food Shopping'!F192+'Non-food Shopping'!F375+'Non-food Shopping'!F558+'Non-food Shopping'!F741+'Non-food Shopping'!F924+'Non-food Shopping'!F1107+'Non-food Shopping'!F1290+'Non-food Shopping'!F1473 -> 0.49737827 | G9: =H9/$H$4 -> 0.016117822 | H9: ='Non-food Shopping'!H9+'Non-food Shopping'!H192+'Non-food Shopping'!H375+'Non-food Shopping'!H558+'Non-food Shopping'!H741+'Non-food Shopping'!H924+'Non-food Shopping'!H1107+'Non-food Shopping'!H1290+'Non-food Shopping'!H1473 -> 2.4198513 | I9: =J9/$J$4 -> 0.010752509 | J9: ='Non-food Shopping'!J9+'Non-food Shopping'!J192+'Non-food Shopping'!J375+'Non-food Shopping'!J558+'Non-food Shopping'!J741+'Non-food Shopping'!J924+'Non-food Shopping'!J1107+'Non-food Shopping'!J1290+'Non-food Shopping'!J1473 -> 0.64772121 | K9: =L9/$L$4 -> 0 | L9: ='Non-food Shopping'!L9+'Non-food Shopping'!L192+'Non-food Shopping'!L375+'Non-food Shopping'!L558+'Non-food Shopping'!L741+'Non-food Shopping'!L924+'Non-food Shopping'!L1107+'Non-food Shopping'!L1290+'Non-food Shopping'!L1473 -> 0 | M9: =N9/$N$4 -> 0.009267956 | N9: =D9+F9+H9+J9+L9 -> 3.5649507
B10: Marks and Spencer (M&S), North Street, Chichester, PO19 1LB (OUTSIDE) | C10: =D10/$D$4 -> 0.0089634862 | D10: ='Non-food Shopping'!D10+'Non-food Shopping'!D193+'Non-food Shopping'!D376+'Non-food Shopping'!D559+'Non-food Shopping'!D742+'Non-food Shopping'!D925+'Non-food Shopping'!D1108+'Non-food Shopping'!D1291+'Non-food Shopping'!D1474 -> 0.51604685 | E10: =F10/$F$4 -> 0 | F10: ='Non-food Shopping'!F10+'Non-food Shopping'!F193+'Non-food Shopping'!F376+'Non-food Shopping'!F559+'Non-food Shopping'!F742+'Non-food Shopping'!F925+'Non-food Shopping'!F1108+'Non-food Shopping'!F1291+'Non-food Shopping'!F1474 -> 0 | G10: =H10/$H$4 -> 0 | H10: ='Non-food Shopping'!H10+'Non-food Shopping'!H193+'Non-food Shopping'!H376+'Non-food Shopping'!H559+'Non-food Shopping'!H742+'Non-food Shopping'!H925+'Non-food Shopping'!H1108+'Non-food Shopping'!H1291+'Non-food Shopping'!H1474 -> 0 | I10: =J10/$J$4 -> 0 | J10: ='Non-food Shopping'!J10+'Non-food Shopping'!J193+'Non-food Shopping'!J376+'Non-food Shopping'!J559+'Non-food Shopping'!J742+'Non-food Shopping'!J925+'Non-food Shopping'!J1108+'Non-food Shopping'!J1291+'Non-food Shopping'!J1474 -> 0 | K10: =L10/$L$4 -> 0.0088813996 | L10: ='Non-food Shopping'!L10+'Non-food Shopping'!L193+'Non-food Shopping'!L376+'Non-food Shopping'!L559+'Non-food Shopping'!L742+'Non-food Shopping'!L925+'Non-food Shopping'!L1108+'Non-food Shopping'!L1291+'Non-food Shopping'!L1474 -> 0.65002479 | M10: =N10/$N$4 -> 0.0030314867 | N10: =D10+F10+H10+J10+L10 -> 1.1660716
B11: Morrisons Superstore, Bedford Street, Bognor Regis, PO21 1QP (OUTSIDE) | C11: =D11/$D$4 -> 0 | D11: ='Non-food Shopping'!D11+'Non-food Shopping'!D194+'Non-food Shopping'!D377+'Non-food Shopping'!D560+'Non-food Shopping'!D743+'Non-food Shopping'!D926+'Non-food Shopping'!D1109+'Non-food Shopping'!D1292+'Non-food Shopping'!D1475 -> 0 | E11: =F11/$F$4 -> 0 | F11: ='Non-food Shopping'!F11+'Non-food Shopping'!F194+'Non-food Shopping'!F377+'Non-food Shopping'!F560+'Non-food Shopping'!F743+'Non-food Shopping'!F926+'Non-food Shopping'!F1109+'Non-food Shopping'!F1292+'Non-food Shopping'!F1475 -> 0 | G11: =H11/$H$4 -> 0 | H11: ='Non-food Shopping'!H11+'Non-food Shopping'!H194+'Non-food Shopping'!H377+'Non-food Shopping'!H560+'Non-food Shopping'!H743+'Non-food Shopping'!H926+'Non-food Shopping'!H1109+'Non-food Shopping'!H1292+'Non-food Shopping'!H1475 -> 0 | I11: =J11/$J$4 -> 0 | J11: ='Non-food Shopping'!J11+'Non-food Shopping'!J194+'Non-food Shopping'!J377+'Non-food Shopping'!J560+'Non-food Shopping'!J743+'Non-food Shopping'!J926+'Non-food Shopping'!J1109+'Non-food Shopping'!J1292+'Non-food Shopping'!J1475 -> 0 | K11: =L11/$L$4 -> 0.0009680905 | L11: ='Non-food Shopping'!L11+'Non-food Shopping'!L194+'Non-food Shopping'!L377+'Non-food Shopping'!L560+'Non-food Shopping'!L743+'Non-food Shopping'!L926+'Non-food Shopping'!L1109+'Non-food Shopping'!L1292+'Non-food Shopping'!L1475 -> 0.070854016 | M11: =N11/$N$4 -> 0.00018420224 | N11: =D11+F11+H11+J11+L11 -> 0.070854016
B12: Morrisons Superstore, Hawthorn Road, Wick, Littlehampton, BN17 7LA (ZONE 1) | C12: =D12/$D$4 -> 0.033948253 | D12: ='Non-food Shopping'!D12+'Non-food Shopping'!D195+'Non-food Shopping'!D378+'Non-food Shopping'!D561+'Non-food Shopping'!D744+'Non-food Shopping'!D927+'Non-food Shopping'!D1110+'Non-food Shopping'!D1293+'Non-food Shopping'!D1476 -> 1.9544727 | E12: =F12/$F$4 -> 0.0072644756 | F12: ='Non-food Shopping'!F12+'Non-food Shopping'!F195+'Non-food Shopping'!F378+'Non-food Shopping'!F561+'Non-food Shopping'!F744+'Non-food Shopping'!F927+'Non-food Shopping'!F1110+'Non-food Shopping'!F1293+'Non-food Shopping'!F1476 -> 0.31613267 | G12: =H12/$H$4 -> 0.0073179731 | H12: ='Non-food Shopping'!H12+'Non-food Shopping'!H195+'Non-food Shopping'!H378+'Non-food Shopping'!H561+'Non-food Shopping'!H744+'Non-food Shopping'!H927+'Non-food Shopping'!H1110+'Non-food Shopping'!H1293+'Non-food Shopping'!H1476 -> 1.0986849 | I12: =J12/$J$4 -> 0.0067088042 | J12: ='Non-food Shopping'!J12+'Non-food Shopping'!J195+'Non-food Shopping'!J378+'Non-food Shopping'!J561+'Non-food Shopping'!J744+'Non-food Shopping'!J927+'Non-food Shopping'!J1110+'Non-food Shopping'!J1293+'Non-food Shopping'!J1476 -> 0.40413217 | K12: =L12/$L$4 -> 0.0020026203 | L12: ='Non-food Shopping'!L12+'Non-food Shopping'!L195+'Non-food Shopping'!L378+'Non-food Shopping'!L561+'Non-food Shopping'!L744+'Non-food Shopping'!L927+'Non-food Shopping'!L1110+'Non-food Shopping'!L1293+'Non-food Shopping'!L1476 -> 0.14657069 | M12: =N12/$N$4 -> 0.010190975 | N12: =D12+F12+H12+J12+L12 -> 3.9199931
B13: Sainsbury's Superstore, Downland Business Park, Lyons Farm, Worthing, BN14 9LA (OUTSIDE) | C13: =D13/$D$4 -> 0 | D13: ='Non-food Shopping'!D15+'Non-food Shopping'!D198+'Non-food Shopping'!D381+'Non-food Shopping'!D564+'Non-food Shopping'!D747+'Non-food Shopping'!D930+'Non-food Shopping'!D1113+'Non-food Shopping'!D1296+'Non-food Shopping'!D1479 -> 0 | E13: =F13/$F$4 -> 0.01056046 | F13: ='Non-food Shopping'!F15+'Non-food Shopping'!F198+'Non-food Shopping'!F381+'Non-food Shopping'!F564+'Non-food Shopping'!F747+'Non-food Shopping'!F930+'Non-food Shopping'!F1113+'Non-food Shopping'!F1296+'Non-food Shopping'!F1479 -> 0.45956607 | G13: =H13/$H$4 -> 0.036686869 | H13: ='Non-food Shopping'!H15+'Non-food Shopping'!H198+'Non-food Shopping'!H381+'Non-food Shopping'!H564+'Non-food Shopping'!H747+'Non-food Shopping'!H930+'Non-food Shopping'!H1113+'Non-food Shopping'!H1296+'Non-food Shopping'!H1479 -> 5.5079879 | I13: =J13/$J$4 -> 0.002976988 | J13: ='Non-food Shopping'!J15+'Non-food Shopping'!J198+'Non-food Shopping'!J381+'Non-food Shopping'!J564+'Non-food Shopping'!J747+'Non-food Shopping'!J930+'Non-food Shopping'!J1113+'Non-food Shopping'!J1296+'Non-food Shopping'!J1479 -> 0.17933101 | K13: =L13/$L$4 -> 0 | L13: ='Non-food Shopping'!L15+'Non-food Shopping'!L198+'Non-food Shopping'!L381+'Non-food Shopping'!L564+'Non-food Shopping'!L747+'Non-food Shopping'!L930+'Non-food Shopping'!L1113+'Non-food Shopping'!L1296+'Non-food Shopping'!L1479 -> 0 | M13: =N13/$N$4 -> 0.015980322 | N13: =D13+F13+H13+J13+L13 -> 6.146885
B14: Sainsbury's Superstore, High Street, Littlehampton, BN17 5EG (ZONE 1) | C14: =D14/$D$4 -> 0.0041353664 | D14: ='Non-food Shopping'!D16+'Non-food Shopping'!D199+'Non-food Shopping'!D382+'Non-food Shopping'!D565+'Non-food Shopping'!D748+'Non-food Shopping'!D931+'Non-food Shopping'!D1114+'Non-food Shopping'!D1297+'Non-food Shopping'!D1480 -> 0.23808179 | E14: =F14/$F$4 -> 0.010860552 | F14: ='Non-food Shopping'!F16+'Non-food Shopping'!F199+'Non-food Shopping'!F382+'Non-food Shopping'!F565+'Non-food Shopping'!F748+'Non-food Shopping'!F931+'Non-food Shopping'!F1114+'Non-food Shopping'!F1297+'Non-food Shopping'!F1480 -> 0.47262534 | G14: =H14/$H$4 -> 0.00062405174 | H14: ='Non-food Shopping'!H16+'Non-food Shopping'!H199+'Non-food Shopping'!H382+'Non-food Shopping'!H565+'Non-food Shopping'!H748+'Non-food Shopping'!H931+'Non-food Shopping'!H1114+'Non-food Shopping'!H1297+'Non-food Shopping'!H1480 -> 0.09369209 | I14: =J14/$J$4 -> 0 | J14: ='Non-food Shopping'!J16+'Non-food Shopping'!J199+'Non-food Shopping'!J382+'Non-food Shopping'!J565+'Non-food Shopping'!J748+'Non-food Shopping'!J931+'Non-food Shopping'!J1114+'Non-food Shopping'!J1297+'Non-food Shopping'!J1480 -> 0 | K14: =L14/$L$4 -> 0 | L14: ='Non-food Shopping'!L16+'Non-food Shopping'!L199+'Non-food Shopping'!L382+'Non-food Shopping'!L565+'Non-food Shopping'!L748+'Non-food Shopping'!L931+'Non-food Shopping'!L1114+'Non-food Shopping'!L1297+'Non-food Shopping'!L1480 -> 0 | M14: =N14/$N$4 -> 0.0020912313 | N14: =D14+F14+H14+J14+L14 -> 0.80439922
B15: Sainsbury's Superstore, Rustington Retail Park, New Road, Littlehampton, BN16 3RT (ZONE 1) | C15: =D15/$D$4 -> 0.07666622 | D15: ='Non-food Shopping'!D17+'Non-food Shopping'!D200+'Non-food Shopping'!D383+'Non-food Shopping'!D566+'Non-food Shopping'!D749+'Non-food Shopping'!D932+'Non-food Shopping'!D1115+'Non-food Shopping'!D1298+'Non-food Shopping'!D1481 -> 4.4138364 | E15: =F15/$F$4 -> 0.080948224 | F15: ='Non-food Shopping'!F17+'Non-food Shopping'!F200+'Non-food Shopping'!F383+'Non-food Shopping'!F566+'Non-food Shopping'!F749+'Non-food Shopping'!F932+'Non-food Shopping'!F1115+'Non-food Shopping'!F1298+'Non-food Shopping'!F1481 -> 3.5226739 | G15: =H15/$H$4 -> 0.051528879 | H15: ='Non-food Shopping'!H17+'Non-food Shopping'!H200+'Non-food Shopping'!H383+'Non-food Shopping'!H566+'Non-food Shopping'!H749+'Non-food Shopping'!H932+'Non-food Shopping'!H1115+'Non-food Shopping'!H1298+'Non-food Shopping'!H1481 -> 7.7362949 | I15: =J15/$J$4 -> 0.10074929 | J15: ='Non-food Shopping'!J17+'Non-food Shopping'!J200+'Non-food Shopping'!J383+'Non-food Shopping'!J566+'Non-food Shopping'!J749+'Non-food Shopping'!J932+'Non-food Shopping'!J1115+'Non-food Shopping'!J1298+'Non-food Shopping'!J1481 -> 6.0690439 | K15: =L15/$L$4 -> 0.012373482 | L15: ='Non-food Shopping'!L17+'Non-food Shopping'!L200+'Non-food Shopping'!L383+'Non-food Shopping'!L566+'Non-food Shopping'!L749+'Non-food Shopping'!L932+'Non-food Shopping'!L1115+'Non-food Shopping'!L1298+'Non-food Shopping'!L1481 -> 0.90560839 | M15: =N15/$N$4 -> 0.058877571 | N15: =D15+F15+H15+J15+L15 -> 22.647458
B16: Sainsbury's Superstore, Shripney Road, Bognor Regis, PO22 9FB (OUTSIDE) | C16: =D16/$D$4 -> 0 | D16: ='Non-food Shopping'!D18+'Non-food Shopping'!D201+'Non-food Shopping'!D384+'Non-food Shopping'!D567+'Non-food Shopping'!D750+'Non-food Shopping'!D933+'Non-food Shopping'!D1116+'Non-food Shopping'!D1299+'Non-food Shopping'!D1482 -> 0 | E16: =F16/$F$4 -> 0.021186385 | F16: ='Non-food Shopping'!F18+'Non-food Shopping'!F201+'Non-food Shopping'!F384+'Non-food Shopping'!F567+'Non-food Shopping'!F750+'Non-food Shopping'!F933+'Non-food Shopping'!F1116+'Non-food Shopping'!F1299+'Non-food Shopping'!F1482 -> 0.92198101 | G16: =H16/$H$4 -> 0 | H16: ='Non-food Shopping'!H18+'Non-food Shopping'!H201+'Non-food Shopping'!H384+'Non-food Shopping'!H567+'Non-food Shopping'!H750+'Non-food Shopping'!H933+'Non-food Shopping'!H1116+'Non-food Shopping'!H1299+'Non-food Shopping'!H1482 -> 0 | I16: =J16/$J$4 -> 0 | J16: ='Non-food Shopping'!J18+'Non-food Shopping'!J201+'Non-food Shopping'!J384+'Non-food Shopping'!J567+'Non-food Shopping'!J750+'Non-food Shopping'!J933+'Non-food Shopping'!J1116+'Non-food Shopping'!J1299+'Non-food Shopping'!J1482 -> 0 | K16: =L16/$L$4 -> 0.069912334 | L16: ='Non-food Shopping'!L18+'Non-food Shopping'!L201+'Non-food Shopping'!L384+'Non-food Shopping'!L567+'Non-food Shopping'!L750+'Non-food Shopping'!L933+'Non-food Shopping'!L1116+'Non-food Shopping'!L1299+'Non-food Shopping'!L1482 -> 5.1168456 | M16: =N16/$N$4 -> 0.015699398 | N16: =D16+F16+H16+J16+L16 -> 6.0388266
B17: Sainsbury's Superstore, Westhampnett Road, Chichester, PO19 7YR (OUTSIDE) | C17: =D17/$D$4 -> 0.00081638152 | D17: ='Non-food Shopping'!D20+'Non-food Shopping'!D203+'Non-food Shopping'!D386+'Non-food Shopping'!D569+'Non-food Shopping'!D752+'Non-food Shopping'!D935+'Non-food Shopping'!D1118+'Non-food Shopping'!D1301+'Non-food Shopping'!D1484 -> 0.04700081 | E17: =F17/$F$4 -> 0 | F17: ='Non-food Shopping'!F20+'Non-food Shopping'!F203+'Non-food Shopping'!F386+'Non-food Shopping'!F569+'Non-food Shopping'!F752+'Non-food Shopping'!F935+'Non-food Shopping'!F1118+'Non-food Shopping'!F1301+'Non-food Shopping'!F1484 -> 0 | G17: =H17/$H$4 -> 0 | H17: ='Non-food Shopping'!H20+'Non-food Shopping'!H203+'Non-food Shopping'!H386+'Non-food Shopping'!H569+'Non-food Shopping'!H752+'Non-food Shopping'!H935+'Non-food Shopping'!H1118+'Non-food Shopping'!H1301+'Non-food Shopping'!H1484 -> 0 | I17: =J17/$J$4 -> 0.00079468259 | J17: ='Non-food Shopping'!J20+'Non-food Shopping'!J203+'Non-food Shopping'!J386+'Non-food Shopping'!J569+'Non-food Shopping'!J752+'Non-food Shopping'!J935+'Non-food Shopping'!J1118+'Non-food Shopping'!J1301+'Non-food Shopping'!J1484 -> 0.047870945 | K17: =L17/$L$4 -> 0.018992876 | L17: ='Non-food Shopping'!L20+'Non-food Shopping'!L203+'Non-food Shopping'!L386+'Non-food Shopping'!L569+'Non-food Shopping'!L752+'Non-food Shopping'!L935+'Non-food Shopping'!L1118+'Non-food Shopping'!L1301+'Non-food Shopping'!L1484 -> 1.3900783 | M17: =N17/$N$4 -> 0.0038604885 | N17: =D17+F17+H17+J17+L17 -> 1.48495
B18: Tesco Extra, Fullbeck Way, West Durrington, Worthing, BN13 3FG (ZONE 4) | C18: =D18/$D$4 -> 0 | D18: ='Non-food Shopping'!D21+'Non-food Shopping'!D204+'Non-food Shopping'!D387+'Non-food Shopping'!D570+'Non-food Shopping'!D753+'Non-food Shopping'!D936+'Non-food Shopping'!D1119+'Non-food Shopping'!D1302+'Non-food Shopping'!D1485 -> 0 | E18: =F18/$F$4 -> 0 | F18: ='Non-food Shopping'!F21+'Non-food Shopping'!F204+'Non-food Shopping'!F387+'Non-food Shopping'!F570+'Non-food Shopping'!F753+'Non-food Shopping'!F936+'Non-food Shopping'!F1119+'Non-food Shopping'!F1302+'Non-food Shopping'!F1485 -> 0 | G18: =H18/$H$4 -> 0.02646639 | H18: ='Non-food Shopping'!H21+'Non-food Shopping'!H204+'Non-food Shopping'!H387+'Non-food Shopping'!H570+'Non-food Shopping'!H753+'Non-food Shopping'!H936+'Non-food Shopping'!H1119+'Non-food Shopping'!H1302+'Non-food Shopping'!H1485 -> 3.9735349 | I18: =J18/$J$4 -> 0.059510934 | J18: ='Non-food Shopping'!J21+'Non-food Shopping'!J204+'Non-food Shopping'!J387+'Non-food Shopping'!J570+'Non-food Shopping'!J753+'Non-food Shopping'!J936+'Non-food Shopping'!J1119+'Non-food Shopping'!J1302+'Non-food Shopping'!J1485 -> 3.5848837 | K18: =L18/$L$4 -> 0.00068303958 | L18: ='Non-food Shopping'!L21+'Non-food Shopping'!L204+'Non-food Shopping'!L387+'Non-food Shopping'!L570+'Non-food Shopping'!L753+'Non-food Shopping'!L936+'Non-food Shopping'!L1119+'Non-food Shopping'!L1302+'Non-food Shopping'!L1485 -> 0.049991294 | M18: =N18/$N$4 -> 0.019779911 | N18: =D18+F18+H18+J18+L18 -> 7.6084099
B19: Tesco Superstore, Broad Piece, Wick, Littlehampton, BN17 5RA (ZONE 1) | C19: =D19/$D$4 -> 0.087817888 | D19: ='Non-food Shopping'!D23+'Non-food Shopping'!D206+'Non-food Shopping'!D389+'Non-food Shopping'!D572+'Non-food Shopping'!D755+'Non-food Shopping'!D938+'Non-food Shopping'!D1121+'Non-food Shopping'!D1304+'Non-food Shopping'!D1487 -> 5.0558616 | E19: =F19/$F$4 -> 0.063659712 | F19: ='Non-food Shopping'!F23+'Non-food Shopping'!F206+'Non-food Shopping'!F389+'Non-food Shopping'!F572+'Non-food Shopping'!F755+'Non-food Shopping'!F938+'Non-food Shopping'!F1121+'Non-food Shopping'!F1304+'Non-food Shopping'!F1487 -> 2.770319 | G19: =H19/$H$4 -> 0.0028015123 | H19: ='Non-food Shopping'!H23+'Non-food Shopping'!H206+'Non-food Shopping'!H389+'Non-food Shopping'!H572+'Non-food Shopping'!H755+'Non-food Shopping'!H938+'Non-food Shopping'!H1121+'Non-food Shopping'!H1304+'Non-food Shopping'!H1487 -> 0.42060541 | I19: =J19/$J$4 -> 0.038377331 | J19: ='Non-food Shopping'!J23+'Non-food Shopping'!J206+'Non-food Shopping'!J389+'Non-food Shopping'!J572+'Non-food Shopping'!J755+'Non-food Shopping'!J938+'Non-food Shopping'!J1121+'Non-food Shopping'!J1304+'Non-food Shopping'!J1487 -> 2.311815 | K19: =L19/$L$4 -> 0.03813865 | L19: ='Non-food Shopping'!L23+'Non-food Shopping'!L206+'Non-food Shopping'!L389+'Non-food Shopping'!L572+'Non-food Shopping'!L755+'Non-food Shopping'!L938+'Non-food Shopping'!L1121+'Non-food Shopping'!L1304+'Non-food Shopping'!L1487 -> 2.791347 | M19: =N19/$N$4 -> 0.034706435 | N19: =D19+F19+H19+J19+L19 -> 13.349948
B20: Tesco Superstore, Shripney Road, Bognor Regis, PO22 9ND (OUTSIDE) | C20: =D20/$D$4 -> 0 | D20: ='Non-food Shopping'!D24+'Non-food Shopping'!D207+'Non-food Shopping'!D390+'Non-food Shopping'!D573+'Non-food Shopping'!D756+'Non-food Shopping'!D939+'Non-food Shopping'!D1122+'Non-food Shopping'!D1305+'Non-food Shopping'!D1488 -> 0 | E20: =F20/$F$4 -> 0 | F20: ='Non-food Shopping'!F24+'Non-food Shopping'!F207+'Non-food Shopping'!F390+'Non-food Shopping'!F573+'Non-food Shopping'!F756+'Non-food Shopping'!F939+'Non-food Shopping'!F1122+'Non-food Shopping'!F1305+'Non-food Shopping'!F1488 -> 0 | G20: =H20/$H$4 -> 0 | H20: ='Non-food Shopping'!H24+'Non-food Shopping'!H207+'Non-food Shopping'!H390+'Non-food Shopping'!H573+'Non-food Shopping'!H756+'Non-food Shopping'!H939+'Non-food Shopping'!H1122+'Non-food Shopping'!H1305+'Non-food Shopping'!H1488 -> 0 | I20: =J20/$J$4 -> 0 | J20: ='Non-food Shopping'!J24+'Non-food Shopping'!J207+'Non-food Shopping'!J390+'Non-food Shopping'!J573+'Non-food Shopping'!J756+'Non-food Shopping'!J939+'Non-food Shopping'!J1122+'Non-food Shopping'!J1305+'Non-food Shopping'!J1488 -> 0 | K20: =L20/$L$4 -> 0.030356511 | L20: ='Non-food Shopping'!L24+'Non-food Shopping'!L207+'Non-food Shopping'!L390+'Non-food Shopping'!L573+'Non-food Shopping'!L756+'Non-food Shopping'!L939+'Non-food Shopping'!L1122+'Non-food Shopping'!L1305+'Non-food Shopping'!L1488 -> 2.2217765 | M20: =N20/$N$4 -> 0.0057760481 | N20: =D20+F20+H20+J20+L20 -> 2.2217765
B21: Waitrose, Broadmark Lane, Rustington, BN16 2NE (ZONE 3) | C21: =D21/$D$4 -> 0 | D21: ='Non-food Shopping'!D25+'Non-food Shopping'!D208+'Non-food Shopping'!D391+'Non-food Shopping'!D574+'Non-food Shopping'!D757+'Non-food Shopping'!D940+'Non-food Shopping'!D1123+'Non-food Shopping'!D1306+'Non-food Shopping'!D1489 -> 0 | E21: =F21/$F$4 -> 0 | F21: ='Non-food Shopping'!F25+'Non-food Shopping'!F208+'Non-food Shopping'!F391+'Non-food Shopping'!F574+'Non-food Shopping'!F757+'Non-food Shopping'!F940+'Non-food Shopping'!F1123+'Non-food Shopping'!F1306+'Non-food Shopping'!F1489 -> 0 | G21: =H21/$H$4 -> 0.0082758862 | H21: ='Non-food Shopping'!H25+'Non-food Shopping'!H208+'Non-food Shopping'!H391+'Non-food Shopping'!H574+'Non-food Shopping'!H757+'Non-food Shopping'!H940+'Non-food Shopping'!H1123+'Non-food Shopping'!H1306+'Non-food Shopping'!H1489 -> 1.2425013 | I21: =J21/$J$4 -> 0 | J21: ='Non-food Shopping'!J25+'Non-food Shopping'!J208+'Non-food Shopping'!J391+'Non-food Shopping'!J574+'Non-food Shopping'!J757+'Non-food Shopping'!J940+'Non-food Shopping'!J1123+'Non-food Shopping'!J1306+'Non-food Shopping'!J1489 -> 0 | K21: =L21/$L$4 -> 0 | L21: ='Non-food Shopping'!L25+'Non-food Shopping'!L208+'Non-food Shopping'!L391+'Non-food Shopping'!L574+'Non-food Shopping'!L757+'Non-food Shopping'!L940+'Non-food Shopping'!L1123+'Non-food Shopping'!L1306+'Non-food Shopping'!L1489 -> 0 | M21: =N21/$N$4 -> 0.003230184 | N21: =D21+F21+H21+J21+L21 -> 1.2425013
B22: Waitrose, High Street, Worthing, BN11 1LL (OUTSIDE) | C22: =D22/$D$4 -> 0 | D22: ='Non-food Shopping'!D26+'Non-food Shopping'!D209+'Non-food Shopping'!D392+'Non-food Shopping'!D575+'Non-food Shopping'!D758+'Non-food Shopping'!D941+'Non-food Shopping'!D1124+'Non-food Shopping'!D1307+'Non-food Shopping'!D1490 -> 0 | E22: =F22/$F$4 -> 0 | F22: ='Non-food Shopping'!F26+'Non-food Shopping'!F209+'Non-food Shopping'!F392+'Non-food Shopping'!F575+'Non-food Shopping'!F758+'Non-food Shopping'!F941+'Non-food Shopping'!F1124+'Non-food Shopping'!F1307+'Non-food Shopping'!F1490 -> 0 | G22: =H22/$H$4 -> 0.0021793807 | H22: ='Non-food Shopping'!H26+'Non-food Shopping'!H209+'Non-food Shopping'!H392+'Non-food Shopping'!H575+'Non-food Shopping'!H758+'Non-food Shopping'!H941+'Non-food Shopping'!H1124+'Non-food Shopping'!H1307+'Non-food Shopping'!H1490 -> 0.32720161 | I22: =J22/$J$4 -> 0 | J22: ='Non-food Shopping'!J26+'Non-food Shopping'!J209+'Non-food Shopping'!J392+'Non-food Shopping'!J575+'Non-food Shopping'!J758+'Non-food Shopping'!J941+'Non-food Shopping'!J1124+'Non-food Shopping'!J1307+'Non-food Shopping'!J1490 -> 0 | K22: =L22/$L$4 -> 0 | L22: ='Non-food Shopping'!L26+'Non-food Shopping'!L209+'Non-food Shopping'!L392+'Non-food Shopping'!L575+'Non-food Shopping'!L758+'Non-food Shopping'!L941+'Non-food Shopping'!L1124+'Non-food Shopping'!L1307+'Non-food Shopping'!L1490 -> 0 | M22: =N22/$N$4 -> 0.00085064011 | N22: =D22+F22+H22+J22+L22 -> 0.32720161
B23: Arundel Town Centre (ZONE 4) | C23: =D23/$D$4 -> 0.00098036771 | D23: ='Non-food Shopping'!D29+'Non-food Shopping'!D212+'Non-food Shopping'!D395+'Non-food Shopping'!D578+'Non-food Shopping'!D761+'Non-food Shopping'!D944+'Non-food Shopping'!D1127+'Non-food Shopping'!D1310+'Non-food Shopping'!D1493 -> 0.056441842 | E23: =F23/$F$4 -> 0 | F23: ='Non-food Shopping'!F29+'Non-food Shopping'!F212+'Non-food Shopping'!F395+'Non-food Shopping'!F578+'Non-food Shopping'!F761+'Non-food Shopping'!F944+'Non-food Shopping'!F1127+'Non-food Shopping'!F1310+'Non-food Shopping'!F1493 -> 0 | G23: =H23/$H$4 -> 0 | H23: ='Non-food Shopping'!H29+'Non-food Shopping'!H212+'Non-food Shopping'!H395+'Non-food Shopping'!H578+'Non-food Shopping'!H761+'Non-food Shopping'!H944+'Non-food Shopping'!H1127+'Non-food Shopping'!H1310+'Non-food Shopping'!H1493 -> 0 | I23: =J23/$J$4 -> 0.05669639 | J23: ='Non-food Shopping'!J29+'Non-food Shopping'!J212+'Non-food Shopping'!J395+'Non-food Shopping'!J578+'Non-food Shopping'!J761+'Non-food Shopping'!J944+'Non-food Shopping'!J1127+'Non-food Shopping'!J1310+'Non-food Shopping'!J1493 -> 3.4153382 | K23: =L23/$L$4 -> 0 | L23: ='Non-food Shopping'!L29+'Non-food Shopping'!L212+'Non-food Shopping'!L395+'Non-food Shopping'!L578+'Non-food Shopping'!L761+'Non-food Shopping'!L944+'Non-food Shopping'!L1127+'Non-food Shopping'!L1310+'Non-food Shopping'!L1493 -> 0 | M23: =N23/$N$4 -> 0.0090257361 | N23: =D23+F23+H23+J23+L23 -> 3.47178
B24: Bognor Regis Town Centre (OUTSIDE) | C24: =D24/$D$4 -> 0.022530024 | D24: ='Non-food Shopping'!D30+'Non-food Shopping'!D213+'Non-food Shopping'!D396+'Non-food Shopping'!D579+'Non-food Shopping'!D762+'Non-food Shopping'!D945+'Non-food Shopping'!D1128+'Non-food Shopping'!D1311+'Non-food Shopping'!D1494 -> 1.2971012 | E24: =F24/$F$4 -> 0.025458924 | F24: ='Non-food Shopping'!F30+'Non-food Shopping'!F213+'Non-food Shopping'!F396+'Non-food Shopping'!F579+'Non-food Shopping'!F762+'Non-food Shopping'!F945+'Non-food Shopping'!F1128+'Non-food Shopping'!F1311+'Non-food Shopping'!F1494 -> 1.1079117 | G24: =H24/$H$4 -> 0.0061235101 | H24: ='Non-food Shopping'!H30+'Non-food Shopping'!H213+'Non-food Shopping'!H396+'Non-food Shopping'!H579+'Non-food Shopping'!H762+'Non-food Shopping'!H945+'Non-food Shopping'!H1128+'Non-food Shopping'!H1311+'Non-food Shopping'!H1494 -> 0.91935399 | I24: =J24/$J$4 -> 0.00063022561 | J24: ='Non-food Shopping'!J30+'Non-food Shopping'!J213+'Non-food Shopping'!J396+'Non-food Shopping'!J579+'Non-food Shopping'!J762+'Non-food Shopping'!J945+'Non-food Shopping'!J1128+'Non-food Shopping'!J1311+'Non-food Shopping'!J1494 -> 0.037964209 | K24: =L24/$L$4 -> 0.088347958 | L24: ='Non-food Shopping'!L30+'Non-food Shopping'!L213+'Non-food Shopping'!L396+'Non-food Shopping'!L579+'Non-food Shopping'!L762+'Non-food Shopping'!L945+'Non-food Shopping'!L1128+'Non-food Shopping'!L1311+'Non-food Shopping'!L1494 -> 6.4661389 | M24: =N24/$N$4 -> 0.025551497 | N24: =D24+F24+H24+J24+L24 -> 9.82847
B25: Brighton City Centre (OUTSIDE) | C25: =D25/$D$4 -> 0.025901819 | D25: ='Non-food Shopping'!D32+'Non-food Shopping'!D215+'Non-food Shopping'!D398+'Non-food Shopping'!D581+'Non-food Shopping'!D764+'Non-food Shopping'!D947+'Non-food Shopping'!D1130+'Non-food Shopping'!D1313+'Non-food Shopping'!D1496 -> 1.4912225 | E25: =F25/$F$4 -> 0.0079620904 | F25: ='Non-food Shopping'!F32+'Non-food Shopping'!F215+'Non-food Shopping'!F398+'Non-food Shopping'!F581+'Non-food Shopping'!F764+'Non-food Shopping'!F947+'Non-food Shopping'!F1130+'Non-food Shopping'!F1313+'Non-food Shopping'!F1496 -> 0.3464912 | G25: =H25/$H$4 -> 0.0065886135 | H25: ='Non-food Shopping'!H32+'Non-food Shopping'!H215+'Non-food Shopping'!H398+'Non-food Shopping'!H581+'Non-food Shopping'!H764+'Non-food Shopping'!H947+'Non-food Shopping'!H1130+'Non-food Shopping'!H1313+'Non-food Shopping'!H1496 -> 0.98918235 | I25: =J25/$J$4 -> 0.0062402549 | J25: ='Non-food Shopping'!J32+'Non-food Shopping'!J215+'Non-food Shopping'!J398+'Non-food Shopping'!J581+'Non-food Shopping'!J764+'Non-food Shopping'!J947+'Non-food Shopping'!J1130+'Non-food Shopping'!J1313+'Non-food Shopping'!J1496 -> 0.37590719 | K25: =L25/$L$4 -> 0 | L25: ='Non-food Shopping'!L32+'Non-food Shopping'!L215+'Non-food Shopping'!L398+'Non-food Shopping'!L581+'Non-food Shopping'!L764+'Non-food Shopping'!L947+'Non-food Shopping'!L1130+'Non-food Shopping'!L1313+'Non-food Shopping'!L1496 -> 0 | M25: =N25/$N$4 -> 0.0083264656 | N25: =D25+F25+H25+J25+L25 -> 3.2028033
B26: Central London / West End (OUTSIDE) | C26: =D26/$D$4 -> 0.0067557096 | D26: ='Non-food Shopping'!D33+'Non-food Shopping'!D216+'Non-food Shopping'!D399+'Non-food Shopping'!D582+'Non-food Shopping'!D765+'Non-food Shopping'!D948+'Non-food Shopping'!D1131+'Non-food Shopping'!D1314+'Non-food Shopping'!D1497 -> 0.38894049 | E26: =F26/$F$4 -> 0 | F26: ='Non-food Shopping'!F33+'Non-food Shopping'!F216+'Non-food Shopping'!F399+'Non-food Shopping'!F582+'Non-food Shopping'!F765+'Non-food Shopping'!F948+'Non-food Shopping'!F1131+'Non-food Shopping'!F1314+'Non-food Shopping'!F1497 -> 0 | G26: =H26/$H$4 -> 0.0056421688 | H26: ='Non-food Shopping'!H33+'Non-food Shopping'!H216+'Non-food Shopping'!H399+'Non-food Shopping'!H582+'Non-food Shopping'!H765+'Non-food Shopping'!H948+'Non-food Shopping'!H1131+'Non-food Shopping'!H1314+'Non-food Shopping'!H1497 -> 0.84708775 | I26: =J26/$J$4 -> 0.0043081372 | J26: ='Non-food Shopping'!J33+'Non-food Shopping'!J216+'Non-food Shopping'!J399+'Non-food Shopping'!J582+'Non-food Shopping'!J765+'Non-food Shopping'!J948+'Non-food Shopping'!J1131+'Non-food Shopping'!J1314+'Non-food Shopping'!J1497 -> 0.25951821 | K26: =L26/$L$4 -> 0.0061929586 | L26: ='Non-food Shopping'!L33+'Non-food Shopping'!L216+'Non-food Shopping'!L399+'Non-food Shopping'!L582+'Non-food Shopping'!L765+'Non-food Shopping'!L948+'Non-food Shopping'!L1131+'Non-food Shopping'!L1314+'Non-food Shopping'!L1497 -> 0.45325927 | M26: =N26/$N$4 -> 0.0050663941 | N26: =D26+F26+H26+J26+L26 -> 1.9488057
B27: Chichester City Centre (OUTSIDE) | C27: =D27/$D$4 -> 0.050617496 | D27: ='Non-food Shopping'!D34+'Non-food Shopping'!D217+'Non-food Shopping'!D400+'Non-food Shopping'!D583+'Non-food Shopping'!D766+'Non-food Shopping'!D949+'Non-food Shopping'!D1132+'Non-food Shopping'!D1315+'Non-food Shopping'!D1498 -> 2.9141563 | E27: =F27/$F$4 -> 0.042889354 | F27: ='Non-food Shopping'!F34+'Non-food Shopping'!F217+'Non-food Shopping'!F400+'Non-food Shopping'!F583+'Non-food Shopping'!F766+'Non-food Shopping'!F949+'Non-food Shopping'!F1132+'Non-food Shopping'!F1315+'Non-food Shopping'!F1498 -> 1.8664425 | G27: =H27/$H$4 -> 0.013789271 | H27: ='Non-food Shopping'!H34+'Non-food Shopping'!H217+'Non-food Shopping'!H400+'Non-food Shopping'!H583+'Non-food Shopping'!H766+'Non-food Shopping'!H949+'Non-food Shopping'!H1132+'Non-food Shopping'!H1315+'Non-food Shopping'!H1498 -> 2.070254 | I27: =J27/$J$4 -> 0.054290097 | J27: ='Non-food Shopping'!J34+'Non-food Shopping'!J217+'Non-food Shopping'!J400+'Non-food Shopping'!J583+'Non-food Shopping'!J766+'Non-food Shopping'!J949+'Non-food Shopping'!J1132+'Non-food Shopping'!J1315+'Non-food Shopping'!J1498 -> 3.2703853 | K27: =L27/$L$4 -> 0.19254229 | L27: ='Non-food Shopping'!L34+'Non-food Shopping'!L217+'Non-food Shopping'!L400+'Non-food Shopping'!L583+'Non-food Shopping'!L766+'Non-food Shopping'!L949+'Non-food Shopping'!L1132+'Non-food Shopping'!L1315+'Non-food Shopping'!L1498 -> 14.092065 | M27: =N27/$N$4 -> 0.062948368 | N27: =D27+F27+H27+J27+L27 -> 24.213304
B28: Littlehampton Town Centre (ZONE 1) | C28: =D28/$D$4 -> 0.13223854 | D28: ='Non-food Shopping'!D36+'Non-food Shopping'!D219+'Non-food Shopping'!D402+'Non-food Shopping'!D585+'Non-food Shopping'!D768+'Non-food Shopping'!D951+'Non-food Shopping'!D1134+'Non-food Shopping'!D1317+'Non-food Shopping'!D1500 -> 7.6132522 | E28: =F28/$F$4 -> 0.12337464 | F28: ='Non-food Shopping'!F36+'Non-food Shopping'!F219+'Non-food Shopping'!F402+'Non-food Shopping'!F585+'Non-food Shopping'!F768+'Non-food Shopping'!F951+'Non-food Shopping'!F1134+'Non-food Shopping'!F1317+'Non-food Shopping'!F1500 -> 5.3689704 | G28: =H28/$H$4 -> 0.0055464608 | H28: ='Non-food Shopping'!H36+'Non-food Shopping'!H219+'Non-food Shopping'!H402+'Non-food Shopping'!H585+'Non-food Shopping'!H768+'Non-food Shopping'!H951+'Non-food Shopping'!H1134+'Non-food Shopping'!H1317+'Non-food Shopping'!H1500 -> 0.83271861 | I28: =J28/$J$4 -> 0.021158461 | J28: ='Non-food Shopping'!J36+'Non-food Shopping'!J219+'Non-food Shopping'!J402+'Non-food Shopping'!J585+'Non-food Shopping'!J768+'Non-food Shopping'!J951+'Non-food Shopping'!J1134+'Non-food Shopping'!J1317+'Non-food Shopping'!J1500 -> 1.2745662 | K28: =L28/$L$4 -> 0.010575165 | L28: ='Non-food Shopping'!L36+'Non-food Shopping'!L219+'Non-food Shopping'!L402+'Non-food Shopping'!L585+'Non-food Shopping'!L768+'Non-food Shopping'!L951+'Non-food Shopping'!L1134+'Non-food Shopping'!L1317+'Non-food Shopping'!L1500 -> 0.77399059 | M28: =N28/$N$4 -> 0.041241019 | N28: =D28+F28+H28+J28+L28 -> 15.863498
B29: Portsmouth City Centre (OUTSIDE) | C29: =D29/$D$4 -> 0.024602073 | D29: ='Non-food Shopping'!D37+'Non-food Shopping'!D220+'Non-food Shopping'!D403+'Non-food Shopping'!D586+'Non-food Shopping'!D769+'Non-food Shopping'!D952+'Non-food Shopping'!D1135+'Non-food Shopping'!D1318+'Non-food Shopping'!D1501 -> 1.4163934 | E29: =F29/$F$4 -> 0 | F29: ='Non-food Shopping'!F37+'Non-food Shopping'!F220+'Non-food Shopping'!F403+'Non-food Shopping'!F586+'Non-food Shopping'!F769+'Non-food Shopping'!F952+'Non-food Shopping'!F1135+'Non-food Shopping'!F1318+'Non-food Shopping'!F1501 -> 0 | G29: =H29/$H$4 -> 0 | H29: ='Non-food Shopping'!H37+'Non-food Shopping'!H220+'Non-food Shopping'!H403+'Non-food Shopping'!H586+'Non-food Shopping'!H769+'Non-food Shopping'!H952+'Non-food Shopping'!H1135+'Non-food Shopping'!H1318+'Non-food Shopping'!H1501 -> 0 | I29: =J29/$J$4 -> 0 | J29: ='Non-food Shopping'!J37+'Non-food Shopping'!J220+'Non-food Shopping'!J403+'Non-food Shopping'!J586+'Non-food Shopping'!J769+'Non-food Shopping'!J952+'Non-food Shopping'!J1135+'Non-food Shopping'!J1318+'Non-food Shopping'!J1501 -> 0 | K29: =L29/$L$4 -> 0.015074358 | L29: ='Non-food Shopping'!L37+'Non-food Shopping'!L220+'Non-food Shopping'!L403+'Non-food Shopping'!L586+'Non-food Shopping'!L769+'Non-food Shopping'!L952+'Non-food Shopping'!L1135+'Non-food Shopping'!L1318+'Non-food Shopping'!L1501 -> 1.1032841 | M29: =N29/$N$4 -> 0.006550514 | N29: =D29+F29+H29+J29+L29 -> 2.5196775
B30: Shoreham-by-Sea Town Centre (OUTSIDE) | C30: =D30/$D$4 -> 0 | D30: ='Non-food Shopping'!D38+'Non-food Shopping'!D221+'Non-food Shopping'!D404+'Non-food Shopping'!D587+'Non-food Shopping'!D770+'Non-food Shopping'!D953+'Non-food Shopping'!D1136+'Non-food Shopping'!D1319+'Non-food Shopping'!D1502 -> 0 | E30: =F30/$F$4 -> 0 | F30: ='Non-food Shopping'!F38+'Non-food Shopping'!F221+'Non-food Shopping'!F404+'Non-food Shopping'!F587+'Non-food Shopping'!F770+'Non-food Shopping'!F953+'Non-food Shopping'!F1136+'Non-food Shopping'!F1319+'Non-food Shopping'!F1502 -> 0 | G30: =H30/$H$4 -> 0.00094644472 | H30: ='Non-food Shopping'!H38+'Non-food Shopping'!H221+'Non-food Shopping'!H404+'Non-food Shopping'!H587+'Non-food Shopping'!H770+'Non-food Shopping'!H953+'Non-food Shopping'!H1136+'Non-food Shopping'!H1319+'Non-food Shopping'!H1502 -> 0.1420946 | I30: =J30/$J$4 -> 0 | J30: ='Non-food Shopping'!J38+'Non-food Shopping'!J221+'Non-food Shopping'!J404+'Non-food Shopping'!J587+'Non-food Shopping'!J770+'Non-food Shopping'!J953+'Non-food Shopping'!J1136+'Non-food Shopping'!J1319+'Non-food Shopping'!J1502 -> 0 | K30: =L30/$L$4 -> 0 | L30: ='Non-food Shopping'!L38+'Non-food Shopping'!L221+'Non-food Shopping'!L404+'Non-food Shopping'!L587+'Non-food Shopping'!L770+'Non-food Shopping'!L953+'Non-food Shopping'!L1136+'Non-food Shopping'!L1319+'Non-food Shopping'!L1502 -> 0 | M30: =N30/$N$4 -> 0.00036940946 | N30: =D30+F30+H30+J30+L30 -> 0.1420946
B31: Worthing Town Centre (OUTSIDE) | C31: =D31/$D$4 -> 0.057546961 | D31: ='Non-food Shopping'!D39+'Non-food Shopping'!D222+'Non-food Shopping'!D405+'Non-food Shopping'!D588+'Non-food Shopping'!D771+'Non-food Shopping'!D954+'Non-food Shopping'!D1137+'Non-food Shopping'!D1320+'Non-food Shopping'!D1503 -> 3.3131002 | E31: =F31/$F$4 -> 0.056008496 | F31: ='Non-food Shopping'!F39+'Non-food Shopping'!F222+'Non-food Shopping'!F405+'Non-food Shopping'!F588+'Non-food Shopping'!F771+'Non-food Shopping'!F954+'Non-food Shopping'!F1137+'Non-food Shopping'!F1320+'Non-food Shopping'!F1503 -> 2.4373563 | G31: =H31/$H$4 -> 0.18458381 | H31: ='Non-food Shopping'!H39+'Non-food Shopping'!H222+'Non-food Shopping'!H405+'Non-food Shopping'!H588+'Non-food Shopping'!H771+'Non-food Shopping'!H954+'Non-food Shopping'!H1137+'Non-food Shopping'!H1320+'Non-food Shopping'!H1503 -> 27.712514 | I31: =J31/$J$4 -> 0.11838489 | J31: ='Non-food Shopping'!J39+'Non-food Shopping'!J222+'Non-food Shopping'!J405+'Non-food Shopping'!J588+'Non-food Shopping'!J771+'Non-food Shopping'!J954+'Non-food Shopping'!J1137+'Non-food Shopping'!J1320+'Non-food Shopping'!J1503 -> 7.1313964 | K31: =L31/$L$4 -> 0 | L31: ='Non-food Shopping'!L39+'Non-food Shopping'!L222+'Non-food Shopping'!L405+'Non-food Shopping'!L588+'Non-food Shopping'!L771+'Non-food Shopping'!L954+'Non-food Shopping'!L1137+'Non-food Shopping'!L1320+'Non-food Shopping'!L1503 -> 0 | M31: =N31/$N$4 -> 0.10553492 | N31: =D31+F31+H31+J31+L31 -> 40.594367
B32: Broadwater District Centre, Worthing (OUTSIDE) | C32: =D32/$D$4 -> 0 | D32: ='Non-food Shopping'!D40+'Non-food Shopping'!D223+'Non-food Shopping'!D406+'Non-food Shopping'!D589+'Non-food Shopping'!D772+'Non-food Shopping'!D955+'Non-food Shopping'!D1138+'Non-food Shopping'!D1321+'Non-food Shopping'!D1504 -> 0 | E32: =F32/$F$4 -> 0 | F32: ='Non-food Shopping'!F40+'Non-food Shopping'!F223+'Non-food Shopping'!F406+'Non-food Shopping'!F589+'Non-food Shopping'!F772+'Non-food Shopping'!F955+'Non-food Shopping'!F1138+'Non-food Shopping'!F1321+'Non-food Shopping'!F1504 -> 0 | G32: =H32/$H$4 -> 0.0025392447 | H32: ='Non-food Shopping'!H40+'Non-food Shopping'!H223+'Non-food Shopping'!H406+'Non-food Shopping'!H589+'Non-food Shopping'!H772+'Non-food Shopping'!H955+'Non-food Shopping'!H1138+'Non-food Shopping'!H1321+'Non-food Shopping'!H1504 -> 0.38122984 | I32: =J32/$J$4 -> 0.00085913948 | J32: ='Non-food Shopping'!J40+'Non-food Shopping'!J223+'Non-food Shopping'!J406+'Non-food Shopping'!J589+'Non-food Shopping'!J772+'Non-food Shopping'!J955+'Non-food Shopping'!J1138+'Non-food Shopping'!J1321+'Non-food Shopping'!J1504 -> 0.051753769 | K32: =L32/$L$4 -> 0 | L32: ='Non-food Shopping'!L40+'Non-food Shopping'!L223+'Non-food Shopping'!L406+'Non-food Shopping'!L589+'Non-food Shopping'!L772+'Non-food Shopping'!L955+'Non-food Shopping'!L1138+'Non-food Shopping'!L1321+'Non-food Shopping'!L1504 -> 0 | M32: =N32/$N$4 -> 0.0011256461 | N32: =D32+F32+H32+J32+L32 -> 0.43298361
B33: Goring-by-Sea District Centre, Worthing (OUTSIDE) | C33: =D33/$D$4 -> 0.00087187167 | D33: ='Non-food Shopping'!D41+'Non-food Shopping'!D224+'Non-food Shopping'!D407+'Non-food Shopping'!D590+'Non-food Shopping'!D773+'Non-food Shopping'!D956+'Non-food Shopping'!D1139+'Non-food Shopping'!D1322+'Non-food Shopping'!D1505 -> 0.050195496 | E33: =F33/$F$4 -> 0.0022913005 | F33: ='Non-food Shopping'!F41+'Non-food Shopping'!F224+'Non-food Shopping'!F407+'Non-food Shopping'!F590+'Non-food Shopping'!F773+'Non-food Shopping'!F956+'Non-food Shopping'!F1139+'Non-food Shopping'!F1322+'Non-food Shopping'!F1505 -> 0.099711939 | G33: =H33/$H$4 -> 0.0079068864 | H33: ='Non-food Shopping'!H41+'Non-food Shopping'!H224+'Non-food Shopping'!H407+'Non-food Shopping'!H590+'Non-food Shopping'!H773+'Non-food Shopping'!H956+'Non-food Shopping'!H1139+'Non-food Shopping'!H1322+'Non-food Shopping'!H1505 -> 1.1871014 | I33: =J33/$J$4 -> 0.00059150324 | J33: ='Non-food Shopping'!J41+'Non-food Shopping'!J224+'Non-food Shopping'!J407+'Non-food Shopping'!J590+'Non-food Shopping'!J773+'Non-food Shopping'!J956+'Non-food Shopping'!J1139+'Non-food Shopping'!J1322+'Non-food Shopping'!J1505 -> 0.035631609 | K33: =L33/$L$4 -> 0.0089670795 | L33: ='Non-food Shopping'!L41+'Non-food Shopping'!L224+'Non-food Shopping'!L407+'Non-food Shopping'!L590+'Non-food Shopping'!L773+'Non-food Shopping'!L956+'Non-food Shopping'!L1139+'Non-food Shopping'!L1322+'Non-food Shopping'!L1505 -> 0.65629566 | M33: =N33/$N$4 -> 0.0052747127 | N33: =D33+F33+H33+J33+L33 -> 2.0289361
B34: West Durrington District Centre, Worthing (ZONE 4) | C34: =D34/$D$4 -> 0 | D34: ='Non-food Shopping'!D42+'Non-food Shopping'!D225+'Non-food Shopping'!D408+'Non-food Shopping'!D591+'Non-food Shopping'!D774+'Non-food Shopping'!D957+'Non-food Shopping'!D1140+'Non-food Shopping'!D1323+'Non-food Shopping'!D1506 -> 0 | E34: =F34/$F$4 -> 0 | F34: ='Non-food Shopping'!F42+'Non-food Shopping'!F225+'Non-food Shopping'!F408+'Non-food Shopping'!F591+'Non-food Shopping'!F774+'Non-food Shopping'!F957+'Non-food Shopping'!F1140+'Non-food Shopping'!F1323+'Non-food Shopping'!F1506 -> 0 | G34: =H34/$H$4 -> 0.00084875984 | H34: ='Non-food Shopping'!H42+'Non-food Shopping'!H225+'Non-food Shopping'!H408+'Non-food Shopping'!H591+'Non-food Shopping'!H774+'Non-food Shopping'!H957+'Non-food Shopping'!H1140+'Non-food Shopping'!H1323+'Non-food Shopping'!H1506 -> 0.12742867 | I34: =J34/$J$4 -> 0.017263348 | J34: ='Non-food Shopping'!J42+'Non-food Shopping'!J225+'Non-food Shopping'!J408+'Non-food Shopping'!J591+'Non-food Shopping'!J774+'Non-food Shopping'!J957+'Non-food Shopping'!J1140+'Non-food Shopping'!J1323+'Non-food Shopping'!J1506 -> 1.0399282 | K34: =L34/$L$4 -> 0 | L34: ='Non-food Shopping'!L42+'Non-food Shopping'!L225+'Non-food Shopping'!L408+'Non-food Shopping'!L591+'Non-food Shopping'!L774+'Non-food Shopping'!L957+'Non-food Shopping'!L1140+'Non-food Shopping'!L1323+'Non-food Shopping'!L1506 -> 0 | M34: =N34/$N$4 -> 0.0030348279 | N34: =D34+F34+H34+J34+L34 -> 1.1673568
B35: Aldsworth Parade Local Centre, Goring-by-Sea (OUTSIDE) | C35: =D35/$D$4 -> 0 | D35: ='Non-food Shopping'!D43+'Non-food Shopping'!D226+'Non-food Shopping'!D409+'Non-food Shopping'!D592+'Non-food Shopping'!D775+'Non-food Shopping'!D958+'Non-food Shopping'!D1141+'Non-food Shopping'!D1324+'Non-food Shopping'!D1507 -> 0 | E35: =F35/$F$4 -> 0 | F35: ='Non-food Shopping'!F43+'Non-food Shopping'!F226+'Non-food Shopping'!F409+'Non-food Shopping'!F592+'Non-food Shopping'!F775+'Non-food Shopping'!F958+'Non-food Shopping'!F1141+'Non-food Shopping'!F1324+'Non-food Shopping'!F1507 -> 0 | G35: =H35/$H$4 -> 0.0087684463 | H35: ='Non-food Shopping'!H43+'Non-food Shopping'!H226+'Non-food Shopping'!H409+'Non-food Shopping'!H592+'Non-food Shopping'!H775+'Non-food Shopping'!H958+'Non-food Shopping'!H1141+'Non-food Shopping'!H1324+'Non-food Shopping'!H1507 -> 1.3164518 | I35: =J35/$J$4 -> 0 | J35: ='Non-food Shopping'!J43+'Non-food Shopping'!J226+'Non-food Shopping'!J409+'Non-food Shopping'!J592+'Non-food Shopping'!J775+'Non-food Shopping'!J958+'Non-food Shopping'!J1141+'Non-food Shopping'!J1324+'Non-food Shopping'!J1507 -> 0 | K35: =L35/$L$4 -> 0 | L35: ='Non-food Shopping'!L43+'Non-food Shopping'!L226+'Non-food Shopping'!L409+'Non-food Shopping'!L592+'Non-food Shopping'!L775+'Non-food Shopping'!L958+'Non-food Shopping'!L1141+'Non-food Shopping'!L1324+'Non-food Shopping'!L1507 -> 0 | M35: =N35/$N$4 -> 0.0034224365 | N35: =D35+F35+H35+J35+L35 -> 1.3164518
B36: Broadwater Road Local Centre, Worthing (OUTSIDE) | C36: =D36/$D$4 -> 0 | D36: ='Non-food Shopping'!D45+'Non-food Shopping'!D228+'Non-food Shopping'!D411+'Non-food Shopping'!D594+'Non-food Shopping'!D777+'Non-food Shopping'!D960+'Non-food Shopping'!D1143+'Non-food Shopping'!D1326+'Non-food Shopping'!D1509 -> 0 | E36: =F36/$F$4 -> 0 | F36: ='Non-food Shopping'!F45+'Non-food Shopping'!F228+'Non-food Shopping'!F411+'Non-food Shopping'!F594+'Non-food Shopping'!F777+'Non-food Shopping'!F960+'Non-food Shopping'!F1143+'Non-food Shopping'!F1326+'Non-food Shopping'!F1509 -> 0 | G36: =H36/$H$4 -> 0.0092605976 | H36: ='Non-food Shopping'!H45+'Non-food Shopping'!H228+'Non-food Shopping'!H411+'Non-food Shopping'!H594+'Non-food Shopping'!H777+'Non-food Shopping'!H960+'Non-food Shopping'!H1143+'Non-food Shopping'!H1326+'Non-food Shopping'!H1509 -> 1.390341 | I36: =J36/$J$4 -> 0 | J36: ='Non-food Shopping'!J45+'Non-food Shopping'!J228+'Non-food Shopping'!J411+'Non-food Shopping'!J594+'Non-food Shopping'!J777+'Non-food Shopping'!J960+'Non-food Shopping'!J1143+'Non-food Shopping'!J1326+'Non-food Shopping'!J1509 -> 0 | K36: =L36/$L$4 -> 0 | L36: ='Non-food Shopping'!L45+'Non-food Shopping'!L228+'Non-food Shopping'!L411+'Non-food Shopping'!L594+'Non-food Shopping'!L777+'Non-food Shopping'!L960+'Non-food Shopping'!L1143+'Non-food Shopping'!L1326+'Non-food Shopping'!L1509 -> 0 | M36: =N36/$N$4 -> 0.0036145295 | N36: =D36+F36+H36+J36+L36 -> 1.390341
B37: Findon Valley Local Centre, Worthing (OUTSIDE) | C37: =D37/$D$4 -> 0.002564853 | D37: ='Non-food Shopping'!D49+'Non-food Shopping'!D232+'Non-food Shopping'!D415+'Non-food Shopping'!D598+'Non-food Shopping'!D781+'Non-food Shopping'!D964+'Non-food Shopping'!D1147+'Non-food Shopping'!D1330+'Non-food Shopping'!D1513 -> 0.14766401 | E37: =F37/$F$4 -> 0 | F37: ='Non-food Shopping'!F49+'Non-food Shopping'!F232+'Non-food Shopping'!F415+'Non-food Shopping'!F598+'Non-food Shopping'!F781+'Non-food Shopping'!F964+'Non-food Shopping'!F1147+'Non-food Shopping'!F1330+'Non-food Shopping'!F1513 -> 0 | G37: =H37/$H$4 -> 0 | H37: ='Non-food Shopping'!H49+'Non-food Shopping'!H232+'Non-food Shopping'!H415+'Non-food Shopping'!H598+'Non-food Shopping'!H781+'Non-food Shopping'!H964+'Non-food Shopping'!H1147+'Non-food Shopping'!H1330+'Non-food Shopping'!H1513 -> 0 | I37: =J37/$J$4 -> 0.0031009972 | J37: ='Non-food Shopping'!J49+'Non-food Shopping'!J232+'Non-food Shopping'!J415+'Non-food Shopping'!J598+'Non-food Shopping'!J781+'Non-food Shopping'!J964+'Non-food Shopping'!J1147+'Non-food Shopping'!J1330+'Non-food Shopping'!J1513 -> 0.18680121 | K37: =L37/$L$4 -> 0 | L37: ='Non-food Shopping'!L49+'Non-food Shopping'!L232+'Non-food Shopping'!L415+'Non-food Shopping'!L598+'Non-food Shopping'!L781+'Non-food Shopping'!L964+'Non-food Shopping'!L1147+'Non-food Shopping'!L1330+'Non-food Shopping'!L1513 -> 0 | M37: =N37/$N$4 -> 0.00086952363 | N37: =D37+F37+H37+J37+L37 -> 0.33446522
B38: Limbrick Corner Local Centre, Goring-by-Sea (ZONE 3) | C38: =D38/$D$4 -> 0 | D38: ='Non-food Shopping'!D51+'Non-food Shopping'!D234+'Non-food Shopping'!D417+'Non-food Shopping'!D600+'Non-food Shopping'!D783+'Non-food Shopping'!D966+'Non-food Shopping'!D1149+'Non-food Shopping'!D1332+'Non-food Shopping'!D1515 -> 0 | E38: =F38/$F$4 -> 0 | F38: ='Non-food Shopping'!F51+'Non-food Shopping'!F234+'Non-food Shopping'!F417+'Non-food Shopping'!F600+'Non-food Shopping'!F783+'Non-food Shopping'!F966+'Non-food Shopping'!F1149+'Non-food Shopping'!F1332+'Non-food Shopping'!F1515 -> 0 | G38: =H38/$H$4 -> 0.014967903 | H38: ='Non-food Shopping'!H51+'Non-food Shopping'!H234+'Non-food Shopping'!H417+'Non-food Shopping'!H600+'Non-food Shopping'!H783+'Non-food Shopping'!H966+'Non-food Shopping'!H1149+'Non-food Shopping'!H1332+'Non-food Shopping'!H1515 -> 2.2472081 | I38: =J38/$J$4 -> 0 | J38: ='Non-food Shopping'!J51+'Non-food Shopping'!J234+'Non-food Shopping'!J417+'Non-food Shopping'!J600+'Non-food Shopping'!J783+'Non-food Shopping'!J966+'Non-food Shopping'!J1149+'Non-food Shopping'!J1332+'Non-food Shopping'!J1515 -> 0 | K38: =L38/$L$4 -> 0 | L38: ='Non-food Shopping'!L51+'Non-food Shopping'!L234+'Non-food Shopping'!L417+'Non-food Shopping'!L600+'Non-food Shopping'!L783+'Non-food Shopping'!L966+'Non-food Shopping'!L1149+'Non-food Shopping'!L1332+'Non-food Shopping'!L1515 -> 0 | M38: =N38/$N$4 -> 0.0058421637 | N38: =D38+F38+H38+J38+L38 -> 2.2472081
B39: Manor Parade Local Centre, Durrington, Worthing (OUTSIDE) | C39: =D39/$D$4 -> 0 | D39: ='Non-food Shopping'!D54+'Non-food Shopping'!D237+'Non-food Shopping'!D420+'Non-food Shopping'!D603+'Non-food Shopping'!D786+'Non-food Shopping'!D969+'Non-food Shopping'!D1152+'Non-food Shopping'!D1335+'Non-food Shopping'!D1518 -> 0 | E39: =F39/$F$4 -> 0 | F39: ='Non-food Shopping'!F54+'Non-food Shopping'!F237+'Non-food Shopping'!F420+'Non-food Shopping'!F603+'Non-food Shopping'!F786+'Non-food Shopping'!F969+'Non-food Shopping'!F1152+'Non-food Shopping'!F1335+'Non-food Shopping'!F1518 -> 0 | G39: =H39/$H$4 -> 0.00084875984 | H39: ='Non-food Shopping'!H54+'Non-food Shopping'!H237+'Non-food Shopping'!H420+'Non-food Shopping'!H603+'Non-food Shopping'!H786+'Non-food Shopping'!H969+'Non-food Shopping'!H1152+'Non-food Shopping'!H1335+'Non-food Shopping'!H1518 -> 0.12742867 | I39: =J39/$J$4 -> 0.0015908022 | J39: ='Non-food Shopping'!J54+'Non-food Shopping'!J237+'Non-food Shopping'!J420+'Non-food Shopping'!J603+'Non-food Shopping'!J786+'Non-food Shopping'!J969+'Non-food Shopping'!J1152+'Non-food Shopping'!J1335+'Non-food Shopping'!J1518 -> 0.095828457 | K39: =L39/$L$4 -> 0 | L39: ='Non-food Shopping'!L54+'Non-food Shopping'!L237+'Non-food Shopping'!L420+'Non-food Shopping'!L603+'Non-food Shopping'!L786+'Non-food Shopping'!L969+'Non-food Shopping'!L1152+'Non-food Shopping'!L1335+'Non-food Shopping'!L1518 -> 0 | M39: =N39/$N$4 -> 0.00058041117 | N39: =D39+F39+H39+J39+L39 -> 0.22325713
B40: Rustington Local Centre, Littlehampton (ZONE 3) | C40: =D40/$D$4 -> 0.032464881 | D40: ='Non-food Shopping'!D57+'Non-food Shopping'!D240+'Non-food Shopping'!D423+'Non-food Shopping'!D606+'Non-food Shopping'!D789+'Non-food Shopping'!D972+'Non-food Shopping'!D1155+'Non-food Shopping'!D1338+'Non-food Shopping'!D1521 -> 1.8690719 | E40: =F40/$F$4 -> 0.12449326 | F40: ='Non-food Shopping'!F57+'Non-food Shopping'!F240+'Non-food Shopping'!F423+'Non-food Shopping'!F606+'Non-food Shopping'!F789+'Non-food Shopping'!F972+'Non-food Shopping'!F1155+'Non-food Shopping'!F1338+'Non-food Shopping'!F1521 -> 5.4176503 | G40: =H40/$H$4 -> 0.07498672 | H40: ='Non-food Shopping'!H57+'Non-food Shopping'!H240+'Non-food Shopping'!H423+'Non-food Shopping'!H606+'Non-food Shopping'!H789+'Non-food Shopping'!H972+'Non-food Shopping'!H1155+'Non-food Shopping'!H1338+'Non-food Shopping'!H1521 -> 11.258141 | I40: =J40/$J$4 -> 0.026278832 | J40: ='Non-food Shopping'!J57+'Non-food Shopping'!J240+'Non-food Shopping'!J423+'Non-food Shopping'!J606+'Non-food Shopping'!J789+'Non-food Shopping'!J972+'Non-food Shopping'!J1155+'Non-food Shopping'!J1338+'Non-food Shopping'!J1521 -> 1.5830126 | K40: =L40/$L$4 -> 0.014800962 | L40: ='Non-food Shopping'!L57+'Non-food Shopping'!L240+'Non-food Shopping'!L423+'Non-food Shopping'!L606+'Non-food Shopping'!L789+'Non-food Shopping'!L972+'Non-food Shopping'!L1155+'Non-food Shopping'!L1338+'Non-food Shopping'!L1521 -> 1.0832743 | M40: =N40/$N$4 -> 0.05514354 | N40: =D40+F40+H40+J40+L40 -> 21.21115
B41: Tarring Road Local Centre, West Worthing (OUTSIDE) | C41: =D41/$D$4 -> 0 | D41: ='Non-food Shopping'!D63+'Non-food Shopping'!D246+'Non-food Shopping'!D429+'Non-food Shopping'!D612+'Non-food Shopping'!D795+'Non-food Shopping'!D978+'Non-food Shopping'!D1161+'Non-food Shopping'!D1344+'Non-food Shopping'!D1527 -> 0 | E41: =F41/$F$4 -> 0 | F41: ='Non-food Shopping'!F63+'Non-food Shopping'!F246+'Non-food Shopping'!F429+'Non-food Shopping'!F612+'Non-food Shopping'!F795+'Non-food Shopping'!F978+'Non-food Shopping'!F1161+'Non-food Shopping'!F1344+'Non-food Shopping'!F1527 -> 0 | G41: =H41/$H$4 -> 0.0016975197 | H41: ='Non-food Shopping'!H63+'Non-food Shopping'!H246+'Non-food Shopping'!H429+'Non-food Shopping'!H612+'Non-food Shopping'!H795+'Non-food Shopping'!H978+'Non-food Shopping'!H1161+'Non-food Shopping'!H1344+'Non-food Shopping'!H1527 -> 0.25485734 | I41: =J41/$J$4 -> 0.0039378094 | J41: ='Non-food Shopping'!J63+'Non-food Shopping'!J246+'Non-food Shopping'!J429+'Non-food Shopping'!J612+'Non-food Shopping'!J795+'Non-food Shopping'!J978+'Non-food Shopping'!J1161+'Non-food Shopping'!J1344+'Non-food Shopping'!J1527 -> 0.23721 | K41: =L41/$L$4 -> 0 | L41: ='Non-food Shopping'!L63+'Non-food Shopping'!L246+'Non-food Shopping'!L429+'Non-food Shopping'!L612+'Non-food Shopping'!L795+'Non-food Shopping'!L978+'Non-food Shopping'!L1161+'Non-food Shopping'!L1344+'Non-food Shopping'!L1527 -> 0 | M41: =N41/$N$4 -> 0.0012792487 | N41: =D41+F41+H41+J41+L41 -> 0.49206734
B42: The Strand Local Centre, Goring-by-Sea (ZONE 3) | C42: =D42/$D$4 -> 0 | D42: ='Non-food Shopping'!D64+'Non-food Shopping'!D247+'Non-food Shopping'!D430+'Non-food Shopping'!D613+'Non-food Shopping'!D796+'Non-food Shopping'!D979+'Non-food Shopping'!D1162+'Non-food Shopping'!D1345+'Non-food Shopping'!D1528 -> 0 | E42: =F42/$F$4 -> 0 | F42: ='Non-food Shopping'!F64+'Non-food Shopping'!F247+'Non-food Shopping'!F430+'Non-food Shopping'!F613+'Non-food Shopping'!F796+'Non-food Shopping'!F979+'Non-food Shopping'!F1162+'Non-food Shopping'!F1345+'Non-food Shopping'!F1528 -> 0 | G42: =H42/$H$4 -> 0.0028015123 | H42: ='Non-food Shopping'!H64+'Non-food Shopping'!H247+'Non-food Shopping'!H430+'Non-food Shopping'!H613+'Non-food Shopping'!H796+'Non-food Shopping'!H979+'Non-food Shopping'!H1162+'Non-food Shopping'!H1345+'Non-food Shopping'!H1528 -> 0.42060541 | I42: =J42/$J$4 -> 0 | J42: ='Non-food Shopping'!J64+'Non-food Shopping'!J247+'Non-food Shopping'!J430+'Non-food Shopping'!J613+'Non-food Shopping'!J796+'Non-food Shopping'!J979+'Non-food Shopping'!J1162+'Non-food Shopping'!J1345+'Non-food Shopping'!J1528 -> 0 | K42: =L42/$L$4 -> 0 | L42: ='Non-food Shopping'!L64+'Non-food Shopping'!L247+'Non-food Shopping'!L430+'Non-food Shopping'!L613+'Non-food Shopping'!L796+'Non-food Shopping'!L979+'Non-food Shopping'!L1162+'Non-food Shopping'!L1345+'Non-food Shopping'!L1528 -> 0 | M42: =N42/$N$4 -> 0.001093466 | N42: =D42+F42+H42+J42+L42 -> 0.42060541
B43: Wick Local Centre, Littlehampton (ZONE 1) | C43: =D43/$D$4 -> 0.044360687 | D43: ='Non-food Shopping'!D66+'Non-food Shopping'!D249+'Non-food Shopping'!D432+'Non-food Shopping'!D615+'Non-food Shopping'!D798+'Non-food Shopping'!D981+'Non-food Shopping'!D1164+'Non-food Shopping'!D1347+'Non-food Shopping'!D1530 -> 2.5539386 | E43: =F43/$F$4 -> 0.0085469001 | F43: ='Non-food Shopping'!F66+'Non-food Shopping'!F249+'Non-food Shopping'!F432+'Non-food Shopping'!F615+'Non-food Shopping'!F798+'Non-food Shopping'!F981+'Non-food Shopping'!F1164+'Non-food Shopping'!F1347+'Non-food Shopping'!F1530 -> 0.37194073 | G43: =H43/$H$4 -> 0 | H43: ='Non-food Shopping'!H66+'Non-food Shopping'!H249+'Non-food Shopping'!H432+'Non-food Shopping'!H615+'Non-food Shopping'!H798+'Non-food Shopping'!H981+'Non-food Shopping'!H1164+'Non-food Shopping'!H1347+'Non-food Shopping'!H1530 -> 0 | I43: =J43/$J$4 -> 0.011952372 | J43: ='Non-food Shopping'!J66+'Non-food Shopping'!J249+'Non-food Shopping'!J432+'Non-food Shopping'!J615+'Non-food Shopping'!J798+'Non-food Shopping'!J981+'Non-food Shopping'!J1164+'Non-food Shopping'!J1347+'Non-food Shopping'!J1530 -> 0.71999987 | K43: =L43/$L$4 -> 0 | L43: ='Non-food Shopping'!L66+'Non-food Shopping'!L249+'Non-food Shopping'!L432+'Non-food Shopping'!L615+'Non-food Shopping'!L798+'Non-food Shopping'!L981+'Non-food Shopping'!L1164+'Non-food Shopping'!L1347+'Non-food Shopping'!L1530 -> 0 | M43: =N43/$N$4 -> 0.0094783492 | N43: =D43+F43+H43+J43+L43 -> 3.6458792
B44: Arun Retail Park, Shripney Road, Bognor Regis, PO22 9NF (OUTSIDE) | C44: =D44/$D$4 -> 0.0038398204 | D44: ='Non-food Shopping'!D67+'Non-food Shopping'!D250+'Non-food Shopping'!D433+'Non-food Shopping'!D616+'Non-food Shopping'!D799+'Non-food Shopping'!D982+'Non-food Shopping'!D1165+'Non-food Shopping'!D1348+'Non-food Shopping'!D1531 -> 0.22106658 | E44: =F44/$F$4 -> 0 | F44: ='Non-food Shopping'!F67+'Non-food Shopping'!F250+'Non-food Shopping'!F433+'Non-food Shopping'!F616+'Non-food Shopping'!F799+'Non-food Shopping'!F982+'Non-food Shopping'!F1165+'Non-food Shopping'!F1348+'Non-food Shopping'!F1531 -> 0 | G44: =H44/$H$4 -> 0.00062848033 | H44: ='Non-food Shopping'!H67+'Non-food Shopping'!H250+'Non-food Shopping'!H433+'Non-food Shopping'!H616+'Non-food Shopping'!H799+'Non-food Shopping'!H982+'Non-food Shopping'!H1165+'Non-food Shopping'!H1348+'Non-food Shopping'!H1531 -> 0.094356977 | I44: =J44/$J$4 -> 0.00063022561 | J44: ='Non-food Shopping'!J67+'Non-food Shopping'!J250+'Non-food Shopping'!J433+'Non-food Shopping'!J616+'Non-food Shopping'!J799+'Non-food Shopping'!J982+'Non-food Shopping'!J1165+'Non-food Shopping'!J1348+'Non-food Shopping'!J1531 -> 0.037964209 | K44: =L44/$L$4 -> 0.016126422 | L44: ='Non-food Shopping'!L67+'Non-food Shopping'!L250+'Non-food Shopping'!L433+'Non-food Shopping'!L616+'Non-food Shopping'!L799+'Non-food Shopping'!L982+'Non-food Shopping'!L1165+'Non-food Shopping'!L1348+'Non-food Shopping'!L1531 -> 1.1802841 | M44: =N44/$N$4 -> 0.0039871527 | N44: =D44+F44+H44+J44+L44 -> 1.5336718
B45: Barnfield Retail Park, Barnfield Drive, Chichester, PO19 6UX (OUTSIDE) | C45: =D45/$D$4 -> 0 | D45: ='Non-food Shopping'!D68+'Non-food Shopping'!D251+'Non-food Shopping'!D434+'Non-food Shopping'!D617+'Non-food Shopping'!D800+'Non-food Shopping'!D983+'Non-food Shopping'!D1166+'Non-food Shopping'!D1349+'Non-food Shopping'!D1532 -> 0 | E45: =F45/$F$4 -> 0 | F45: ='Non-food Shopping'!F68+'Non-food Shopping'!F251+'Non-food Shopping'!F434+'Non-food Shopping'!F617+'Non-food Shopping'!F800+'Non-food Shopping'!F983+'Non-food Shopping'!F1166+'Non-food Shopping'!F1349+'Non-food Shopping'!F1532 -> 0 | G45: =H45/$H$4 -> 0 | H45: ='Non-food Shopping'!H68+'Non-food Shopping'!H251+'Non-food Shopping'!H434+'Non-food Shopping'!H617+'Non-food Shopping'!H800+'Non-food Shopping'!H983+'Non-food Shopping'!H1166+'Non-food Shopping'!H1349+'Non-food Shopping'!H1532 -> 0 | I45: =J45/$J$4 -> 0.00079468259 | J45: ='Non-food Shopping'!J68+'Non-food Shopping'!J251+'Non-food Shopping'!J434+'Non-food Shopping'!J617+'Non-food Shopping'!J800+'Non-food Shopping'!J983+'Non-food Shopping'!J1166+'Non-food Shopping'!J1349+'Non-food Shopping'!J1532 -> 0.047870945 | K45: =L45/$L$4 -> 0.00069265329 | L45: ='Non-food Shopping'!L68+'Non-food Shopping'!L251+'Non-food Shopping'!L434+'Non-food Shopping'!L617+'Non-food Shopping'!L800+'Non-food Shopping'!L983+'Non-food Shopping'!L1166+'Non-food Shopping'!L1349+'Non-food Shopping'!L1532 -> 0.050694917 | M45: =N45/$N$4 -> 0.00025624592 | N45: =D45+F45+H45+J45+L45 -> 0.098565862
B46: Bognor Regis Retail Park, Shripney Road, Bognor Regis, PO22 9TR (OUTSIDE) | C46: =D46/$D$4 -> 0.025320381 | D46: ='Non-food Shopping'!D69+'Non-food Shopping'!D252+'Non-food Shopping'!D435+'Non-food Shopping'!D618+'Non-food Shopping'!D801+'Non-food Shopping'!D984+'Non-food Shopping'!D1167+'Non-food Shopping'!D1350+'Non-food Shopping'!D1533 -> 1.4577479 | E46: =F46/$F$4 -> 0.010736577 | F46: ='Non-food Shopping'!F69+'Non-food Shopping'!F252+'Non-food Shopping'!F435+'Non-food Shopping'!F618+'Non-food Shopping'!F801+'Non-food Shopping'!F984+'Non-food Shopping'!F1167+'Non-food Shopping'!F1350+'Non-food Shopping'!F1533 -> 0.46723026 | G46: =H46/$H$4 -> 0.0062007593 | H46: ='Non-food Shopping'!H69+'Non-food Shopping'!H252+'Non-food Shopping'!H435+'Non-food Shopping'!H618+'Non-food Shopping'!H801+'Non-food Shopping'!H984+'Non-food Shopping'!H1167+'Non-food Shopping'!H1350+'Non-food Shopping'!H1533 -> 0.9309518 | I46: =J46/$J$4 -> 0.014797101 | J46: ='Non-food Shopping'!J69+'Non-food Shopping'!J252+'Non-food Shopping'!J435+'Non-food Shopping'!J618+'Non-food Shopping'!J801+'Non-food Shopping'!J984+'Non-food Shopping'!J1167+'Non-food Shopping'!J1350+'Non-food Shopping'!J1533 -> 0.8913637 | K46: =L46/$L$4 -> 0.037675253 | L46: ='Non-food Shopping'!L69+'Non-food Shopping'!L252+'Non-food Shopping'!L435+'Non-food Shopping'!L618+'Non-food Shopping'!L801+'Non-food Shopping'!L984+'Non-food Shopping'!L1167+'Non-food Shopping'!L1350+'Non-food Shopping'!L1533 -> 2.7574312 | M46: =N46/$N$4 -> 0.016910613 | N46: =D46+F46+H46+J46+L46 -> 6.5047249
B47: Discovery Park, Westhampnett Road, Chichester, PO19 6UX (OUTSIDE) | C47: =D47/$D$4 -> 0 | D47: ='Non-food Shopping'!D70+'Non-food Shopping'!D253+'Non-food Shopping'!D436+'Non-food Shopping'!D619+'Non-food Shopping'!D802+'Non-food Shopping'!D985+'Non-food Shopping'!D1168+'Non-food Shopping'!D1351+'Non-food Shopping'!D1534 -> 0 | E47: =F47/$F$4 -> 0 | F47: ='Non-food Shopping'!F70+'Non-food Shopping'!F253+'Non-food Shopping'!F436+'Non-food Shopping'!F619+'Non-food Shopping'!F802+'Non-food Shopping'!F985+'Non-food Shopping'!F1168+'Non-food Shopping'!F1351+'Non-food Shopping'!F1534 -> 0 | G47: =H47/$H$4 -> 0.0057815994 | H47: ='Non-food Shopping'!H70+'Non-food Shopping'!H253+'Non-food Shopping'!H436+'Non-food Shopping'!H619+'Non-food Shopping'!H802+'Non-food Shopping'!H985+'Non-food Shopping'!H1168+'Non-food Shopping'!H1351+'Non-food Shopping'!H1534 -> 0.86802118 | I47: =J47/$J$4 -> 0 | J47: ='Non-food Shopping'!J70+'Non-food Shopping'!J253+'Non-food Shopping'!J436+'Non-food Shopping'!J619+'Non-food Shopping'!J802+'Non-food Shopping'!J985+'Non-food Shopping'!J1168+'Non-food Shopping'!J1351+'Non-food Shopping'!J1534 -> 0 | K47: =L47/$L$4 -> 0.001383959 | L47: ='Non-food Shopping'!L70+'Non-food Shopping'!L253+'Non-food Shopping'!L436+'Non-food Shopping'!L619+'Non-food Shopping'!L802+'Non-food Shopping'!L985+'Non-food Shopping'!L1168+'Non-food Shopping'!L1351+'Non-food Shopping'!L1534 -> 0.10129121 | M47: =N47/$N$4 -> 0.0025199632 | N47: =D47+F47+H47+J47+L47 -> 0.96931238
B48: Downlands Retail Park, Lyons Way, Worthing, BN14 9LA (OUTSIDE) | C48: =D48/$D$4 -> 0 | D48: ='Non-food Shopping'!D71+'Non-food Shopping'!D254+'Non-food Shopping'!D437+'Non-food Shopping'!D620+'Non-food Shopping'!D803+'Non-food Shopping'!D986+'Non-food Shopping'!D1169+'Non-food Shopping'!D1352+'Non-food Shopping'!D1535 -> 0 | E48: =F48/$F$4 -> 0.0081245196 | F48: ='Non-food Shopping'!F71+'Non-food Shopping'!F254+'Non-food Shopping'!F437+'Non-food Shopping'!F620+'Non-food Shopping'!F803+'Non-food Shopping'!F986+'Non-food Shopping'!F1169+'Non-food Shopping'!F1352+'Non-food Shopping'!F1535 -> 0.35355974 | G48: =H48/$H$4 -> 0.016953747 | H48: ='Non-food Shopping'!H71+'Non-food Shopping'!H254+'Non-food Shopping'!H437+'Non-food Shopping'!H620+'Non-food Shopping'!H803+'Non-food Shopping'!H986+'Non-food Shopping'!H1169+'Non-food Shopping'!H1352+'Non-food Shopping'!H1535 -> 2.545353 | I48: =J48/$J$4 -> 0.027232027 | J48: ='Non-food Shopping'!J71+'Non-food Shopping'!J254+'Non-food Shopping'!J437+'Non-food Shopping'!J620+'Non-food Shopping'!J803+'Non-food Shopping'!J986+'Non-food Shopping'!J1169+'Non-food Shopping'!J1352+'Non-food Shopping'!J1535 -> 1.6404322 | K48: =L48/$L$4 -> 0 | L48: ='Non-food Shopping'!L71+'Non-food Shopping'!L254+'Non-food Shopping'!L437+'Non-food Shopping'!L620+'Non-food Shopping'!L803+'Non-food Shopping'!L986+'Non-food Shopping'!L1169+'Non-food Shopping'!L1352+'Non-food Shopping'!L1535 -> 0 | M48: =N48/$N$4 -> 0.01180113 | N48: =D48+F48+H48+J48+L48 -> 4.5393449
B49: Lyons Farm Retail Park, Worthing, BN14 9LA (OUTSIDE) | C49: =D49/$D$4 -> 0 | D49: ='Non-food Shopping'!D72+'Non-food Shopping'!D255+'Non-food Shopping'!D438+'Non-food Shopping'!D621+'Non-food Shopping'!D804+'Non-food Shopping'!D987+'Non-food Shopping'!D1170+'Non-food Shopping'!D1353+'Non-food Shopping'!D1536 -> 0 | E49: =F49/$F$4 -> 0.0031829689 | F49: ='Non-food Shopping'!F72+'Non-food Shopping'!F255+'Non-food Shopping'!F438+'Non-food Shopping'!F621+'Non-food Shopping'!F804+'Non-food Shopping'!F987+'Non-food Shopping'!F1170+'Non-food Shopping'!F1353+'Non-food Shopping'!F1536 -> 0.13851522 | G49: =H49/$H$4 -> 0.038793879 | H49: ='Non-food Shopping'!H72+'Non-food Shopping'!H255+'Non-food Shopping'!H438+'Non-food Shopping'!H621+'Non-food Shopping'!H804+'Non-food Shopping'!H987+'Non-food Shopping'!H1170+'Non-food Shopping'!H1353+'Non-food Shopping'!H1536 -> 5.8243241 | I49: =J49/$J$4 -> 0.016625215 | J49: ='Non-food Shopping'!J72+'Non-food Shopping'!J255+'Non-food Shopping'!J438+'Non-food Shopping'!J621+'Non-food Shopping'!J804+'Non-food Shopping'!J987+'Non-food Shopping'!J1170+'Non-food Shopping'!J1353+'Non-food Shopping'!J1536 -> 1.0014876 | K49: =L49/$L$4 -> 0 | L49: ='Non-food Shopping'!L72+'Non-food Shopping'!L255+'Non-food Shopping'!L438+'Non-food Shopping'!L621+'Non-food Shopping'!L804+'Non-food Shopping'!L987+'Non-food Shopping'!L1170+'Non-food Shopping'!L1353+'Non-food Shopping'!L1536 -> 0 | M49: =N49/$N$4 -> 0.018105461 | N49: =D49+F49+H49+J49+L49 -> 6.9643269
B50: Manor Retail Park, Rustington Bypass, Littlehampton, BN16 3FH (ZONE 3) | C50: =D50/$D$4 -> 0.013284444 | D50: ='Non-food Shopping'!D73+'Non-food Shopping'!D256+'Non-food Shopping'!D439+'Non-food Shopping'!D622+'Non-food Shopping'!D805+'Non-food Shopping'!D988+'Non-food Shopping'!D1171+'Non-food Shopping'!D1354+'Non-food Shopping'!D1537 -> 0.76481351 | E50: =F50/$F$4 -> 0.017247038 | F50: ='Non-food Shopping'!F73+'Non-food Shopping'!F256+'Non-food Shopping'!F439+'Non-food Shopping'!F622+'Non-food Shopping'!F805+'Non-food Shopping'!F988+'Non-food Shopping'!F1171+'Non-food Shopping'!F1354+'Non-food Shopping'!F1537 -> 0.75055 | G50: =H50/$H$4 -> 0.04028418 | H50: ='Non-food Shopping'!H73+'Non-food Shopping'!H256+'Non-food Shopping'!H439+'Non-food Shopping'!H622+'Non-food Shopping'!H805+'Non-food Shopping'!H988+'Non-food Shopping'!H1171+'Non-food Shopping'!H1354+'Non-food Shopping'!H1537 -> 6.0480706 | I50: =J50/$J$4 -> 0 | J50: ='Non-food Shopping'!J73+'Non-food Shopping'!J256+'Non-food Shopping'!J439+'Non-food Shopping'!J622+'Non-food Shopping'!J805+'Non-food Shopping'!J988+'Non-food Shopping'!J1171+'Non-food Shopping'!J1354+'Non-food Shopping'!J1537 -> 0 | K50: =L50/$L$4 -> 0.0068495122 | L50: ='Non-food Shopping'!L73+'Non-food Shopping'!L256+'Non-food Shopping'!L439+'Non-food Shopping'!L622+'Non-food Shopping'!L805+'Non-food Shopping'!L988+'Non-food Shopping'!L1171+'Non-food Shopping'!L1354+'Non-food Shopping'!L1537 -> 0.50131207 | M50: =N50/$N$4 -> 0.020966268 | N50: =D50+F50+H50+J50+L50 -> 8.0647461
B51: Portfield Retail Park (aka Chichester Retail Park), Portfield Way, Chichester, PO19 7WT (OUTSIDE) | C51: =D51/$D$4 -> 0.037371381 | D51: ='Non-food Shopping'!D74+'Non-food Shopping'!D257+'Non-food Shopping'!D440+'Non-food Shopping'!D623+'Non-food Shopping'!D806+'Non-food Shopping'!D989+'Non-food Shopping'!D1172+'Non-food Shopping'!D1355+'Non-food Shopping'!D1538 -> 2.1515494 | E51: =F51/$F$4 -> 0.020567806 | F51: ='Non-food Shopping'!F74+'Non-food Shopping'!F257+'Non-food Shopping'!F440+'Non-food Shopping'!F623+'Non-food Shopping'!F806+'Non-food Shopping'!F989+'Non-food Shopping'!F1172+'Non-food Shopping'!F1355+'Non-food Shopping'!F1538 -> 0.89506193 | G51: =H51/$H$4 -> 0.025860963 | H51: ='Non-food Shopping'!H74+'Non-food Shopping'!H257+'Non-food Shopping'!H440+'Non-food Shopping'!H623+'Non-food Shopping'!H806+'Non-food Shopping'!H989+'Non-food Shopping'!H1172+'Non-food Shopping'!H1355+'Non-food Shopping'!H1538 -> 3.882639 | I51: =J51/$J$4 -> 0.046525874 | J51: ='Non-food Shopping'!J74+'Non-food Shopping'!J257+'Non-food Shopping'!J440+'Non-food Shopping'!J623+'Non-food Shopping'!J806+'Non-food Shopping'!J989+'Non-food Shopping'!J1172+'Non-food Shopping'!J1355+'Non-food Shopping'!J1538 -> 2.8026757 | K51: =L51/$L$4 -> 0.06193681 | L51: ='Non-food Shopping'!L74+'Non-food Shopping'!L257+'Non-food Shopping'!L440+'Non-food Shopping'!L623+'Non-food Shopping'!L806+'Non-food Shopping'!L989+'Non-food Shopping'!L1172+'Non-food Shopping'!L1355+'Non-food Shopping'!L1538 -> 4.5331213 | M51: =N51/$N$4 -> 0.037085458 | N51: =D51+F51+H51+J51+L51 -> 14.265047
B52: Rustington Retail Park, New Road, Rustington, Littlehampton, BN16 3RT (ZONE 3) | C52: =D52/$D$4 -> 0.059307784 | D52: ='Non-food Shopping'!D75+'Non-food Shopping'!D258+'Non-food Shopping'!D441+'Non-food Shopping'!D624+'Non-food Shopping'!D807+'Non-food Shopping'!D990+'Non-food Shopping'!D1173+'Non-food Shopping'!D1356+'Non-food Shopping'!D1539 -> 3.4144745 | E52: =F52/$F$4 -> 0.056586829 | F52: ='Non-food Shopping'!F75+'Non-food Shopping'!F258+'Non-food Shopping'!F441+'Non-food Shopping'!F624+'Non-food Shopping'!F807+'Non-food Shopping'!F990+'Non-food Shopping'!F1173+'Non-food Shopping'!F1356+'Non-food Shopping'!F1539 -> 2.462524 | G52: =H52/$H$4 -> 0.057450858 | H52: ='Non-food Shopping'!H75+'Non-food Shopping'!H258+'Non-food Shopping'!H441+'Non-food Shopping'!H624+'Non-food Shopping'!H807+'Non-food Shopping'!H990+'Non-food Shopping'!H1173+'Non-food Shopping'!H1356+'Non-food Shopping'!H1539 -> 8.6253921 | I52: =J52/$J$4 -> 0.055466396 | J52: ='Non-food Shopping'!J75+'Non-food Shopping'!J258+'Non-food Shopping'!J441+'Non-food Shopping'!J624+'Non-food Shopping'!J807+'Non-food Shopping'!J990+'Non-food Shopping'!J1173+'Non-food Shopping'!J1356+'Non-food Shopping'!J1539 -> 3.3412445 | K52: =L52/$L$4 -> 0.02294836 | L52: ='Non-food Shopping'!L75+'Non-food Shopping'!L258+'Non-food Shopping'!L441+'Non-food Shopping'!L624+'Non-food Shopping'!L807+'Non-food Shopping'!L990+'Non-food Shopping'!L1173+'Non-food Shopping'!L1356+'Non-food Shopping'!L1539 -> 1.679578 | M52: =N52/$N$4 -> 0.050755338 | N52: =D52+F52+H52+J52+L52 -> 19.523213
B53: B&Q, Shripney Road, Bognor Regis, PO22 9NF (OUTSIDE) | C53: =D53/$D$4 -> 0.0098279089 | D53: ='Non-food Shopping'!D76+'Non-food Shopping'!D259+'Non-food Shopping'!D442+'Non-food Shopping'!D625+'Non-food Shopping'!D808+'Non-food Shopping'!D991+'Non-food Shopping'!D1174+'Non-food Shopping'!D1357+'Non-food Shopping'!D1540 -> 0.5658135 | E53: =F53/$F$4 -> 0.011939427 | F53: ='Non-food Shopping'!F76+'Non-food Shopping'!F259+'Non-food Shopping'!F442+'Non-food Shopping'!F625+'Non-food Shopping'!F808+'Non-food Shopping'!F991+'Non-food Shopping'!F1174+'Non-food Shopping'!F1357+'Non-food Shopping'!F1540 -> 0.51957544 | G53: =H53/$H$4 -> 0 | H53: ='Non-food Shopping'!H76+'Non-food Shopping'!H259+'Non-food Shopping'!H442+'Non-food Shopping'!H625+'Non-food Shopping'!H808+'Non-food Shopping'!H991+'Non-food Shopping'!H1174+'Non-food Shopping'!H1357+'Non-food Shopping'!H1540 -> 0 | I53: =J53/$J$4 -> 0.0050361066 | J53: ='Non-food Shopping'!J76+'Non-food Shopping'!J259+'Non-food Shopping'!J442+'Non-food Shopping'!J625+'Non-food Shopping'!J808+'Non-food Shopping'!J991+'Non-food Shopping'!J1174+'Non-food Shopping'!J1357+'Non-food Shopping'!J1540 -> 0.30337041 | K53: =L53/$L$4 -> 0.045468511 | L53: ='Non-food Shopping'!L76+'Non-food Shopping'!L259+'Non-food Shopping'!L442+'Non-food Shopping'!L625+'Non-food Shopping'!L808+'Non-food Shopping'!L991+'Non-food Shopping'!L1174+'Non-food Shopping'!L1357+'Non-food Shopping'!L1540 -> 3.3278156 | M53: =N53/$N$4 -> 0.012261883 | N53: =D53+F53+H53+J53+L53 -> 4.7165749
B54: B&Q, Downlands Business Park, Lyons Way, Worthing, BN14 9LA (OUTSIDE) | C54: =D54/$D$4 -> 0 | D54: ='Non-food Shopping'!D77+'Non-food Shopping'!D260+'Non-food Shopping'!D443+'Non-food Shopping'!D626+'Non-food Shopping'!D809+'Non-food Shopping'!D992+'Non-food Shopping'!D1175+'Non-food Shopping'!D1358+'Non-food Shopping'!D1541 -> 0 | E54: =F54/$F$4 -> 0 | F54: ='Non-food Shopping'!F77+'Non-food Shopping'!F260+'Non-food Shopping'!F443+'Non-food Shopping'!F626+'Non-food Shopping'!F809+'Non-food Shopping'!F992+'Non-food Shopping'!F1175+'Non-food Shopping'!F1358+'Non-food Shopping'!F1541 -> 0 | G54: =H54/$H$4 -> 0.026744083 | H54: ='Non-food Shopping'!H77+'Non-food Shopping'!H260+'Non-food Shopping'!H443+'Non-food Shopping'!H626+'Non-food Shopping'!H809+'Non-food Shopping'!H992+'Non-food Shopping'!H1175+'Non-food Shopping'!H1358+'Non-food Shopping'!H1541 -> 4.0152265 | I54: =J54/$J$4 -> 0.021888114 | J54: ='Non-food Shopping'!J77+'Non-food Shopping'!J260+'Non-food Shopping'!J443+'Non-food Shopping'!J626+'Non-food Shopping'!J809+'Non-food Shopping'!J992+'Non-food Shopping'!J1175+'Non-food Shopping'!J1358+'Non-food Shopping'!J1541 -> 1.3185198 | K54: =L54/$L$4 -> 0 | L54: ='Non-food Shopping'!L77+'Non-food Shopping'!L260+'Non-food Shopping'!L443+'Non-food Shopping'!L626+'Non-food Shopping'!L809+'Non-food Shopping'!L992+'Non-food Shopping'!L1175+'Non-food Shopping'!L1358+'Non-food Shopping'!L1541 -> 0 | M54: =N54/$N$4 -> 0.01386637 | N54: =D54+F54+H54+J54+L54 -> 5.3337463
B55: Homebase, Disccovery Park, Westhampnett Road, Chichester, PO19 6UX (OUTSIDE) | C55: =D55/$D$4 -> 0 | D55: ='Non-food Shopping'!D80+'Non-food Shopping'!D263+'Non-food Shopping'!D446+'Non-food Shopping'!D629+'Non-food Shopping'!D812+'Non-food Shopping'!D995+'Non-food Shopping'!D1178+'Non-food Shopping'!D1361+'Non-food Shopping'!D1544 -> 0 | E55: =F55/$F$4 -> 0.00048727669 | F55: ='Non-food Shopping'!F80+'Non-food Shopping'!F263+'Non-food Shopping'!F446+'Non-food Shopping'!F629+'Non-food Shopping'!F812+'Non-food Shopping'!F995+'Non-food Shopping'!F1178+'Non-food Shopping'!F1361+'Non-food Shopping'!F1544 -> 0.021205121 | G55: =H55/$H$4 -> 0.00062848033 | H55: ='Non-food Shopping'!H80+'Non-food Shopping'!H263+'Non-food Shopping'!H446+'Non-food Shopping'!H629+'Non-food Shopping'!H812+'Non-food Shopping'!H995+'Non-food Shopping'!H1178+'Non-food Shopping'!H1361+'Non-food Shopping'!H1544 -> 0.094356977 | I55: =J55/$J$4 -> 0.0047249826 | J55: ='Non-food Shopping'!J80+'Non-food Shopping'!J263+'Non-food Shopping'!J446+'Non-food Shopping'!J629+'Non-food Shopping'!J812+'Non-food Shopping'!J995+'Non-food Shopping'!J1178+'Non-food Shopping'!J1361+'Non-food Shopping'!J1544 -> 0.28462859 | K55: =L55/$L$4 -> 0.0027692656 | L55: ='Non-food Shopping'!L80+'Non-food Shopping'!L263+'Non-food Shopping'!L446+'Non-food Shopping'!L629+'Non-food Shopping'!L812+'Non-food Shopping'!L995+'Non-food Shopping'!L1178+'Non-food Shopping'!L1361+'Non-food Shopping'!L1544 -> 0.20268104 | M55: =N55/$N$4 -> 0.0015673116 | N55: =D55+F55+H55+J55+L55 -> 0.60287173
B56: Wickes, Broad Piece, Wick, Littlehampton, BN17 5RA (ZONE 1) | C56: =D56/$D$4 -> 0.044159249 | D56: ='Non-food Shopping'!D82+'Non-food Shopping'!D265+'Non-food Shopping'!D448+'Non-food Shopping'!D631+'Non-food Shopping'!D814+'Non-food Shopping'!D997+'Non-food Shopping'!D1180+'Non-food Shopping'!D1363+'Non-food Shopping'!D1546 -> 2.5423413 | E56: =F56/$F$4 -> 0.049223237 | F56: ='Non-food Shopping'!F82+'Non-food Shopping'!F265+'Non-food Shopping'!F448+'Non-food Shopping'!F631+'Non-food Shopping'!F814+'Non-food Shopping'!F997+'Non-food Shopping'!F1180+'Non-food Shopping'!F1363+'Non-food Shopping'!F1546 -> 2.142078 | G56: =H56/$H$4 -> 0.015578405 | H56: ='Non-food Shopping'!H82+'Non-food Shopping'!H265+'Non-food Shopping'!H448+'Non-food Shopping'!H631+'Non-food Shopping'!H814+'Non-food Shopping'!H997+'Non-food Shopping'!H1180+'Non-food Shopping'!H1363+'Non-food Shopping'!H1546 -> 2.3388659 | I56: =J56/$J$4 -> 0.026632445 | J56: ='Non-food Shopping'!J82+'Non-food Shopping'!J265+'Non-food Shopping'!J448+'Non-food Shopping'!J631+'Non-food Shopping'!J814+'Non-food Shopping'!J997+'Non-food Shopping'!J1180+'Non-food Shopping'!J1363+'Non-food Shopping'!J1546 -> 1.6043139 | K56: =L56/$L$4 -> 0.013199201 | L56: ='Non-food Shopping'!L82+'Non-food Shopping'!L265+'Non-food Shopping'!L448+'Non-food Shopping'!L631+'Non-food Shopping'!L814+'Non-food Shopping'!L997+'Non-food Shopping'!L1180+'Non-food Shopping'!L1363+'Non-food Shopping'!L1546 -> 0.96604235 | M56: =N56/$N$4 -> 0.024941003 | N56: =D56+F56+H56+J56+L56 -> 9.5936415
B57: Wickes, Railside Retail Park, Shripney Road, Bognor Regis, PO22 9NG (OUTSIDE) | C57: =D57/$D$4 -> 0 | D57: ='Non-food Shopping'!D83+'Non-food Shopping'!D266+'Non-food Shopping'!D449+'Non-food Shopping'!D632+'Non-food Shopping'!D815+'Non-food Shopping'!D998+'Non-food Shopping'!D1181+'Non-food Shopping'!D1364+'Non-food Shopping'!D1547 -> 0 | E57: =F57/$F$4 -> 0 | F57: ='Non-food Shopping'!F83+'Non-food Shopping'!F266+'Non-food Shopping'!F449+'Non-food Shopping'!F632+'Non-food Shopping'!F815+'Non-food Shopping'!F998+'Non-food Shopping'!F1181+'Non-food Shopping'!F1364+'Non-food Shopping'!F1547 -> 0 | G57: =H57/$H$4 -> 0 | H57: ='Non-food Shopping'!H83+'Non-food Shopping'!H266+'Non-food Shopping'!H449+'Non-food Shopping'!H632+'Non-food Shopping'!H815+'Non-food Shopping'!H998+'Non-food Shopping'!H1181+'Non-food Shopping'!H1364+'Non-food Shopping'!H1547 -> 0 | I57: =J57/$J$4 -> 0.016129234 | J57: ='Non-food Shopping'!J83+'Non-food Shopping'!J266+'Non-food Shopping'!J449+'Non-food Shopping'!J632+'Non-food Shopping'!J815+'Non-food Shopping'!J998+'Non-food Shopping'!J1181+'Non-food Shopping'!J1364+'Non-food Shopping'!J1547 -> 0.97161018 | K57: =L57/$L$4 -> 0.01217774 | L57: ='Non-food Shopping'!L83+'Non-food Shopping'!L266+'Non-food Shopping'!L449+'Non-food Shopping'!L632+'Non-food Shopping'!L815+'Non-food Shopping'!L998+'Non-food Shopping'!L1181+'Non-food Shopping'!L1364+'Non-food Shopping'!L1547 -> 0.89128214 | M57: =N57/$N$4 -> 0.0048430414 | N57: =D57+F57+H57+J57+L57 -> 1.8628923
B58: Wickes, Dominion Road, Worthing, BN14 8JP (OUTSIDE) | C58: =D58/$D$4 -> 0 | D58: ='Non-food Shopping'!D84+'Non-food Shopping'!D267+'Non-food Shopping'!D450+'Non-food Shopping'!D633+'Non-food Shopping'!D816+'Non-food Shopping'!D999+'Non-food Shopping'!D1182+'Non-food Shopping'!D1365+'Non-food Shopping'!D1548 -> 0 | E58: =F58/$F$4 -> 0 | F58: ='Non-food Shopping'!F84+'Non-food Shopping'!F267+'Non-food Shopping'!F450+'Non-food Shopping'!F633+'Non-food Shopping'!F816+'Non-food Shopping'!F999+'Non-food Shopping'!F1182+'Non-food Shopping'!F1365+'Non-food Shopping'!F1548 -> 0 | G58: =H58/$H$4 -> 0.0058226286 | H58: ='Non-food Shopping'!H84+'Non-food Shopping'!H267+'Non-food Shopping'!H450+'Non-food Shopping'!H633+'Non-food Shopping'!H816+'Non-food Shopping'!H999+'Non-food Shopping'!H1182+'Non-food Shopping'!H1365+'Non-food Shopping'!H1548 -> 0.8741811 | I58: =J58/$J$4 -> 0.0031534074 | J58: ='Non-food Shopping'!J84+'Non-food Shopping'!J267+'Non-food Shopping'!J450+'Non-food Shopping'!J633+'Non-food Shopping'!J816+'Non-food Shopping'!J999+'Non-food Shopping'!J1182+'Non-food Shopping'!J1365+'Non-food Shopping'!J1548 -> 0.18995835 | K58: =L58/$L$4 -> 0 | L58: ='Non-food Shopping'!L84+'Non-food Shopping'!L267+'Non-food Shopping'!L450+'Non-food Shopping'!L633+'Non-food Shopping'!L816+'Non-food Shopping'!L999+'Non-food Shopping'!L1182+'Non-food Shopping'!L1365+'Non-food Shopping'!L1548 -> 0 | M58: =N58/$N$4 -> 0.0027664892 | N58: =D58+F58+H58+J58+L58 -> 1.0641394
B59: Ford Airfield Market and Carboot, Rodney Crescent, Ford, Arundel, BN18 0DB (ZONE 5) | C59: =D59/$D$4 -> 0 | D59: ='Non-food Shopping'!D86+'Non-food Shopping'!D269+'Non-food Shopping'!D452+'Non-food Shopping'!D635+'Non-food Shopping'!D818+'Non-food Shopping'!D1001+'Non-food Shopping'!D1184+'Non-food Shopping'!D1367+'Non-food Shopping'!D1550 -> 0 | E59: =F59/$F$4 -> 0 | F59: ='Non-food Shopping'!F86+'Non-food Shopping'!F269+'Non-food Shopping'!F452+'Non-food Shopping'!F635+'Non-food Shopping'!F818+'Non-food Shopping'!F1001+'Non-food Shopping'!F1184+'Non-food Shopping'!F1367+'Non-food Shopping'!F1550 -> 0 | G59: =H59/$H$4 -> 0.0012118668 | H59: ='Non-food Shopping'!H86+'Non-food Shopping'!H269+'Non-food Shopping'!H452+'Non-food Shopping'!H635+'Non-food Shopping'!H818+'Non-food Shopping'!H1001+'Non-food Shopping'!H1184+'Non-food Shopping'!H1367+'Non-food Shopping'!H1550 -> 0.18194379 | I59: =J59/$J$4 -> 0 | J59: ='Non-food Shopping'!J86+'Non-food Shopping'!J269+'Non-food Shopping'!J452+'Non-food Shopping'!J635+'Non-food Shopping'!J818+'Non-food Shopping'!J1001+'Non-food Shopping'!J1184+'Non-food Shopping'!J1367+'Non-food Shopping'!J1550 -> 0 | K59: =L59/$L$4 -> 0.0075845225 | L59: ='Non-food Shopping'!L86+'Non-food Shopping'!L269+'Non-food Shopping'!L452+'Non-food Shopping'!L635+'Non-food Shopping'!L818+'Non-food Shopping'!L1001+'Non-food Shopping'!L1184+'Non-food Shopping'!L1367+'Non-food Shopping'!L1550 -> 0.55510707 | M59: =N59/$N$4 -> 0.0019161429 | N59: =D59+F59+H59+J59+L59 -> 0.73705086
B60: Arun Retail Park, Broad Piece, Wick, Littlehampton, BN17 5RA (ZONE 1) | C60: =D60/$D$4 -> 0.11281522 | D60: ='Non-food Shopping'!D87+'Non-food Shopping'!D270+'Non-food Shopping'!D453+'Non-food Shopping'!D636+'Non-food Shopping'!D819+'Non-food Shopping'!D1002+'Non-food Shopping'!D1185+'Non-food Shopping'!D1368+'Non-food Shopping'!D1551 -> 6.4950106 | E60: =F60/$F$4 -> 0.088025168 | F60: ='Non-food Shopping'!F87+'Non-food Shopping'!F270+'Non-food Shopping'!F453+'Non-food Shopping'!F636+'Non-food Shopping'!F819+'Non-food Shopping'!F1002+'Non-food Shopping'!F1185+'Non-food Shopping'!F1368+'Non-food Shopping'!F1551 -> 3.8306456 | G60: =H60/$H$4 -> 0.033833591 | H60: ='Non-food Shopping'!H87+'Non-food Shopping'!H270+'Non-food Shopping'!H453+'Non-food Shopping'!H636+'Non-food Shopping'!H819+'Non-food Shopping'!H1002+'Non-food Shopping'!H1185+'Non-food Shopping'!H1368+'Non-food Shopping'!H1551 -> 5.0796106 | I60: =J60/$J$4 -> 0.043049003 | J60: ='Non-food Shopping'!J87+'Non-food Shopping'!J270+'Non-food Shopping'!J453+'Non-food Shopping'!J636+'Non-food Shopping'!J819+'Non-food Shopping'!J1002+'Non-food Shopping'!J1185+'Non-food Shopping'!J1368+'Non-food Shopping'!J1551 -> 2.5932322 | K60: =L60/$L$4 -> 0.046647574 | L60: ='Non-food Shopping'!L87+'Non-food Shopping'!L270+'Non-food Shopping'!L453+'Non-food Shopping'!L636+'Non-food Shopping'!L819+'Non-food Shopping'!L1002+'Non-food Shopping'!L1185+'Non-food Shopping'!L1368+'Non-food Shopping'!L1551 -> 3.4141105 | M60: =N60/$N$4 -> 0.055667284 | N60: =D60+F60+H60+J60+L60 -> 21.41261
B61: West Worthing Local Centre, Worthing, BN11 4SR (OUTSIDE) | C61: =D61/$D$4 -> 0 | D61: ='Non-food Shopping'!D88+'Non-food Shopping'!D271+'Non-food Shopping'!D454+'Non-food Shopping'!D637+'Non-food Shopping'!D820+'Non-food Shopping'!D1003+'Non-food Shopping'!D1186+'Non-food Shopping'!D1369+'Non-food Shopping'!D1552 -> 0 | E61: =F61/$F$4 -> 0.0007634991 | F61: ='Non-food Shopping'!F88+'Non-food Shopping'!F271+'Non-food Shopping'!F454+'Non-food Shopping'!F637+'Non-food Shopping'!F820+'Non-food Shopping'!F1003+'Non-food Shopping'!F1186+'Non-food Shopping'!F1369+'Non-food Shopping'!F1552 -> 0.033225662 | G61: =H61/$H$4 -> 0.0025223011 | H61: ='Non-food Shopping'!H88+'Non-food Shopping'!H271+'Non-food Shopping'!H454+'Non-food Shopping'!H637+'Non-food Shopping'!H820+'Non-food Shopping'!H1003+'Non-food Shopping'!H1186+'Non-food Shopping'!H1369+'Non-food Shopping'!H1552 -> 0.378686 | I61: =J61/$J$4 -> 0.0028948391 | J61: ='Non-food Shopping'!J88+'Non-food Shopping'!J271+'Non-food Shopping'!J454+'Non-food Shopping'!J637+'Non-food Shopping'!J820+'Non-food Shopping'!J1003+'Non-food Shopping'!J1186+'Non-food Shopping'!J1369+'Non-food Shopping'!J1552 -> 0.17438244 | K61: =L61/$L$4 -> 0 | L61: ='Non-food Shopping'!L88+'Non-food Shopping'!L271+'Non-food Shopping'!L454+'Non-food Shopping'!L637+'Non-food Shopping'!L820+'Non-food Shopping'!L1003+'Non-food Shopping'!L1186+'Non-food Shopping'!L1369+'Non-food Shopping'!L1552 -> 0 | M61: =N61/$N$4 -> 0.001524214 | N61: =D61+F61+H61+J61+L61 -> 0.5862941
B62: Peacehaven Town Centre (OUTSIDE) | C62: =D62/$D$4 -> 0 | D62: ='Non-food Shopping'!D89+'Non-food Shopping'!D272+'Non-food Shopping'!D455+'Non-food Shopping'!D638+'Non-food Shopping'!D821+'Non-food Shopping'!D1004+'Non-food Shopping'!D1187+'Non-food Shopping'!D1370+'Non-food Shopping'!D1553 -> 0 | E62: =F62/$F$4 -> 0 | F62: ='Non-food Shopping'!F89+'Non-food Shopping'!F272+'Non-food Shopping'!F455+'Non-food Shopping'!F638+'Non-food Shopping'!F821+'Non-food Shopping'!F1004+'Non-food Shopping'!F1187+'Non-food Shopping'!F1370+'Non-food Shopping'!F1553 -> 0 | G62: =H62/$H$4 -> 0 | H62: ='Non-food Shopping'!H89+'Non-food Shopping'!H272+'Non-food Shopping'!H455+'Non-food Shopping'!H638+'Non-food Shopping'!H821+'Non-food Shopping'!H1004+'Non-food Shopping'!H1187+'Non-food Shopping'!H1370+'Non-food Shopping'!H1553 -> 0 | I62: =J62/$J$4 -> 0.00076087047 | J62: ='Non-food Shopping'!J89+'Non-food Shopping'!J272+'Non-food Shopping'!J455+'Non-food Shopping'!J638+'Non-food Shopping'!J821+'Non-food Shopping'!J1004+'Non-food Shopping'!J1187+'Non-food Shopping'!J1370+'Non-food Shopping'!J1553 -> 0.045834135 | K62: =L62/$L$4 -> 0 | L62: ='Non-food Shopping'!L89+'Non-food Shopping'!L272+'Non-food Shopping'!L455+'Non-food Shopping'!L638+'Non-food Shopping'!L821+'Non-food Shopping'!L1004+'Non-food Shopping'!L1187+'Non-food Shopping'!L1370+'Non-food Shopping'!L1553 -> 0 | M62: =N62/$N$4 -> 0.00011915697 | N62: =D62+F62+H62+J62+L62 -> 0.045834135
B63: Barnham Trading Post, Barnham Road, Barnham, PO22 0ES (ZONE 5) | C63: =D63/$D$4 -> 0 | D63: ='Non-food Shopping'!D90+'Non-food Shopping'!D273+'Non-food Shopping'!D456+'Non-food Shopping'!D639+'Non-food Shopping'!D822+'Non-food Shopping'!D1005+'Non-food Shopping'!D1188+'Non-food Shopping'!D1371+'Non-food Shopping'!D1554 -> 0 | E63: =F63/$F$4 -> 0 | F63: ='Non-food Shopping'!F90+'Non-food Shopping'!F273+'Non-food Shopping'!F456+'Non-food Shopping'!F639+'Non-food Shopping'!F822+'Non-food Shopping'!F1005+'Non-food Shopping'!F1188+'Non-food Shopping'!F1371+'Non-food Shopping'!F1554 -> 0 | G63: =H63/$H$4 -> 0 | H63: ='Non-food Shopping'!H90+'Non-food Shopping'!H273+'Non-food Shopping'!H456+'Non-food Shopping'!H639+'Non-food Shopping'!H822+'Non-food Shopping'!H1005+'Non-food Shopping'!H1188+'Non-food Shopping'!H1371+'Non-food Shopping'!H1554 -> 0 | I63: =J63/$J$4 -> 0 | J63: ='Non-food Shopping'!J90+'Non-food Shopping'!J273+'Non-food Shopping'!J456+'Non-food Shopping'!J639+'Non-food Shopping'!J822+'Non-food Shopping'!J1005+'Non-food Shopping'!J1188+'Non-food Shopping'!J1371+'Non-food Shopping'!J1554 -> 0 | K63: =L63/$L$4 -> 0.015473273 | L63: ='Non-food Shopping'!L90+'Non-food Shopping'!L273+'Non-food Shopping'!L456+'Non-food Shopping'!L639+'Non-food Shopping'!L822+'Non-food Shopping'!L1005+'Non-food Shopping'!L1188+'Non-food Shopping'!L1371+'Non-food Shopping'!L1554 -> 1.1324804 | M63: =N63/$N$4 -> 0.0029441581 | N63: =D63+F63+H63+J63+L63 -> 1.1324804
B64: North Bersted Village Centre (OUTSIDE) | C64: =D64/$D$4 -> 0 | D64: ='Non-food Shopping'!D91+'Non-food Shopping'!D274+'Non-food Shopping'!D457+'Non-food Shopping'!D640+'Non-food Shopping'!D823+'Non-food Shopping'!D1006+'Non-food Shopping'!D1189+'Non-food Shopping'!D1372+'Non-food Shopping'!D1555 -> 0 | E64: =F64/$F$4 -> 0 | F64: ='Non-food Shopping'!F91+'Non-food Shopping'!F274+'Non-food Shopping'!F457+'Non-food Shopping'!F640+'Non-food Shopping'!F823+'Non-food Shopping'!F1006+'Non-food Shopping'!F1189+'Non-food Shopping'!F1372+'Non-food Shopping'!F1555 -> 0 | G64: =H64/$H$4 -> 0 | H64: ='Non-food Shopping'!H91+'Non-food Shopping'!H274+'Non-food Shopping'!H457+'Non-food Shopping'!H640+'Non-food Shopping'!H823+'Non-food Shopping'!H1006+'Non-food Shopping'!H1189+'Non-food Shopping'!H1372+'Non-food Shopping'!H1555 -> 0 | I64: =J64/$J$4 -> 0 | J64: ='Non-food Shopping'!J91+'Non-food Shopping'!J274+'Non-food Shopping'!J457+'Non-food Shopping'!J640+'Non-food Shopping'!J823+'Non-food Shopping'!J1006+'Non-food Shopping'!J1189+'Non-food Shopping'!J1372+'Non-food Shopping'!J1555 -> 0 | K64: =L64/$L$4 -> 0.00077052164 | L64: ='Non-food Shopping'!L91+'Non-food Shopping'!L274+'Non-food Shopping'!L457+'Non-food Shopping'!L640+'Non-food Shopping'!L823+'Non-food Shopping'!L1006+'Non-food Shopping'!L1189+'Non-food Shopping'!L1372+'Non-food Shopping'!L1555 -> 0.056394059 | M64: =N64/$N$4 -> 0.00014661006 | N64: =D64+F64+H64+J64+L64 -> 0.056394059
B65: Chichester Bedding Centre, A259, Bosham, Chichester, PO18 8NN (OUTSIDE) | C65: =D65/$D$4 -> 0 | D65: ='Non-food Shopping'!D92+'Non-food Shopping'!D275+'Non-food Shopping'!D458+'Non-food Shopping'!D641+'Non-food Shopping'!D824+'Non-food Shopping'!D1007+'Non-food Shopping'!D1190+'Non-food Shopping'!D1373+'Non-food Shopping'!D1556 -> 0 | E65: =F65/$F$4 -> 0 | F65: ='Non-food Shopping'!F92+'Non-food Shopping'!F275+'Non-food Shopping'!F458+'Non-food Shopping'!F641+'Non-food Shopping'!F824+'Non-food Shopping'!F1007+'Non-food Shopping'!F1190+'Non-food Shopping'!F1373+'Non-food Shopping'!F1556 -> 0 | G65: =H65/$H$4 -> 0 | H65: ='Non-food Shopping'!H92+'Non-food Shopping'!H275+'Non-food Shopping'!H458+'Non-food Shopping'!H641+'Non-food Shopping'!H824+'Non-food Shopping'!H1007+'Non-food Shopping'!H1190+'Non-food Shopping'!H1373+'Non-food Shopping'!H1556 -> 0 | I65: =J65/$J$4 -> 0 | J65: ='Non-food Shopping'!J92+'Non-food Shopping'!J275+'Non-food Shopping'!J458+'Non-food Shopping'!J641+'Non-food Shopping'!J824+'Non-food Shopping'!J1007+'Non-food Shopping'!J1190+'Non-food Shopping'!J1373+'Non-food Shopping'!J1556 -> 0 | K65: =L65/$L$4 -> 0.0017733597 | L65: ='Non-food Shopping'!L92+'Non-food Shopping'!L275+'Non-food Shopping'!L458+'Non-food Shopping'!L641+'Non-food Shopping'!L824+'Non-food Shopping'!L1007+'Non-food Shopping'!L1190+'Non-food Shopping'!L1373+'Non-food Shopping'!L1556 -> 0.12979123 | M65: =N65/$N$4 -> 0.00033742386 | N65: =D65+F65+H65+J65+L65 -> 0.12979123
B66: Eazylay Flooring & Beds, Clock Park, Bognor Regis, PO22 9NH (OUTSIDE) | C66: =D66/$D$4 -> 0 | D66: ='Non-food Shopping'!D93+'Non-food Shopping'!D276+'Non-food Shopping'!D459+'Non-food Shopping'!D642+'Non-food Shopping'!D825+'Non-food Shopping'!D1008+'Non-food Shopping'!D1191+'Non-food Shopping'!D1374+'Non-food Shopping'!D1557 -> 0 | E66: =F66/$F$4 -> 0 | F66: ='Non-food Shopping'!F93+'Non-food Shopping'!F276+'Non-food Shopping'!F459+'Non-food Shopping'!F642+'Non-food Shopping'!F825+'Non-food Shopping'!F1008+'Non-food Shopping'!F1191+'Non-food Shopping'!F1374+'Non-food Shopping'!F1557 -> 0 | G66: =H66/$H$4 -> 0 | H66: ='Non-food Shopping'!H93+'Non-food Shopping'!H276+'Non-food Shopping'!H459+'Non-food Shopping'!H642+'Non-food Shopping'!H825+'Non-food Shopping'!H1008+'Non-food Shopping'!H1191+'Non-food Shopping'!H1374+'Non-food Shopping'!H1557 -> 0 | I66: =J66/$J$4 -> 0 | J66: ='Non-food Shopping'!J93+'Non-food Shopping'!J276+'Non-food Shopping'!J459+'Non-food Shopping'!J642+'Non-food Shopping'!J825+'Non-food Shopping'!J1008+'Non-food Shopping'!J1191+'Non-food Shopping'!J1374+'Non-food Shopping'!J1557 -> 0 | K66: =L66/$L$4 -> 0.0035432694 | L66: ='Non-food Shopping'!L93+'Non-food Shopping'!L276+'Non-food Shopping'!L459+'Non-food Shopping'!L642+'Non-food Shopping'!L825+'Non-food Shopping'!L1008+'Non-food Shopping'!L1191+'Non-food Shopping'!L1374+'Non-food Shopping'!L1557 -> 0.25932995 | M66: =N66/$N$4 -> 0.00067419125 | N66: =D66+F66+H66+J66+L66 -> 0.25932995
B67: Ford Village Centre (ZONE 5) | C67: =D67/$D$4 -> 0.00098036771 | D67: ='Non-food Shopping'!D94+'Non-food Shopping'!D277+'Non-food Shopping'!D460+'Non-food Shopping'!D643+'Non-food Shopping'!D826+'Non-food Shopping'!D1009+'Non-food Shopping'!D1192+'Non-food Shopping'!D1375+'Non-food Shopping'!D1558 -> 0.056441842 | E67: =F67/$F$4 -> 0 | F67: ='Non-food Shopping'!F94+'Non-food Shopping'!F277+'Non-food Shopping'!F460+'Non-food Shopping'!F643+'Non-food Shopping'!F826+'Non-food Shopping'!F1009+'Non-food Shopping'!F1192+'Non-food Shopping'!F1375+'Non-food Shopping'!F1558 -> 0 | G67: =H67/$H$4 -> 0 | H67: ='Non-food Shopping'!H94+'Non-food Shopping'!H277+'Non-food Shopping'!H460+'Non-food Shopping'!H643+'Non-food Shopping'!H826+'Non-food Shopping'!H1009+'Non-food Shopping'!H1192+'Non-food Shopping'!H1375+'Non-food Shopping'!H1558 -> 0 | I67: =J67/$J$4 -> 0.0012748292 | J67: ='Non-food Shopping'!J94+'Non-food Shopping'!J277+'Non-food Shopping'!J460+'Non-food Shopping'!J643+'Non-food Shopping'!J826+'Non-food Shopping'!J1009+'Non-food Shopping'!J1192+'Non-food Shopping'!J1375+'Non-food Shopping'!J1558 -> 0.076794532 | K67: =L67/$L$4 -> 0 | L67: ='Non-food Shopping'!L94+'Non-food Shopping'!L277+'Non-food Shopping'!L460+'Non-food Shopping'!L643+'Non-food Shopping'!L826+'Non-food Shopping'!L1009+'Non-food Shopping'!L1192+'Non-food Shopping'!L1375+'Non-food Shopping'!L1558 -> 0 | M67: =N67/$N$4 -> 0.00034638034 | N67: =D67+F67+H67+J67+L67 -> 0.13323637
B68: Holmbush Shopping Centre, Upper Shoreham Road, Shoreham-by-Sea, BN43 6TD (OUTSIDE) | C68: =D68/$D$4 -> 0.011136683 | D68: ='Non-food Shopping'!D95+'Non-food Shopping'!D278+'Non-food Shopping'!D461+'Non-food Shopping'!D644+'Non-food Shopping'!D827+'Non-food Shopping'!D1010+'Non-food Shopping'!D1193+'Non-food Shopping'!D1376+'Non-food Shopping'!D1559 -> 0.64116241 | E68: =F68/$F$4 -> 0.011864599 | F68: ='Non-food Shopping'!F95+'Non-food Shopping'!F278+'Non-food Shopping'!F461+'Non-food Shopping'!F644+'Non-food Shopping'!F827+'Non-food Shopping'!F1010+'Non-food Shopping'!F1193+'Non-food Shopping'!F1376+'Non-food Shopping'!F1559 -> 0.5163191 | G68: =H68/$H$4 -> 0.0090906347 | H68: ='Non-food Shopping'!H95+'Non-food Shopping'!H278+'Non-food Shopping'!H461+'Non-food Shopping'!H644+'Non-food Shopping'!H827+'Non-food Shopping'!H1010+'Non-food Shopping'!H1193+'Non-food Shopping'!H1376+'Non-food Shopping'!H1559 -> 1.3648236 | I68: =J68/$J$4 -> 0.030123099 | J68: ='Non-food Shopping'!J95+'Non-food Shopping'!J278+'Non-food Shopping'!J461+'Non-food Shopping'!J644+'Non-food Shopping'!J827+'Non-food Shopping'!J1010+'Non-food Shopping'!J1193+'Non-food Shopping'!J1376+'Non-food Shopping'!J1559 -> 1.8145877 | K68: =L68/$L$4 -> 0 | L68: ='Non-food Shopping'!L95+'Non-food Shopping'!L278+'Non-food Shopping'!L461+'Non-food Shopping'!L644+'Non-food Shopping'!L827+'Non-food Shopping'!L1010+'Non-food Shopping'!L1193+'Non-food Shopping'!L1376+'Non-food Shopping'!L1559 -> 0 | M68: =N68/$N$4 -> 0.011274807 | N68: =D68+F68+H68+J68+L68 -> 4.3368928
B69: Abroad (OUTSIDE) | C69: =D69/$D$4 -> 0 | D69: ='Non-food Shopping'!D97+'Non-food Shopping'!D280+'Non-food Shopping'!D463+'Non-food Shopping'!D646+'Non-food Shopping'!D829+'Non-food Shopping'!D1012+'Non-food Shopping'!D1195+'Non-food Shopping'!D1378+'Non-food Shopping'!D1561 -> 0 | E69: =F69/$F$4 -> 0.037277061 | F69: ='Non-food Shopping'!F97+'Non-food Shopping'!F280+'Non-food Shopping'!F463+'Non-food Shopping'!F646+'Non-food Shopping'!F829+'Non-food Shopping'!F1012+'Non-food Shopping'!F1195+'Non-food Shopping'!F1378+'Non-food Shopping'!F1561 -> 1.6222089 | G69: =H69/$H$4 -> 0.045843482 | H69: ='Non-food Shopping'!H97+'Non-food Shopping'!H280+'Non-food Shopping'!H463+'Non-food Shopping'!H646+'Non-food Shopping'!H829+'Non-food Shopping'!H1012+'Non-food Shopping'!H1195+'Non-food Shopping'!H1378+'Non-food Shopping'!H1561 -> 6.8827171 | I69: =J69/$J$4 -> 0.0026881272 | J69: ='Non-food Shopping'!J97+'Non-food Shopping'!J280+'Non-food Shopping'!J463+'Non-food Shopping'!J646+'Non-food Shopping'!J829+'Non-food Shopping'!J1012+'Non-food Shopping'!J1195+'Non-food Shopping'!J1378+'Non-food Shopping'!J1561 -> 0.1619303 | K69: =L69/$L$4 -> 0.01440761 | L69: ='Non-food Shopping'!L97+'Non-food Shopping'!L280+'Non-food Shopping'!L463+'Non-food Shopping'!L646+'Non-food Shopping'!L829+'Non-food Shopping'!L1012+'Non-food Shopping'!L1195+'Non-food Shopping'!L1378+'Non-food Shopping'!L1561 -> 1.0544851 | M69: =N69/$N$4 -> 0.02527299 | N69: =D69+F69+H69+J69+L69 -> 9.7213415
B70: A1 Services, Oving Road, Chichester, PO19 7EW (OUTSIDE) | C70: =D70/$D$4 -> 0 | D70: ='Non-food Shopping'!D98+'Non-food Shopping'!D281+'Non-food Shopping'!D464+'Non-food Shopping'!D647+'Non-food Shopping'!D830+'Non-food Shopping'!D1013+'Non-food Shopping'!D1196+'Non-food Shopping'!D1379+'Non-food Shopping'!D1562 -> 0 | E70: =F70/$F$4 -> 0 | F70: ='Non-food Shopping'!F98+'Non-food Shopping'!F281+'Non-food Shopping'!F464+'Non-food Shopping'!F647+'Non-food Shopping'!F830+'Non-food Shopping'!F1013+'Non-food Shopping'!F1196+'Non-food Shopping'!F1379+'Non-food Shopping'!F1562 -> 0 | G70: =H70/$H$4 -> 0 | H70: ='Non-food Shopping'!H98+'Non-food Shopping'!H281+'Non-food Shopping'!H464+'Non-food Shopping'!H647+'Non-food Shopping'!H830+'Non-food Shopping'!H1013+'Non-food Shopping'!H1196+'Non-food Shopping'!H1379+'Non-food Shopping'!H1562 -> 0 | I70: =J70/$J$4 -> 0 | J70: ='Non-food Shopping'!J98+'Non-food Shopping'!J281+'Non-food Shopping'!J464+'Non-food Shopping'!J647+'Non-food Shopping'!J830+'Non-food Shopping'!J1013+'Non-food Shopping'!J1196+'Non-food Shopping'!J1379+'Non-food Shopping'!J1562 -> 0 | K70: =L70/$L$4 -> 0.00077052164 | L70: ='Non-food Shopping'!L98+'Non-food Shopping'!L281+'Non-food Shopping'!L464+'Non-food Shopping'!L647+'Non-food Shopping'!L830+'Non-food Shopping'!L1013+'Non-food Shopping'!L1196+'Non-food Shopping'!L1379+'Non-food Shopping'!L1562 -> 0.056394059 | M70: =N70/$N$4 -> 0.00014661006 | N70: =D70+F70+H70+J70+L70 -> 0.056394059
B71: Aldi, Saltbox Road, Bognor Regis, PO22 9FP (OUTSIDE) | C71: =D71/$D$4 -> 0 | D71: ='Non-food Shopping'!D99+'Non-food Shopping'!D282+'Non-food Shopping'!D465+'Non-food Shopping'!D648+'Non-food Shopping'!D831+'Non-food Shopping'!D1014+'Non-food Shopping'!D1197+'Non-food Shopping'!D1380+'Non-food Shopping'!D1563 -> 0 | E71: =F71/$F$4 -> 0.0007634991 | F71: ='Non-food Shopping'!F99+'Non-food Shopping'!F282+'Non-food Shopping'!F465+'Non-food Shopping'!F648+'Non-food Shopping'!F831+'Non-food Shopping'!F1014+'Non-food Shopping'!F1197+'Non-food Shopping'!F1380+'Non-food Shopping'!F1563 -> 0.033225662 | G71: =H71/$H$4 -> 0 | H71: ='Non-food Shopping'!H99+'Non-food Shopping'!H282+'Non-food Shopping'!H465+'Non-food Shopping'!H648+'Non-food Shopping'!H831+'Non-food Shopping'!H1014+'Non-food Shopping'!H1197+'Non-food Shopping'!H1380+'Non-food Shopping'!H1563 -> 0 | I71: =J71/$J$4 -> 0 | J71: ='Non-food Shopping'!J99+'Non-food Shopping'!J282+'Non-food Shopping'!J465+'Non-food Shopping'!J648+'Non-food Shopping'!J831+'Non-food Shopping'!J1014+'Non-food Shopping'!J1197+'Non-food Shopping'!J1380+'Non-food Shopping'!J1563 -> 0 | K71: =L71/$L$4 -> 0 | L71: ='Non-food Shopping'!L99+'Non-food Shopping'!L282+'Non-food Shopping'!L465+'Non-food Shopping'!L648+'Non-food Shopping'!L831+'Non-food Shopping'!L1014+'Non-food Shopping'!L1197+'Non-food Shopping'!L1380+'Non-food Shopping'!L1563 -> 0 | M71: =N71/$N$4 -> 8.6378185e-05 | N71: =D71+F71+H71+J71+L71 -> 0.033225662
B72: Angmering Village Centre (ZONE 3) | C72: =D72/$D$4 -> 0.00061570255 | D72: ='Non-food Shopping'!D100+'Non-food Shopping'!D283+'Non-food Shopping'!D466+'Non-food Shopping'!D649+'Non-food Shopping'!D832+'Non-food Shopping'!D1015+'Non-food Shopping'!D1198+'Non-food Shopping'!D1381+'Non-food Shopping'!D1564 -> 0.035447298 | E72: =F72/$F$4 -> 0 | F72: ='Non-food Shopping'!F100+'Non-food Shopping'!F283+'Non-food Shopping'!F466+'Non-food Shopping'!F649+'Non-food Shopping'!F832+'Non-food Shopping'!F1015+'Non-food Shopping'!F1198+'Non-food Shopping'!F1381+'Non-food Shopping'!F1564 -> 0 | G72: =H72/$H$4 -> 0.0095759628 | H72: ='Non-food Shopping'!H100+'Non-food Shopping'!H283+'Non-food Shopping'!H466+'Non-food Shopping'!H649+'Non-food Shopping'!H832+'Non-food Shopping'!H1015+'Non-food Shopping'!H1198+'Non-food Shopping'!H1381+'Non-food Shopping'!H1564 -> 1.4376884 | I72: =J72/$J$4 -> 0.00079468259 | J72: ='Non-food Shopping'!J100+'Non-food Shopping'!J283+'Non-food Shopping'!J466+'Non-food Shopping'!J649+'Non-food Shopping'!J832+'Non-food Shopping'!J1015+'Non-food Shopping'!J1198+'Non-food Shopping'!J1381+'Non-food Shopping'!J1564 -> 0.047870945 | K72: =L72/$L$4 -> 0 | L72: ='Non-food Shopping'!L100+'Non-food Shopping'!L283+'Non-food Shopping'!L466+'Non-food Shopping'!L649+'Non-food Shopping'!L832+'Non-food Shopping'!L1015+'Non-food Shopping'!L1198+'Non-food Shopping'!L1381+'Non-food Shopping'!L1564 -> 0 | M72: =N72/$N$4 -> 0.0039542265 | N72: =D72+F72+H72+J72+L72 -> 1.5210067
B73: B&M, Southern Cross Trading Estate, Bognor Regis, PO22 9SE (OUTSIDE) | C73: =D73/$D$4 -> 0 | D73: ='Non-food Shopping'!D101+'Non-food Shopping'!D284+'Non-food Shopping'!D467+'Non-food Shopping'!D650+'Non-food Shopping'!D833+'Non-food Shopping'!D1016+'Non-food Shopping'!D1199+'Non-food Shopping'!D1382+'Non-food Shopping'!D1565 -> 0 | E73: =F73/$F$4 -> 0.00097262211 | F73: ='Non-food Shopping'!F101+'Non-food Shopping'!F284+'Non-food Shopping'!F467+'Non-food Shopping'!F650+'Non-food Shopping'!F833+'Non-food Shopping'!F1016+'Non-food Shopping'!F1199+'Non-food Shopping'!F1382+'Non-food Shopping'!F1565 -> 0.042326197 | G73: =H73/$H$4 -> 0 | H73: ='Non-food Shopping'!H101+'Non-food Shopping'!H284+'Non-food Shopping'!H467+'Non-food Shopping'!H650+'Non-food Shopping'!H833+'Non-food Shopping'!H1016+'Non-food Shopping'!H1199+'Non-food Shopping'!H1382+'Non-food Shopping'!H1565 -> 0 | I73: =J73/$J$4 -> 0 | J73: ='Non-food Shopping'!J101+'Non-food Shopping'!J284+'Non-food Shopping'!J467+'Non-food Shopping'!J650+'Non-food Shopping'!J833+'Non-food Shopping'!J1016+'Non-food Shopping'!J1199+'Non-food Shopping'!J1382+'Non-food Shopping'!J1565 -> 0 | K73: =L73/$L$4 -> 0 | L73: ='Non-food Shopping'!L101+'Non-food Shopping'!L284+'Non-food Shopping'!L467+'Non-food Shopping'!L650+'Non-food Shopping'!L833+'Non-food Shopping'!L1016+'Non-food Shopping'!L1199+'Non-food Shopping'!L1382+'Non-food Shopping'!L1565 -> 0 | M73: =N73/$N$4 -> 0.00011003724 | N73: =D73+F73+H73+J73+L73 -> 0.042326197
B74: Barnham Village Centre (ZONE 5) | C74: =D74/$D$4 -> 0 | D74: ='Non-food Shopping'!D102+'Non-food Shopping'!D285+'Non-food Shopping'!D468+'Non-food Shopping'!D651+'Non-food Shopping'!D834+'Non-food Shopping'!D1017+'Non-food Shopping'!D1200+'Non-food Shopping'!D1383+'Non-food Shopping'!D1566 -> 0 | E74: =F74/$F$4 -> 0 | F74: ='Non-food Shopping'!F102+'Non-food Shopping'!F285+'Non-food Shopping'!F468+'Non-food Shopping'!F651+'Non-food Shopping'!F834+'Non-food Shopping'!F1017+'Non-food Shopping'!F1200+'Non-food Shopping'!F1383+'Non-food Shopping'!F1566 -> 0 | G74: =H74/$H$4 -> 0 | H74: ='Non-food Shopping'!H102+'Non-food Shopping'!H285+'Non-food Shopping'!H468+'Non-food Shopping'!H651+'Non-food Shopping'!H834+'Non-food Shopping'!H1017+'Non-food Shopping'!H1200+'Non-food Shopping'!H1383+'Non-food Shopping'!H1566 -> 0 | I74: =J74/$J$4 -> 0.0032796305 | J74: ='Non-food Shopping'!J102+'Non-food Shopping'!J285+'Non-food Shopping'!J468+'Non-food Shopping'!J651+'Non-food Shopping'!J834+'Non-food Shopping'!J1017+'Non-food Shopping'!J1200+'Non-food Shopping'!J1383+'Non-food Shopping'!J1566 -> 0.19756191 | K74: =L74/$L$4 -> 0.033295545 | L74: ='Non-food Shopping'!L102+'Non-food Shopping'!L285+'Non-food Shopping'!L468+'Non-food Shopping'!L651+'Non-food Shopping'!L834+'Non-food Shopping'!L1017+'Non-food Shopping'!L1200+'Non-food Shopping'!L1383+'Non-food Shopping'!L1566 -> 2.4368828 | M74: =N74/$N$4 -> 0.0068488794 | N74: =D74+F74+H74+J74+L74 -> 2.6344447
B75: Bedford Town Centre (OUTSIDE) | C75: =D75/$D$4 -> 0 | D75: ='Non-food Shopping'!D103+'Non-food Shopping'!D286+'Non-food Shopping'!D469+'Non-food Shopping'!D652+'Non-food Shopping'!D835+'Non-food Shopping'!D1018+'Non-food Shopping'!D1201+'Non-food Shopping'!D1384+'Non-food Shopping'!D1567 -> 0 | E75: =F75/$F$4 -> 0 | F75: ='Non-food Shopping'!F103+'Non-food Shopping'!F286+'Non-food Shopping'!F469+'Non-food Shopping'!F652+'Non-food Shopping'!F835+'Non-food Shopping'!F1018+'Non-food Shopping'!F1201+'Non-food Shopping'!F1384+'Non-food Shopping'!F1567 -> 0 | G75: =H75/$H$4 -> 0 | H75: ='Non-food Shopping'!H103+'Non-food Shopping'!H286+'Non-food Shopping'!H469+'Non-food Shopping'!H652+'Non-food Shopping'!H835+'Non-food Shopping'!H1018+'Non-food Shopping'!H1201+'Non-food Shopping'!H1384+'Non-food Shopping'!H1567 -> 0 | I75: =J75/$J$4 -> 0 | J75: ='Non-food Shopping'!J103+'Non-food Shopping'!J286+'Non-food Shopping'!J469+'Non-food Shopping'!J652+'Non-food Shopping'!J835+'Non-food Shopping'!J1018+'Non-food Shopping'!J1201+'Non-food Shopping'!J1384+'Non-food Shopping'!J1567 -> 0 | K75: =L75/$L$4 -> 0.0017733597 | L75: ='Non-food Shopping'!L103+'Non-food Shopping'!L286+'Non-food Shopping'!L469+'Non-food Shopping'!L652+'Non-food Shopping'!L835+'Non-food Shopping'!L1018+'Non-food Shopping'!L1201+'Non-food Shopping'!L1384+'Non-food Shopping'!L1567 -> 0.12979123 | M75: =N75/$N$4 -> 0.00033742386 | N75: =D75+F75+H75+J75+L75 -> 0.12979123
B76: Birdham Village Centre (OUTSIDE) | C76: =D76/$D$4 -> 0 | D76: ='Non-food Shopping'!D104+'Non-food Shopping'!D287+'Non-food Shopping'!D470+'Non-food Shopping'!D653+'Non-food Shopping'!D836+'Non-food Shopping'!D1019+'Non-food Shopping'!D1202+'Non-food Shopping'!D1385+'Non-food Shopping'!D1568 -> 0 | E76: =F76/$F$4 -> 0 | F76: ='Non-food Shopping'!F104+'Non-food Shopping'!F287+'Non-food Shopping'!F470+'Non-food Shopping'!F653+'Non-food Shopping'!F836+'Non-food Shopping'!F1019+'Non-food Shopping'!F1202+'Non-food Shopping'!F1385+'Non-food Shopping'!F1568 -> 0 | G76: =H76/$H$4 -> 0 | H76: ='Non-food Shopping'!H104+'Non-food Shopping'!H287+'Non-food Shopping'!H470+'Non-food Shopping'!H653+'Non-food Shopping'!H836+'Non-food Shopping'!H1019+'Non-food Shopping'!H1202+'Non-food Shopping'!H1385+'Non-food Shopping'!H1568 -> 0 | I76: =J76/$J$4 -> 0.0042911329 | J76: ='Non-food Shopping'!J104+'Non-food Shopping'!J287+'Non-food Shopping'!J470+'Non-food Shopping'!J653+'Non-food Shopping'!J836+'Non-food Shopping'!J1019+'Non-food Shopping'!J1202+'Non-food Shopping'!J1385+'Non-food Shopping'!J1568 -> 0.25849388 | K76: =L76/$L$4 -> 0 | L76: ='Non-food Shopping'!L104+'Non-food Shopping'!L287+'Non-food Shopping'!L470+'Non-food Shopping'!L653+'Non-food Shopping'!L836+'Non-food Shopping'!L1019+'Non-food Shopping'!L1202+'Non-food Shopping'!L1385+'Non-food Shopping'!L1568 -> 0 | M76: =N76/$N$4 -> 0.00067201769 | N76: =D76+F76+H76+J76+L76 -> 0.25849388
B77: Boots Pharmacy, Finisterre Way, Littlehampton, BN17 6RA (ZONE 2) | C77: =D77/$D$4 -> 0.0053039018 | D77: ='Non-food Shopping'!D106+'Non-food Shopping'!D289+'Non-food Shopping'!D472+'Non-food Shopping'!D655+'Non-food Shopping'!D838+'Non-food Shopping'!D1021+'Non-food Shopping'!D1204+'Non-food Shopping'!D1387+'Non-food Shopping'!D1570 -> 0.30535684 | E77: =F77/$F$4 -> 0.016033078 | F77: ='Non-food Shopping'!F106+'Non-food Shopping'!F289+'Non-food Shopping'!F472+'Non-food Shopping'!F655+'Non-food Shopping'!F838+'Non-food Shopping'!F1021+'Non-food Shopping'!F1204+'Non-food Shopping'!F1387+'Non-food Shopping'!F1570 -> 0.69772137 | G77: =H77/$H$4 -> 0 | H77: ='Non-food Shopping'!H106+'Non-food Shopping'!H289+'Non-food Shopping'!H472+'Non-food Shopping'!H655+'Non-food Shopping'!H838+'Non-food Shopping'!H1021+'Non-food Shopping'!H1204+'Non-food Shopping'!H1387+'Non-food Shopping'!H1570 -> 0 | I77: =J77/$J$4 -> 0 | J77: ='Non-food Shopping'!J106+'Non-food Shopping'!J289+'Non-food Shopping'!J472+'Non-food Shopping'!J655+'Non-food Shopping'!J838+'Non-food Shopping'!J1021+'Non-food Shopping'!J1204+'Non-food Shopping'!J1387+'Non-food Shopping'!J1570 -> 0 | K77: =L77/$L$4 -> 0 | L77: ='Non-food Shopping'!L106+'Non-food Shopping'!L289+'Non-food Shopping'!L472+'Non-food Shopping'!L655+'Non-food Shopping'!L838+'Non-food Shopping'!L1021+'Non-food Shopping'!L1204+'Non-food Shopping'!L1387+'Non-food Shopping'!L1570 -> 0 | M77: =N77/$N$4 -> 0.0026077456 | N77: =D77+F77+H77+J77+L77 -> 1.0030782
B78: Brewers Decorator Centre, Woods Way, Mulberry Lane, Goring-by-Sea, BN12 4QY (OUTSIDE) | C78: =D78/$D$4 -> 0.00061570255 | D78: ='Non-food Shopping'!D107+'Non-food Shopping'!D290+'Non-food Shopping'!D473+'Non-food Shopping'!D656+'Non-food Shopping'!D839+'Non-food Shopping'!D1022+'Non-food Shopping'!D1205+'Non-food Shopping'!D1388+'Non-food Shopping'!D1571 -> 0.035447298 | E78: =F78/$F$4 -> 0 | F78: ='Non-food Shopping'!F107+'Non-food Shopping'!F290+'Non-food Shopping'!F473+'Non-food Shopping'!F656+'Non-food Shopping'!F839+'Non-food Shopping'!F1022+'Non-food Shopping'!F1205+'Non-food Shopping'!F1388+'Non-food Shopping'!F1571 -> 0 | G78: =H78/$H$4 -> 0 | H78: ='Non-food Shopping'!H107+'Non-food Shopping'!H290+'Non-food Shopping'!H473+'Non-food Shopping'!H656+'Non-food Shopping'!H839+'Non-food Shopping'!H1022+'Non-food Shopping'!H1205+'Non-food Shopping'!H1388+'Non-food Shopping'!H1571 -> 0 | I78: =J78/$J$4 -> 0.00063022561 | J78: ='Non-food Shopping'!J107+'Non-food Shopping'!J290+'Non-food Shopping'!J473+'Non-food Shopping'!J656+'Non-food Shopping'!J839+'Non-food Shopping'!J1022+'Non-food Shopping'!J1205+'Non-food Shopping'!J1388+'Non-food Shopping'!J1571 -> 0.037964209 | K78: =L78/$L$4 -> 0 | L78: ='Non-food Shopping'!L107+'Non-food Shopping'!L290+'Non-food Shopping'!L473+'Non-food Shopping'!L656+'Non-food Shopping'!L839+'Non-food Shopping'!L1022+'Non-food Shopping'!L1205+'Non-food Shopping'!L1388+'Non-food Shopping'!L1571 -> 0 | M78: =N78/$N$4 -> 0.00019085106 | N78: =D78+F78+H78+J78+L78 -> 0.073411507
B79: Bristol City Centre (OUTSIDE) | C79: =D79/$D$4 -> 0.0022973561 | D79: ='Non-food Shopping'!D108+'Non-food Shopping'!D291+'Non-food Shopping'!D474+'Non-food Shopping'!D657+'Non-food Shopping'!D840+'Non-food Shopping'!D1023+'Non-food Shopping'!D1206+'Non-food Shopping'!D1389+'Non-food Shopping'!D1572 -> 0.13226365 | E79: =F79/$F$4 -> 0 | F79: ='Non-food Shopping'!F108+'Non-food Shopping'!F291+'Non-food Shopping'!F474+'Non-food Shopping'!F657+'Non-food Shopping'!F840+'Non-food Shopping'!F1023+'Non-food Shopping'!F1206+'Non-food Shopping'!F1389+'Non-food Shopping'!F1572 -> 0 | G79: =H79/$H$4 -> 0 | H79: ='Non-food Shopping'!H108+'Non-food Shopping'!H291+'Non-food Shopping'!H474+'Non-food Shopping'!H657+'Non-food Shopping'!H840+'Non-food Shopping'!H1023+'Non-food Shopping'!H1206+'Non-food Shopping'!H1389+'Non-food Shopping'!H1572 -> 0 | I79: =J79/$J$4 -> 0 | J79: ='Non-food Shopping'!J108+'Non-food Shopping'!J291+'Non-food Shopping'!J474+'Non-food Shopping'!J657+'Non-food Shopping'!J840+'Non-food Shopping'!J1023+'Non-food Shopping'!J1206+'Non-food Shopping'!J1389+'Non-food Shopping'!J1572 -> 0 | K79: =L79/$L$4 -> 0 | L79: ='Non-food Shopping'!L108+'Non-food Shopping'!L291+'Non-food Shopping'!L474+'Non-food Shopping'!L657+'Non-food Shopping'!L840+'Non-food Shopping'!L1023+'Non-food Shopping'!L1206+'Non-food Shopping'!L1389+'Non-food Shopping'!L1572 -> 0 | M79: =N79/$N$4 -> 0.0003438515 | N79: =D79+F79+H79+J79+L79 -> 0.13226365
B80: Cardiff City Centre (OUTSIDE) | C80: =D80/$D$4 -> 0 | D80: ='Non-food Shopping'!D110+'Non-food Shopping'!D293+'Non-food Shopping'!D476+'Non-food Shopping'!D659+'Non-food Shopping'!D842+'Non-food Shopping'!D1025+'Non-food Shopping'!D1208+'Non-food Shopping'!D1391+'Non-food Shopping'!D1574 -> 0 | E80: =F80/$F$4 -> 0.007986974 | F80: ='Non-food Shopping'!F110+'Non-food Shopping'!F293+'Non-food Shopping'!F476+'Non-food Shopping'!F659+'Non-food Shopping'!F842+'Non-food Shopping'!F1025+'Non-food Shopping'!F1208+'Non-food Shopping'!F1391+'Non-food Shopping'!F1574 -> 0.34757408 | G80: =H80/$H$4 -> 0 | H80: ='Non-food Shopping'!H110+'Non-food Shopping'!H293+'Non-food Shopping'!H476+'Non-food Shopping'!H659+'Non-food Shopping'!H842+'Non-food Shopping'!H1025+'Non-food Shopping'!H1208+'Non-food Shopping'!H1391+'Non-food Shopping'!H1574 -> 0 | I80: =J80/$J$4 -> 0 | J80: ='Non-food Shopping'!J110+'Non-food Shopping'!J293+'Non-food Shopping'!J476+'Non-food Shopping'!J659+'Non-food Shopping'!J842+'Non-food Shopping'!J1025+'Non-food Shopping'!J1208+'Non-food Shopping'!J1391+'Non-food Shopping'!J1574 -> 0 | K80: =L80/$L$4 -> 0 | L80: ='Non-food Shopping'!L110+'Non-food Shopping'!L293+'Non-food Shopping'!L476+'Non-food Shopping'!L659+'Non-food Shopping'!L842+'Non-food Shopping'!L1025+'Non-food Shopping'!L1208+'Non-food Shopping'!L1391+'Non-food Shopping'!L1574 -> 0 | M80: =N80/$N$4 -> 0.00090360331 | N80: =D80+F80+H80+J80+L80 -> 0.34757408
B81: Co-op, Ferring Street, Ferring, Worthing, BN12 5JP (ZONE 3) | C81: =D81/$D$4 -> 0 | D81: ='Non-food Shopping'!D111+'Non-food Shopping'!D294+'Non-food Shopping'!D477+'Non-food Shopping'!D660+'Non-food Shopping'!D843+'Non-food Shopping'!D1026+'Non-food Shopping'!D1209+'Non-food Shopping'!D1392+'Non-food Shopping'!D1575 -> 0 | E81: =F81/$F$4 -> 0 | F81: ='Non-food Shopping'!F111+'Non-food Shopping'!F294+'Non-food Shopping'!F477+'Non-food Shopping'!F660+'Non-food Shopping'!F843+'Non-food Shopping'!F1026+'Non-food Shopping'!F1209+'Non-food Shopping'!F1392+'Non-food Shopping'!F1575 -> 0 | G81: =H81/$H$4 -> 0.0012118668 | H81: ='Non-food Shopping'!H111+'Non-food Shopping'!H294+'Non-food Shopping'!H477+'Non-food Shopping'!H660+'Non-food Shopping'!H843+'Non-food Shopping'!H1026+'Non-food Shopping'!H1209+'Non-food Shopping'!H1392+'Non-food Shopping'!H1575 -> 0.18194379 | I81: =J81/$J$4 -> 0 | J81: ='Non-food Shopping'!J111+'Non-food Shopping'!J294+'Non-food Shopping'!J477+'Non-food Shopping'!J660+'Non-food Shopping'!J843+'Non-food Shopping'!J1026+'Non-food Shopping'!J1209+'Non-food Shopping'!J1392+'Non-food Shopping'!J1575 -> 0 | K81: =L81/$L$4 -> 0 | L81: ='Non-food Shopping'!L111+'Non-food Shopping'!L294+'Non-food Shopping'!L477+'Non-food Shopping'!L660+'Non-food Shopping'!L843+'Non-food Shopping'!L1026+'Non-food Shopping'!L1209+'Non-food Shopping'!L1392+'Non-food Shopping'!L1575 -> 0 | M81: =N81/$N$4 -> 0.0004730071 | N81: =D81+F81+H81+J81+L81 -> 0.18194379
B82: Co-op, Main Road, Yapton, BN18 0EY (ZONE 5) | C82: =D82/$D$4 -> 0 | D82: ='Non-food Shopping'!D112+'Non-food Shopping'!D295+'Non-food Shopping'!D478+'Non-food Shopping'!D661+'Non-food Shopping'!D844+'Non-food Shopping'!D1027+'Non-food Shopping'!D1210+'Non-food Shopping'!D1393+'Non-food Shopping'!D1576 -> 0 | E82: =F82/$F$4 -> 0 | F82: ='Non-food Shopping'!F112+'Non-food Shopping'!F295+'Non-food Shopping'!F478+'Non-food Shopping'!F661+'Non-food Shopping'!F844+'Non-food Shopping'!F1027+'Non-food Shopping'!F1210+'Non-food Shopping'!F1393+'Non-food Shopping'!F1576 -> 0 | G82: =H82/$H$4 -> 0 | H82: ='Non-food Shopping'!H112+'Non-food Shopping'!H295+'Non-food Shopping'!H478+'Non-food Shopping'!H661+'Non-food Shopping'!H844+'Non-food Shopping'!H1027+'Non-food Shopping'!H1210+'Non-food Shopping'!H1393+'Non-food Shopping'!H1576 -> 0 | I82: =J82/$J$4 -> 0 | J82: ='Non-food Shopping'!J112+'Non-food Shopping'!J295+'Non-food Shopping'!J478+'Non-food Shopping'!J661+'Non-food Shopping'!J844+'Non-food Shopping'!J1027+'Non-food Shopping'!J1210+'Non-food Shopping'!J1393+'Non-food Shopping'!J1576 -> 0 | K82: =L82/$L$4 -> 0.0009680905 | L82: ='Non-food Shopping'!L112+'Non-food Shopping'!L295+'Non-food Shopping'!L478+'Non-food Shopping'!L661+'Non-food Shopping'!L844+'Non-food Shopping'!L1027+'Non-food Shopping'!L1210+'Non-food Shopping'!L1393+'Non-food Shopping'!L1576 -> 0.070854016 | M82: =N82/$N$4 -> 0.00018420224 | N82: =D82+F82+H82+J82+L82 -> 0.070854016
B83: Co-op, Queen Street, Arundel, BN18 9JG (ZONE 4) | C83: =D83/$D$4 -> 0.0028530386 | D83: ='Non-food Shopping'!D113+'Non-food Shopping'!D296+'Non-food Shopping'!D479+'Non-food Shopping'!D662+'Non-food Shopping'!D845+'Non-food Shopping'!D1028+'Non-food Shopping'!D1211+'Non-food Shopping'!D1394+'Non-food Shopping'!D1577 -> 0.16425546 | E83: =F83/$F$4 -> 0 | F83: ='Non-food Shopping'!F113+'Non-food Shopping'!F296+'Non-food Shopping'!F479+'Non-food Shopping'!F662+'Non-food Shopping'!F845+'Non-food Shopping'!F1028+'Non-food Shopping'!F1211+'Non-food Shopping'!F1394+'Non-food Shopping'!F1577 -> 0 | G83: =H83/$H$4 -> 0 | H83: ='Non-food Shopping'!H113+'Non-food Shopping'!H296+'Non-food Shopping'!H479+'Non-food Shopping'!H662+'Non-food Shopping'!H845+'Non-food Shopping'!H1028+'Non-food Shopping'!H1211+'Non-food Shopping'!H1394+'Non-food Shopping'!H1577 -> 0 | I83: =J83/$J$4 -> 0 | J83: ='Non-food Shopping'!J113+'Non-food Shopping'!J296+'Non-food Shopping'!J479+'Non-food Shopping'!J662+'Non-food Shopping'!J845+'Non-food Shopping'!J1028+'Non-food Shopping'!J1211+'Non-food Shopping'!J1394+'Non-food Shopping'!J1577 -> 0 | K83: =L83/$L$4 -> 0 | L83: ='Non-food Shopping'!L113+'Non-food Shopping'!L296+'Non-food Shopping'!L479+'Non-food Shopping'!L662+'Non-food Shopping'!L845+'Non-food Shopping'!L1028+'Non-food Shopping'!L1211+'Non-food Shopping'!L1394+'Non-food Shopping'!L1577 -> 0 | M83: =N83/$N$4 -> 0.000427022 | N83: =D83+F83+H83+J83+L83 -> 0.16425546
B84: Costco Southampton, Regents Park Road, Southampton, SO15 8TA (OUTSIDE) | C84: =D84/$D$4 -> 0 | D84: ='Non-food Shopping'!D114+'Non-food Shopping'!D297+'Non-food Shopping'!D480+'Non-food Shopping'!D663+'Non-food Shopping'!D846+'Non-food Shopping'!D1029+'Non-food Shopping'!D1212+'Non-food Shopping'!D1395+'Non-food Shopping'!D1578 -> 0 | E84: =F84/$F$4 -> 0 | F84: ='Non-food Shopping'!F114+'Non-food Shopping'!F297+'Non-food Shopping'!F480+'Non-food Shopping'!F663+'Non-food Shopping'!F846+'Non-food Shopping'!F1029+'Non-food Shopping'!F1212+'Non-food Shopping'!F1395+'Non-food Shopping'!F1578 -> 0 | G84: =H84/$H$4 -> 0.0065733162 | H84: ='Non-food Shopping'!H114+'Non-food Shopping'!H297+'Non-food Shopping'!H480+'Non-food Shopping'!H663+'Non-food Shopping'!H846+'Non-food Shopping'!H1029+'Non-food Shopping'!H1212+'Non-food Shopping'!H1395+'Non-food Shopping'!H1578 -> 0.98688568 | I84: =J84/$J$4 -> 0 | J84: ='Non-food Shopping'!J114+'Non-food Shopping'!J297+'Non-food Shopping'!J480+'Non-food Shopping'!J663+'Non-food Shopping'!J846+'Non-food Shopping'!J1029+'Non-food Shopping'!J1212+'Non-food Shopping'!J1395+'Non-food Shopping'!J1578 -> 0 | K84: =L84/$L$4 -> 0 | L84: ='Non-food Shopping'!L114+'Non-food Shopping'!L297+'Non-food Shopping'!L480+'Non-food Shopping'!L663+'Non-food Shopping'!L846+'Non-food Shopping'!L1029+'Non-food Shopping'!L1212+'Non-food Shopping'!L1395+'Non-food Shopping'!L1578 -> 0 | M84: =N84/$N$4 -> 0.0025656492 | N84: =D84+F84+H84+J84+L84 -> 0.98688568
